Workbook
Name __shared_1_0_0: "[.A1]*[.G1]"
Name __shared_1_0_0: "[.H1]*[.A1]"
Name __shared_1_1_0: "[.A1]*[.G1]"
Name __shared_1_10_0: "[.A1]*[.G1]"
Name __shared_1_11_0: "[.A1]*[.G1]"
Name __shared_1_12_0: "[.A1]*[.G1]"
Name __shared_1_13_0: "[.A1]*[.G1]"
Name __shared_1_14_0: "[.A1]*[.G1]"
Name __shared_1_15_0: "[.A1]*[.G1]"
Name __shared_1_16_0: "[.A1]*[.G1]"
Name __shared_1_17_0: "[.A1]*[.G1]"
Name __shared_1_18_0: "[.A1]*[.G1]"
Name __shared_1_19_0: "[.A1]*[.G1]"
Name __shared_1_2_0: "[.A1]*[.G1]"
Name __shared_1_20_0: "[.A1]*[.G1]"
Name __shared_1_21_0: "[.A1]*[.G1]"
Name __shared_1_22_0: "[.A1]*[.G1]"
Name __shared_1_23_0: "[.A1]*[.G1]"
Name __shared_1_24_0: "[.A1]*[.G1]"
Name __shared_1_25_0: "[.A1]*[.G1]"
Name __shared_1_26_0: "[.A1]*[.G1]"
Name __shared_1_27_0: "[.A1]*[.G1]"
Name __shared_1_28_0: "[.A1]*[.G1]"
Name __shared_1_29_0: "[.A1]*[.G1]"
Name __shared_1_3_0: "[.A1]*[.G1]"
Name __shared_1_30_0: "[.A1]*[.G1]"
Name __shared_1_31_0: "[.A1]*[.G1]"
Name __shared_1_32_0: "[.A1]*[.G1]"
Name __shared_1_33_0: "[.A1]*[.G1]"
Name __shared_1_34_0: "[.A1]*[.G1]"
Name __shared_1_35_0: "[.A1]*[.G1]"
Name __shared_1_36_0: "[.A1]*[.G1]"
Name __shared_1_37_0: "[.A1]*[.G1]"
Name __shared_1_38_0: "[.A1]*[.G1]"
Name __shared_1_39_0: "[.A1]*[.G1]"
Name __shared_1_4_0: "[.A1]*[.G1]"
Name __shared_1_40_0: "[.A1]+[.B1]"
Name __shared_1_41_0: "[.A1]*[.G1]"
Name __shared_1_42_0: "[.A1]*[.G1]"
Name __shared_1_43_0: "[.A1]*[.G1]"
Name __shared_1_44_0: "[.A1]*[.G1]"
Name __shared_1_45_0: "[.A1]*[.G1]"
Name __shared_1_46_0: "[.A1]*[.G1]"
Name __shared_1_47_0: "[.A1]*[.G1]"
Name __shared_1_48_0: "[.A1]*[.G1]"
Name __shared_1_49_0: "[.A1]*[.G1]"
Name __shared_1_5_0: "[.A1]*[.G1]"
Name __shared_1_50_0: "[.A1]*[.G1]"
Name __shared_1_51_0: "[.A1]+[.B1]"
Name __shared_1_52_0: "[.A1]+[.B1]"
Name __shared_1_53_0: "[.A1]*[.G1]"
Name __shared_1_54_0: "[.A1]+[.B1]"
Name __shared_1_55_0: "[.A1]*[.G1]"
Name __shared_1_56_0: "[.A1]+[.B1]"
Name __shared_1_57_0: "[.A1]*[.G1]"
Name __shared_1_58_0: "[.A1]+[.B1]"
Name __shared_1_59_0: "[.A1]*[.G1]"
Name __shared_1_6_0: "[.A1]*[.G1]"
Name __shared_1_60_0: "[.A1]+[.B1]"
Name __shared_1_61_0: "[.A1]*[.G1]"

Sheet RESUMO
A5: OBRA: | B5: CONCLUSÃO DA CONSTRUÇÃO DO CENTRO DE ATENDIMENTO SÓCIO EDUCATIVO - CASE ITUMBIARA
A6: TABELA: | B6: SINAPI – NOVEMBRO/2020 (ONERADA)
A7: DATA: | B7: MAIO / 2021
A8: PROCESSO: | B8: 202000036012687
A10: RESUMO
A12: ITEM | B12: UNIDADE | C12: ÁREA: | D12: UND | E12: QTDE | F12: CUSTO TOTAL DA MÃO DE OBRA | G12: CUSTO TOTAL DO MATERIAL | H12: CUSTO TOTAL DO ORÇAMENTO
A14: 1 | B14: UNID_ADMINISTRATIVA | C14: =INDEX(INDIRECT(B14&"!C:C"),MATCH($C$12,INDIRECT(B14&"!A:A"),0)) -> 13,35m² | D14: UN | E14: 1 | F14: =+INDEX(INDIRECT(B14&"!J:J"),MATCH($F$12,INDIRECT(B14&"!A:A"),0)) -> 142090.11 | G14: =+INDEX(INDIRECT(B14&"!J:J"),MATCH($G$12,INDIRECT(B14&"!A:A"),0)) -> 372532.95 | H14: =+INDEX(INDIRECT(B14&"!J:J"),MATCH($H$12,INDIRECT(B14&"!A:A"),0)) -> 514623.07
A16: 2 | B16: VISITA_ÍNTIMA | C16: =+INDEX(INDIRECT(B16&"!C:C"),MATCH($C$12,INDIRECT(B16&"!A:A"),0)) -> 45,04m² | D16: UN | E16: 1 | F16: =+INDEX(INDIRECT(B16&"!J:J"),MATCH($F$12,INDIRECT(B16&"!A:A"),0)) -> 22006.284 | G16: =+INDEX(INDIRECT(B16&"!J:J"),MATCH($G$12,INDIRECT(B16&"!A:A"),0)) -> 44857.4 | H16: =+INDEX(INDIRECT(B16&"!J:J"),MATCH($H$12,INDIRECT(B16&"!A:A"),0)) -> 66863.684
A18: 3 | B18: UNID_CONTROLE | C18: =+INDEX(INDIRECT(B18&"!C:C"),MATCH($C$12,INDIRECT(B18&"!A:A"),0)) -> 233,62 m² | D18: UN | E18: 1 | F18: =+INDEX(INDIRECT(B18&"!J:J"),MATCH($F$12,INDIRECT(B18&"!A:A"),0)) -> 68565.59 | G18: =+INDEX(INDIRECT(B18&"!J:J"),MATCH($G$12,INDIRECT(B18&"!A:A"),0)) -> 147484.13 | H18: =+INDEX(INDIRECT(B18&"!J:J"),MATCH($H$12,INDIRECT(B18&"!A:A"),0)) -> 216049.72
A20: 5 | B20: COB_VISITANTES | C20: =+INDEX(INDIRECT(B20&"!C:C"),MATCH($C$12,INDIRECT(B20&"!A:A"),0)) -> 90,00m² | D20: UN | E20: 1 | F20: =+INDEX(INDIRECT(B20&"!J:J"),MATCH($F$12,INDIRECT(B20&"!A:A"),0)) -> 11884.284 | G20: =+INDEX(INDIRECT(B20&"!J:J"),MATCH($G$12,INDIRECT(B20&"!A:A"),0)) -> 21929.89 | H20: =+INDEX(INDIRECT(B20&"!J:J"),MATCH($H$12,INDIRECT(B20&"!A:A"),0)) -> 33814.175
A22: 6 | B22: GUARITA | C22: =+INDEX(INDIRECT(B22&"!C:C"),MATCH($C$12,INDIRECT(B22&"!A:A"),0)) -> 13,35m² | D22: UN | E22: 1 | F22: =+INDEX(INDIRECT(B22&"!J:J"),MATCH($F$12,INDIRECT(B22&"!A:A"),0)) -> 16756.63 | G22: =+INDEX(INDIRECT(B22&"!J:J"),MATCH($G$12,INDIRECT(B22&"!A:A"),0)) -> 32544.957 | H22: =+INDEX(INDIRECT(B22&"!J:J"),MATCH($H$12,INDIRECT(B22&"!A:A"),0)) -> 49301.587
A24: 7 | B24: CASA_MOTOR_BOMBA | C24: =+INDEX(INDIRECT(B24&"!C:C"),MATCH($C$12,INDIRECT(B24&"!A:A"),0)) -> 7,48m² | D24: UN | E24: 1 | F24: =+INDEX(INDIRECT(B24&"!J:J"),MATCH($F$12,INDIRECT(B24&"!A:A"),0)) -> 4229.8635 | G24: =+INDEX(INDIRECT(B24&"!J:J"),MATCH($G$12,INDIRECT(B24&"!A:A"),0)) -> 9237.408 | H24: =+INDEX(INDIRECT(B24&"!J:J"),MATCH($H$12,INDIRECT(B24&"!A:A"),0)) -> 13467.271
A26: 8 | B26: QUADRA | C26: =+INDEX(INDIRECT(B26&"!C:C"),MATCH($C$12,INDIRECT(B26&"!A:A"),0)) -> 634,27m² | D26: UN | E26: 1 | F26: =+INDEX(INDIRECT(B26&"!J:J"),MATCH($F$12,INDIRECT(B26&"!A:A"),0)) -> 35868.981 | G26: =+INDEX(INDIRECT(B26&"!J:J"),MATCH($G$12,INDIRECT(B26&"!A:A"),0)) -> 66579.043 | H26: =+INDEX(INDIRECT(B26&"!J:J"),MATCH($H$12,INDIRECT(B26&"!A:A"),0)) -> 102448.02
A28: 9 | B28: PROTEGIDA_COMPARTILHADA | C28: =+INDEX(INDIRECT(B28&"!C:C"),MATCH($C$12,INDIRECT(B28&"!A:A"),0)) -> 1.582,91m² | D28: UN | E28: 1 | F28: =+INDEX(INDIRECT(B28&"!J:J"),MATCH($F$12,INDIRECT(B28&"!A:A"),0)) -> 297687.06 | G28: =+INDEX(INDIRECT(B28&"!J:J"),MATCH($G$12,INDIRECT(B28&"!A:A"),0)) -> 739033.35 | H28: =+INDEX(INDIRECT(B28&"!J:J"),MATCH($H$12,INDIRECT(B28&"!A:A"),0)) -> 1036720.4
A30: 10 | B30: PASSARELA | C30: =+INDEX(INDIRECT(B30&"!C:C"),MATCH($C$12,INDIRECT(B30&"!A:A"),0)) -> 59,29 m² | D30: UN | E30: 1 | F30: =+INDEX(INDIRECT(B30&"!J:J"),MATCH($F$12,INDIRECT(B30&"!A:A"),0)) -> 8790.7598 | G30: =+INDEX(INDIRECT(B30&"!J:J"),MATCH($G$12,INDIRECT(B30&"!A:A"),0)) -> 16208.397 | H30: =+INDEX(INDIRECT(B30&"!J:J"),MATCH($H$12,INDIRECT(B30&"!A:A"),0)) -> 24999.157
A32: 11 | B32: UNID_SERVIÇOS | C32: =+INDEX(INDIRECT(B32&"!C:C"),MATCH($C$12,INDIRECT(B32&"!A:A"),0)) -> 518,64m² | D32: UN | E32: 1 | F32: =+INDEX(INDIRECT(B32&"!J:J"),MATCH($F$12,INDIRECT(B32&"!A:A"),0)) -> 96045.749 | G32: =+INDEX(INDIRECT(B32&"!J:J"),MATCH($G$12,INDIRECT(B32&"!A:A"),0)) -> 276778.98 | H32: =+INDEX(INDIRECT(B32&"!J:J"),MATCH($H$12,INDIRECT(B32&"!A:A"),0)) -> 372824.73
A34: 12 | B34: CASA_GRUPO_GERADOR | C34: =+INDEX(INDIRECT(B34&"!C:C"),MATCH($C$12,INDIRECT(B34&"!A:A"),0)) -> 16,34m² | D34: UN | E34: 1 | F34: =+INDEX(INDIRECT(B34&"!J:J"),MATCH($F$12,INDIRECT(B34&"!A:A"),0)) -> 12131.895 | G34: =+INDEX(INDIRECT(B34&"!J:J"),MATCH($G$12,INDIRECT(B34&"!A:A"),0)) -> 172943.57 | H34: =+INDEX(INDIRECT(B34&"!J:J"),MATCH($H$12,INDIRECT(B34&"!A:A"),0)) -> 185075.47
A36: 12 | B36: VESTIÁRIO | C36: =+INDEX(INDIRECT(B36&"!C:C"),MATCH($C$12,INDIRECT(B36&"!A:A"),0)) -> 52,24m² | D36: UN | E36: 1 | F36: =+INDEX(INDIRECT(B36&"!J:J"),MATCH($F$12,INDIRECT(B36&"!A:A"),0)) -> 14232.73 | G36: =+INDEX(INDIRECT(B36&"!J:J"),MATCH($G$12,INDIRECT(B36&"!A:A"),0)) -> 31494.564 | H36: =+INDEX(INDIRECT(B36&"!J:J"),MATCH($H$12,INDIRECT(B36&"!A:A"),0)) -> 45727.294
A38: 13 | B38: IMPLANTAÇÃO | C38: =+INDEX(INDIRECT(B38&"!C:C"),MATCH($C$12,INDIRECT(B38&"!A:A"),0)) -> 39.345,81m² | D38: UN | E38: 1 | F38: =+INDEX(INDIRECT(B38&"!J:J"),MATCH($F$12,INDIRECT(B38&"!A:A"),0)) -> 948495.23 | G38: =+INDEX(INDIRECT(B38&"!J:J"),MATCH($G$12,INDIRECT(B38&"!A:A"),0)) -> 2145732.9 | H38: =+INDEX(INDIRECT(B38&"!J:J"),MATCH($H$12,INDIRECT(B38&"!A:A"),0)) -> 3094228.2
A40: 14 | B40: GALPÃO | C40: =+INDEX(INDIRECT(B40&"!C:C"),MATCH($C$12,INDIRECT(B40&"!A:A"),0)) -> 743,43m² | D40: UN | E40: 1 | F40: =+INDEX(INDIRECT(B40&"!J:J"),MATCH($F$12,INDIRECT(B40&"!A:A"),0)) -> 58037.601 | G40: =+INDEX(INDIRECT(B40&"!J:J"),MATCH($G$12,INDIRECT(B40&"!A:A"),0)) -> 170208.23 | H40: =+INDEX(INDIRECT(B40&"!J:J"),MATCH($H$12,INDIRECT(B40&"!A:A"),0)) -> 228245.83
A43: CUSTO TOTAL | F43: =F40+F38+F36+F34+F32+F30+F28+F26+F24+F22+F20+F18+F16+F14 -> 1736822.8 | G43: =G40+G38+G36+G34+G32+G30+G28+G26+G24+G22+G20+G18+G16+G14 -> 4247565.8 | H43: =H40+H38+H36+H34+H32+H30+H28+H26+H24+H22+H20+H18+H16+H14 -> 5984388.6
B45: ITENS DE MERO FORNECIMENTO (MATERIAIS E EQUIPAMENTOS PARA BDI REDUZIDO)
B46: GRUPO MOTOR GERADOR 200KVA 380V COM REDUTOR DE RUIDO MÍNIMO DE 75 dB E QUADRO DE TRANSFERÊNCIA AUTOMÁTICA | E46: 1 | G46: =+CASA_GRUPO_GERADOR!G73 -> 131840 | H46: =E46*G46 -> 131840
B47: TRANSPORTE COMERCIAL DE MATERIAL BETUMINOSO | E47: 1 | G47: =+IMPLANTAÇÃO!J31 -> 3653.7785 | H47: =E47*G47 -> 3653.7785
B48: FORNECIMENTO DE CM-30 | E48: 1 | G48: =+IMPLANTAÇÃO!J32 -> 38299.907 | H48: =E48*G48 -> 38299.907
B49: FORNECIMENTO DE EMULSÃO RR-2C | E49: 1 | G49: =+IMPLANTAÇÃO!J34 -> 42426.305 | H49: =E49*G49 -> 42426.305
B50: CUSTO DE FORNECIMENTO DE MATERIAIS E EQUIPAMENTOS | H50: =SUM(H46:H49) -> 216219.99
A52: CUSTO TOTAL DE MATERIAIS E SERVIÇOS | H52: =+H43-H50 -> 5768168.6
A53: BDI REDUZIDO (13,51%): | H53: =H50*0.1351 -> 29211.321
A54: BDI PARA OBRA E SERVIÇOS (18,32%): | H54: =H52*0.1832 -> 1056728.5
A55: BDI TOTAL: | H55: =SUM(H53:H54) -> 1085939.8
A56: TOTAL GERAL: | H56: =+H55+H43 -> 7070328.4

Sheet UNID_ADMINISTRATIVA
A4: OBRA: | C4: =+RESUMO!B5 -> CONCLUSÃO DA CONSTRUÇÃO DO CENTRO DE ATENDIMENTO SÓCIO EDUCATIVO - CASE ITUMBIARA
A5: TABELA: | C5: =+RESUMO!B6 -> SINAPI – NOVEMBRO/2020 (ONERADA)
A6: DATA: | C6: =+RESUMO!B7 -> MAIO / 2021
A7: PROCESSO: | C7: 2.0200004e+18
A8: BLOCO: | C8: ADMINISTRATIVA
A9: ÁREA: | C9: 13,35m²
A11: TABELA | B11: CÓDIGO | C11: SERVIÇO | D11: UND | E11: QTDE | F11: M.OBRA | G11: MATERIAL | H11: EQUIP | I11: C. UNIT. (R$) | J11: C. TOTAL (R$)
B13: 164 | C13: SERVIÇOS PRELIMINARES
A14: COMPOS | B14: 37 | C14: =(IF($A14="SINAPI",INDEX(SINAPI_NOV2020_NDES!$A$7:$H$6703,MATCH($B14,SINAPI_NOV2020_NDES!$A$7:$A$6703,0),2),IF($A14="GOINFRA",INDEX(#REF!,MATCH($B14,#REF!,0),2),(INDEX(COMPOS!$A$4:$G$390,MATCH($B14,COMPOS!$A$4:A$390,0),2))))) -> LOCAÇÃO DE PRAÇA, QUADRA, IMPLANTAÇÃO UTILIZANDO CAVALETE, INCLUSIVE PIQUET COM TESTEMUNHA | D14: =(IF($A14="SINAPI",INDEX(SINAPI_NOV2020_NDES!$A$7:$H$6703,MATCH($B14,SINAPI_NOV2020_NDES!$A$7:$A$6703,0),3),IF($A14="GOINFRA",INDEX(#REF!,MATCH($B14,#REF!,0),3),(INDEX(COMPOS!$A$4:$G$39000,MATCH($B14,COMPOS!$A$4:A$39000,0),3))))) -> M2 | E14: =47.66*2 -> 95.32 | F14: =(IF($A14="SINAPI",INDEX(SINAPI_NOV2020_NDES!$A$7:$H$6703,MATCH($B14,SINAPI_NOV2020_NDES!$A$7:$A$6703,0),5),(INDEX(COMPOS!$A$4:$G$801,MATCH($B14,COMPOS!$A$4:A$801,0),4)))) -> 2.117407 | G14: =(IF($A14="SINAPI",INDEX(SINAPI_NOV2020_NDES!$A$7:$H$6703,MATCH($B14,SINAPI_NOV2020_NDES!$A$7:$A$6703,0),6),(INDEX(COMPOS!$A$4:$G$801,MATCH($B14,COMPOS!$A$4:A$801,0),5)))) -> 0.205516 | H14: =(IF($A14="SINAPI",INDEX(SINAPI_NOV2020_NDES!$A$7:$H$6703,MATCH($B14,SINAPI_NOV2020_NDES!$A$7:$A$6703,0),7),(INDEX(COMPOS!$A$4:$G$801,MATCH($B14,COMPOS!$A$4:A$801,0),6)))) -> 0 | I14: =SUM(F14:H14) -> 2.322923 | J14: =+I14*E14 -> 221.42102
A15: COMPOS | B15: 450 | C15: =(IF($A15="SINAPI",INDEX(SINAPI_NOV2020_NDES!$A$7:$H$6703,MATCH($B15,SINAPI_NOV2020_NDES!$A$7:$A$6703,0),2),IF($A15="GOINFRA",INDEX(#REF!,MATCH($B15,#REF!,0),2),(INDEX(COMPOS!$A$4:$G$3900,MATCH($B15,COMPOS!$A$4:A$3900,0),2))))) -> TRANSPORTE DE ENTULHO EM CAÇAMBA ESTACIONÁRIA INCLUSO A CARGA MANUAL | D15: =(IF($A15="SINAPI",INDEX(SINAPI_NOV2020_NDES!$A$7:$H$6703,MATCH($B15,SINAPI_NOV2020_NDES!$A$7:$A$6703,0),3),IF($A15="GOINFRA",INDEX(#REF!,MATCH($B15,#REF!,0),3),(INDEX(COMPOS!$A$4:$G$39000,MATCH($B15,COMPOS!$A$4:A$39000,0),3))))) -> M3 | E15: =890.11*0.07*0.5 -> 31.15385 | F15: =(IF($A15="SINAPI",INDEX(SINAPI_NOV2020_NDES!$A$7:$H$6703,MATCH($B15,SINAPI_NOV2020_NDES!$A$7:$A$6703,0),5),(INDEX(COMPOS!$A$4:$G$801,MATCH($B15,COMPOS!$A$4:A$801,0),4)))) -> 10.8792 | G15: =(IF($A15="SINAPI",INDEX(SINAPI_NOV2020_NDES!$A$7:$H$6703,MATCH($B15,SINAPI_NOV2020_NDES!$A$7:$A$6703,0),6),(INDEX(COMPOS!$A$4:$G$801,MATCH($B15,COMPOS!$A$4:A$801,0),5)))) -> 50.39 | H15: =(IF($A15="SINAPI",INDEX(SINAPI_NOV2020_NDES!$A$7:$H$6703,MATCH($B15,SINAPI_NOV2020_NDES!$A$7:$A$6703,0),7),(INDEX(COMPOS!$A$4:$G$801,MATCH($B15,COMPOS!$A$4:A$801,0),6)))) -> 0 | I15: =SUM(F15:H15) -> 61.2692 | J15: =+I15*E15 -> 1908.7715
A16: SUB-TOTAL | J16: =SUM(J14:J15) -> 2130.1925
B17: 166 | C17: SERVIÇO EM TERRA
A18: COMPOS | B18: 305 | C18: =(IF($A18="SINAPI",INDEX(SINAPI_NOV2020_NDES!$A$7:$H$6703,MATCH($B18,SINAPI_NOV2020_NDES!$A$7:$A$6703,0),2),IF($A18="GOINFRA",INDEX(#REF!,MATCH($B18,#REF!,0),2),(INDEX(COMPOS!$A$4:$G$390,MATCH($B18,COMPOS!$A$4:A$390,0),2))))) -> REGULARIZAÇÃO DO TERRENO SEM APILOAMENTO COM TRANSPORTE MANUAL DE TERRA ESCAVADA | D18: =(IF($A18="SINAPI",INDEX(SINAPI_NOV2020_NDES!$A$7:$H$6703,MATCH($B18,SINAPI_NOV2020_NDES!$A$7:$A$6703,0),3),IF($A18="GOINFRA",INDEX(#REF!,MATCH($B18,#REF!,0),3),(INDEX(COMPOS!$A$4:$G$39000,MATCH($B18,COMPOS!$A$4:A$39000,0),3))))) -> M2 | E18: 248.15 | F18: =(IF($A18="SINAPI",INDEX(SINAPI_NOV2020_NDES!$A$7:$H$6703,MATCH($B18,SINAPI_NOV2020_NDES!$A$7:$A$6703,0),5),(INDEX(COMPOS!$A$4:$G$801,MATCH($B18,COMPOS!$A$4:A$801,0),4)))) -> 2.842123 | G18: =(IF($A18="SINAPI",INDEX(SINAPI_NOV2020_NDES!$A$7:$H$6703,MATCH($B18,SINAPI_NOV2020_NDES!$A$7:$A$6703,0),6),(INDEX(COMPOS!$A$4:$G$801,MATCH($B18,COMPOS!$A$4:A$801,0),5)))) -> 0 | H18: =(IF($A18="SINAPI",INDEX(SINAPI_NOV2020_NDES!$A$7:$H$6703,MATCH($B18,SINAPI_NOV2020_NDES!$A$7:$A$6703,0),7),(INDEX(COMPOS!$A$4:$G$801,MATCH($B18,COMPOS!$A$4:A$801,0),6)))) -> 0 | I18: =SUM(F18:H18) -> 2.842123 | J18: =+I18*E18 -> 705.27282
A19: COMPOS | B19: 302 | C19: =(IF($A19="SINAPI",INDEX(SINAPI_NOV2020_NDES!$A$7:$H$6703,MATCH($B19,SINAPI_NOV2020_NDES!$A$7:$A$6703,0),2),IF($A19="GOINFRA",INDEX(#REF!,MATCH($B19,#REF!,0),2),(INDEX(COMPOS!$A$4:$G$390,MATCH($B19,COMPOS!$A$4:A$390,0),2))))) -> APILOAMENTO | D19: =(IF($A19="SINAPI",INDEX(SINAPI_NOV2020_NDES!$A$7:$H$6703,MATCH($B19,SINAPI_NOV2020_NDES!$A$7:$A$6703,0),3),IF($A19="GOINFRA",INDEX(#REF!,MATCH($B19,#REF!,0),3),(INDEX(COMPOS!$A$4:$G$39000,MATCH($B19,COMPOS!$A$4:A$39000,0),3))))) -> M2 | E19: 152.83 | F19: =(IF($A19="SINAPI",INDEX(SINAPI_NOV2020_NDES!$A$7:$H$6703,MATCH($B19,SINAPI_NOV2020_NDES!$A$7:$A$6703,0),5),(INDEX(COMPOS!$A$4:$G$801,MATCH($B19,COMPOS!$A$4:A$801,0),4)))) -> 6.044 | G19: =(IF($A19="SINAPI",INDEX(SINAPI_NOV2020_NDES!$A$7:$H$6703,MATCH($B19,SINAPI_NOV2020_NDES!$A$7:$A$6703,0),6),(INDEX(COMPOS!$A$4:$G$801,MATCH($B19,COMPOS!$A$4:A$801,0),5)))) -> 0 | H19: =(IF($A19="SINAPI",INDEX(SINAPI_NOV2020_NDES!$A$7:$H$6703,MATCH($B19,SINAPI_NOV2020_NDES!$A$7:$A$6703,0),7),(INDEX(COMPOS!$A$4:$G$801,MATCH($B19,COMPOS!$A$4:A$801,0),6)))) -> 0 | I19: =SUM(F19:H19) -> 6.044 | J19: =+I19*E19 -> 923.70452
A20: SUB-TOTAL | J20: =SUM(J18:J19) -> 1628.9773
B21: 169 | C21: INST. ELÉT./TELEFÔNICA/CABEAMENTO ESTRUTURADO
A22: SINAPI | B22: 91927 | C22: =(IF($A22="SINAPI",INDEX(SINAPI_NOV2020_NDES!$A$7:$H$6703,MATCH($B22,SINAPI_NOV2020_NDES!$A$7:$A$6703,0),2),IF($A22="GOINFRA",INDEX(#REF!,MATCH($B22,#REF!,0),2),(INDEX(COMPOS!$A$4:$G$390,MATCH($B22,COMPOS!$A$4:A$390,0),2))))) -> CABO DE COBRE FLEXÍVEL ISOLADO, 2,5 MM², ANTI-CHAMA 0,6/1,0 KV, PARA CIRCUITOS TERMINAIS - FORNECIMENTO E INSTALAÇÃO. AF_12/2015 | D22: =(IF($A22="SINAPI",INDEX(SINAPI_NOV2020_NDES!$A$7:$H$6703,MATCH($B22,SINAPI_NOV2020_NDES!$A$7:$A$6703,0),3),IF($A22="GOINFRA",INDEX(#REF!,MATCH($B22,#REF!,0),3),(INDEX(COMPOS!$A$4:$G$39000,MATCH($B22,COMPOS!$A$4:A$39000,0),3))))) -> M | E22: 5188.73 | F22: =(IF($A22="SINAPI",INDEX(SINAPI_NOV2020_NDES!$A$7:$H$6703,MATCH($B22,SINAPI_NOV2020_NDES!$A$7:$A$6703,0),5),(INDEX(COMPOS!$A$4:$G$801,MATCH($B22,COMPOS!$A$4:A$801,0),4)))) -> 0.88 | G22: =(IF($A22="SINAPI",INDEX(SINAPI_NOV2020_NDES!$A$7:$H$6703,MATCH($B22,SINAPI_NOV2020_NDES!$A$7:$A$6703,0),6),(INDEX(COMPOS!$A$4:$G$801,MATCH($B22,COMPOS!$A$4:A$801,0),5)))) -> 2.68 | H22: =(IF($A22="SINAPI",INDEX(SINAPI_NOV2020_NDES!$A$7:$H$6703,MATCH($B22,SINAPI_NOV2020_NDES!$A$7:$A$6703,0),7),(INDEX(COMPOS!$A$4:$G$801,MATCH($B22,COMPOS!$A$4:A$801,0),6)))) -> 0 | I22: =SUM(F22:H22) -> 3.56 | J22: =+I22*E22 -> 18471.879
A23: SINAPI | B23: 91929 | C23: =(IF($A23="SINAPI",INDEX(SINAPI_NOV2020_NDES!$A$7:$H$6703,MATCH($B23,SINAPI_NOV2020_NDES!$A$7:$A$6703,0),2),IF($A23="GOINFRA",INDEX(#REF!,MATCH($B23,#REF!,0),2),(INDEX(COMPOS!$A$4:$G$390,MATCH($B23,COMPOS!$A$4:A$390,0),2))))) -> CABO DE COBRE FLEXÍVEL ISOLADO, 4 MM², ANTI-CHAMA 0,6/1,0 KV, PARA CIRCUITOS TERMINAIS - FORNECIMENTO E INSTALAÇÃO. AF_12/2015 | D23: =(IF($A23="SINAPI",INDEX(SINAPI_NOV2020_NDES!$A$7:$H$6703,MATCH($B23,SINAPI_NOV2020_NDES!$A$7:$A$6703,0),3),IF($A23="GOINFRA",INDEX(#REF!,MATCH($B23,#REF!,0),3),(INDEX(COMPOS!$A$4:$G$39000,MATCH($B23,COMPOS!$A$4:A$39000,0),3))))) -> M | E23: 130 | F23: =(IF($A23="SINAPI",INDEX(SINAPI_NOV2020_NDES!$A$7:$H$6703,MATCH($B23,SINAPI_NOV2020_NDES!$A$7:$A$6703,0),5),(INDEX(COMPOS!$A$4:$G$801,MATCH($B23,COMPOS!$A$4:A$801,0),4)))) -> 1.17 | G23: =(IF($A23="SINAPI",INDEX(SINAPI_NOV2020_NDES!$A$7:$H$6703,MATCH($B23,SINAPI_NOV2020_NDES!$A$7:$A$6703,0),6),(INDEX(COMPOS!$A$4:$G$801,MATCH($B23,COMPOS!$A$4:A$801,0),5)))) -> 3.8 | H23: =(IF($A23="SINAPI",INDEX(SINAPI_NOV2020_NDES!$A$7:$H$6703,MATCH($B23,SINAPI_NOV2020_NDES!$A$7:$A$6703,0),7),(INDEX(COMPOS!$A$4:$G$801,MATCH($B23,COMPOS!$A$4:A$801,0),6)))) -> 0 | I23: =SUM(F23:H23) -> 4.97 | J23: =+I23*E23 -> 646.1
A24: SINAPI | B24: 91933 | C24: =(IF($A24="SINAPI",INDEX(SINAPI_NOV2020_NDES!$A$7:$H$6703,MATCH($B24,SINAPI_NOV2020_NDES!$A$7:$A$6703,0),2),IF($A24="GOINFRA",INDEX(#REF!,MATCH($B24,#REF!,0),2),(INDEX(COMPOS!$A$4:$G$390,MATCH($B24,COMPOS!$A$4:A$390,0),2))))) -> CABO DE COBRE FLEXÍVEL ISOLADO, 10 MM², ANTI-CHAMA 0,6/1,0 KV, PARA CIRCUITOS TERMINAIS - FORNECIMENTO E INSTALAÇÃO. AF_12/2015 | D24: =(IF($A24="SINAPI",INDEX(SINAPI_NOV2020_NDES!$A$7:$H$6703,MATCH($B24,SINAPI_NOV2020_NDES!$A$7:$A$6703,0),3),IF($A24="GOINFRA",INDEX(#REF!,MATCH($B24,#REF!,0),3),(INDEX(COMPOS!$A$4:$G$39000,MATCH($B24,COMPOS!$A$4:A$39000,0),3))))) -> M | E24: 130 | F24: =(IF($A24="SINAPI",INDEX(SINAPI_NOV2020_NDES!$A$7:$H$6703,MATCH($B24,SINAPI_NOV2020_NDES!$A$7:$A$6703,0),5),(INDEX(COMPOS!$A$4:$G$801,MATCH($B24,COMPOS!$A$4:A$801,0),4)))) -> 2.26 | G24: =(IF($A24="SINAPI",INDEX(SINAPI_NOV2020_NDES!$A$7:$H$6703,MATCH($B24,SINAPI_NOV2020_NDES!$A$7:$A$6703,0),6),(INDEX(COMPOS!$A$4:$G$801,MATCH($B24,COMPOS!$A$4:A$801,0),5)))) -> 8.21 | H24: =(IF($A24="SINAPI",INDEX(SINAPI_NOV2020_NDES!$A$7:$H$6703,MATCH($B24,SINAPI_NOV2020_NDES!$A$7:$A$6703,0),7),(INDEX(COMPOS!$A$4:$G$801,MATCH($B24,COMPOS!$A$4:A$801,0),6)))) -> 0 | I24: =SUM(F24:H24) -> 10.47 | J24: =+I24*E24 -> 1361.1
A25: SINAPI | B25: 93018 | C25: =(IF($A25="SINAPI",INDEX(SINAPI_NOV2020_NDES!$A$7:$H$6703,MATCH($B25,SINAPI_NOV2020_NDES!$A$7:$A$6703,0),2),IF($A25="GOINFRA",INDEX(#REF!,MATCH($B25,#REF!,0),2),(INDEX(COMPOS!$A$4:$G$390,MATCH($B25,COMPOS!$A$4:A$390,0),2))))) -> CURVA 90 GRAUS PARA ELETRODUTO, PVC, ROSCÁVEL, DN 50 MM (1 1/2") - FORNECIMENTO E INSTALAÇÃO. AF_12/2015 | D25: =(IF($A25="SINAPI",INDEX(SINAPI_NOV2020_NDES!$A$7:$H$6703,MATCH($B25,SINAPI_NOV2020_NDES!$A$7:$A$6703,0),3),IF($A25="GOINFRA",INDEX(#REF!,MATCH($B25,#REF!,0),3),(INDEX(COMPOS!$A$4:$G$39000,MATCH($B25,COMPOS!$A$4:A$39000,0),3))))) -> UN | E25: 6 | F25: =(IF($A25="SINAPI",INDEX(SINAPI_NOV2020_NDES!$A$7:$H$6703,MATCH($B25,SINAPI_NOV2020_NDES!$A$7:$A$6703,0),5),(INDEX(COMPOS!$A$4:$G$801,MATCH($B25,COMPOS!$A$4:A$801,0),4)))) -> 9.93 | G25: =(IF($A25="SINAPI",INDEX(SINAPI_NOV2020_NDES!$A$7:$H$6703,MATCH($B25,SINAPI_NOV2020_NDES!$A$7:$A$6703,0),6),(INDEX(COMPOS!$A$4:$G$801,MATCH($B25,COMPOS!$A$4:A$801,0),5)))) -> 5.55 | H25: =(IF($A25="SINAPI",INDEX(SINAPI_NOV2020_NDES!$A$7:$H$6703,MATCH($B25,SINAPI_NOV2020_NDES!$A$7:$A$6703,0),7),(INDEX(COMPOS!$A$4:$G$801,MATCH($B25,COMPOS!$A$4:A$801,0),6)))) -> 0 | I25: =SUM(F25:H25) -> 15.48 | J25: =+I25*E25 -> 92.88
A26: SINAPI | B26: 93657 | C26: =(IF($A26="SINAPI",INDEX(SINAPI_NOV2020_NDES!$A$7:$H$6703,MATCH($B26,SINAPI_NOV2020_NDES!$A$7:$A$6703,0),2),IF($A26="GOINFRA",INDEX(#REF!,MATCH($B26,#REF!,0),2),(INDEX(COMPOS!$A$4:$G$390,MATCH($B26,COMPOS!$A$4:A$390,0),2))))) -> DISJUNTOR MONOPOLAR TIPO DIN, CORRENTE NOMINAL DE 32A - FORNECIMENTO E INSTALAÇÃO. AF_10/2020 | D26: =(IF($A26="SINAPI",INDEX(SINAPI_NOV2020_NDES!$A$7:$H$6703,MATCH($B26,SINAPI_NOV2020_NDES!$A$7:$A$6703,0),3),IF($A26="GOINFRA",INDEX(#REF!,MATCH($B26,#REF!,0),3),(INDEX(COMPOS!$A$4:$G$39000,MATCH($B26,COMPOS!$A$4:A$39000,0),3))))) -> UN | E26: 39 | F26: =(IF($A26="SINAPI",INDEX(SINAPI_NOV2020_NDES!$A$7:$H$6703,MATCH($B26,SINAPI_NOV2020_NDES!$A$7:$A$6703,0),5),(INDEX(COMPOS!$A$4:$G$801,MATCH($B26,COMPOS!$A$4:A$801,0),4)))) -> 2.67 | G26: =(IF($A26="SINAPI",INDEX(SINAPI_NOV2020_NDES!$A$7:$H$6703,MATCH($B26,SINAPI_NOV2020_NDES!$A$7:$A$6703,0),6),(INDEX(COMPOS!$A$4:$G$801,MATCH($B26,COMPOS!$A$4:A$801,0),5)))) -> 10.13 | H26: =(IF($A26="SINAPI",INDEX(SINAPI_NOV2020_NDES!$A$7:$H$6703,MATCH($B26,SINAPI_NOV2020_NDES!$A$7:$A$6703,0),7),(INDEX(COMPOS!$A$4:$G$801,MATCH($B26,COMPOS!$A$4:A$801,0),6)))) -> 0 | I26: =SUM(F26:H26) -> 12.8 | J26: =+I26*E26 -> 499.2
A27: SINAPI | B27: 93671 | C27: =(IF($A27="SINAPI",INDEX(SINAPI_NOV2020_NDES!$A$7:$H$6703,MATCH($B27,SINAPI_NOV2020_NDES!$A$7:$A$6703,0),2),IF($A27="GOINFRA",INDEX(#REF!,MATCH($B27,#REF!,0),2),(INDEX(COMPOS!$A$4:$G$390,MATCH($B27,COMPOS!$A$4:A$390,0),2))))) -> DISJUNTOR TRIPOLAR TIPO DIN, CORRENTE NOMINAL DE 32A - FORNECIMENTO E INSTALAÇÃO. AF_10/2020 | D27: =(IF($A27="SINAPI",INDEX(SINAPI_NOV2020_NDES!$A$7:$H$6703,MATCH($B27,SINAPI_NOV2020_NDES!$A$7:$A$6703,0),3),IF($A27="GOINFRA",INDEX(#REF!,MATCH($B27,#REF!,0),3),(INDEX(COMPOS!$A$4:$G$39000,MATCH($B27,COMPOS!$A$4:A$39000,0),3))))) -> UN | E27: 2 | F27: =(IF($A27="SINAPI",INDEX(SINAPI_NOV2020_NDES!$A$7:$H$6703,MATCH($B27,SINAPI_NOV2020_NDES!$A$7:$A$6703,0),5),(INDEX(COMPOS!$A$4:$G$801,MATCH($B27,COMPOS!$A$4:A$801,0),4)))) -> 8.04 | G27: =(IF($A27="SINAPI",INDEX(SINAPI_NOV2020_NDES!$A$7:$H$6703,MATCH($B27,SINAPI_NOV2020_NDES!$A$7:$A$6703,0),6),(INDEX(COMPOS!$A$4:$G$801,MATCH($B27,COMPOS!$A$4:A$801,0),5)))) -> 64.25 | H27: =(IF($A27="SINAPI",INDEX(SINAPI_NOV2020_NDES!$A$7:$H$6703,MATCH($B27,SINAPI_NOV2020_NDES!$A$7:$A$6703,0),7),(INDEX(COMPOS!$A$4:$G$801,MATCH($B27,COMPOS!$A$4:A$801,0),6)))) -> 0 | I27: =SUM(F27:H27) -> 72.29 | J27: =+I27*E27 -> 144.58
A28: SINAPI | B28: 101895 | C28: =(IF($A28="SINAPI",INDEX(SINAPI_NOV2020_NDES!$A$7:$H$6703,MATCH($B28,SINAPI_NOV2020_NDES!$A$7:$A$6703,0),2),IF($A28="GOINFRA",INDEX(#REF!,MATCH($B28,#REF!,0),2),(INDEX(COMPOS!$A$4:$G$390,MATCH($B28,COMPOS!$A$4:A$390,0),2))))) -> DISJUNTOR TERMOMAGNÉTICO TRIPOLAR , CORRENTE NOMINAL DE 125A - FORNECIMENTO E INSTALAÇÃO. AF_10/2020 | D28: =(IF($A28="SINAPI",INDEX(SINAPI_NOV2020_NDES!$A$7:$H$6703,MATCH($B28,SINAPI_NOV2020_NDES!$A$7:$A$6703,0),3),IF($A28="GOINFRA",INDEX(#REF!,MATCH($B28,#REF!,0),3),(INDEX(COMPOS!$A$4:$G$39000,MATCH($B28,COMPOS!$A$4:A$39000,0),3))))) -> UN | E28: 1 | F28: =(IF($A28="SINAPI",INDEX(SINAPI_NOV2020_NDES!$A$7:$H$6703,MATCH($B28,SINAPI_NOV2020_NDES!$A$7:$A$6703,0),5),(INDEX(COMPOS!$A$4:$G$801,MATCH($B28,COMPOS!$A$4:A$801,0),4)))) -> 38.98 | G28: =(IF($A28="SINAPI",INDEX(SINAPI_NOV2020_NDES!$A$7:$H$6703,MATCH($B28,SINAPI_NOV2020_NDES!$A$7:$A$6703,0),6),(INDEX(COMPOS!$A$4:$G$801,MATCH($B28,COMPOS!$A$4:A$801,0),5)))) -> 343.7 | H28: =(IF($A28="SINAPI",INDEX(SINAPI_NOV2020_NDES!$A$7:$H$6703,MATCH($B28,SINAPI_NOV2020_NDES!$A$7:$A$6703,0),7),(INDEX(COMPOS!$A$4:$G$801,MATCH($B28,COMPOS!$A$4:A$801,0),6)))) -> 0 | I28: =SUM(F28:H28) -> 382.68 | J28: =+I28*E28 -> 382.68
A29: SINAPI | B29: 96985 | C29: =(IF($A29="SINAPI",INDEX(SINAPI_NOV2020_NDES!$A$7:$H$6703,MATCH($B29,SINAPI_NOV2020_NDES!$A$7:$A$6703,0),2),IF($A29="GOINFRA",INDEX(#REF!,MATCH($B29,#REF!,0),2),(INDEX(COMPOS!$A$4:$G$390,MATCH($B29,COMPOS!$A$4:A$390,0),2))))) -> HASTE DE ATERRAMENTO 5/8 PARA SPDA - FORNECIMENTO E INSTALAÇÃO. AF_12/2017 | D29: =(IF($A29="SINAPI",INDEX(SINAPI_NOV2020_NDES!$A$7:$H$6703,MATCH($B29,SINAPI_NOV2020_NDES!$A$7:$A$6703,0),3),IF($A29="GOINFRA",INDEX(#REF!,MATCH($B29,#REF!,0),3),(INDEX(COMPOS!$A$4:$G$39000,MATCH($B29,COMPOS!$A$4:A$39000,0),3))))) -> UN | E29: 4 | F29: =(IF($A29="SINAPI",INDEX(SINAPI_NOV2020_NDES!$A$7:$H$6703,MATCH($B29,SINAPI_NOV2020_NDES!$A$7:$A$6703,0),5),(INDEX(COMPOS!$A$4:$G$801,MATCH($B29,COMPOS!$A$4:A$801,0),4)))) -> 7.44 | G29: =(IF($A29="SINAPI",INDEX(SINAPI_NOV2020_NDES!$A$7:$H$6703,MATCH($B29,SINAPI_NOV2020_NDES!$A$7:$A$6703,0),6),(INDEX(COMPOS!$A$4:$G$801,MATCH($B29,COMPOS!$A$4:A$801,0),5)))) -> 38.17 | H29: =(IF($A29="SINAPI",INDEX(SINAPI_NOV2020_NDES!$A$7:$H$6703,MATCH($B29,SINAPI_NOV2020_NDES!$A$7:$A$6703,0),7),(INDEX(COMPOS!$A$4:$G$801,MATCH($B29,COMPOS!$A$4:A$801,0),6)))) -> 0 | I29: =SUM(F29:H29) -> 45.61 | J29: =+I29*E29 -> 182.44
A30: SINAPI | B30: 91979 | C30: =(IF($A30="SINAPI",INDEX(SINAPI_NOV2020_NDES!$A$7:$H$6703,MATCH($B30,SINAPI_NOV2020_NDES!$A$7:$A$6703,0),2),IF($A30="GOINFRA",INDEX(#REF!,MATCH($B30,#REF!,0),2),(INDEX(COMPOS!$A$4:$G$390,MATCH($B30,COMPOS!$A$4:A$390,0),2))))) -> INTERRUPTOR INTERMEDIÁRIO (1 MÓDULO), 10A/250V, INCLUINDO SUPORTE E PLACA - FORNECIMENTO E INSTALAÇÃO. AF_09/2017 | D30: =(IF($A30="SINAPI",INDEX(SINAPI_NOV2020_NDES!$A$7:$H$6703,MATCH($B30,SINAPI_NOV2020_NDES!$A$7:$A$6703,0),3),IF($A30="GOINFRA",INDEX(#REF!,MATCH($B30,#REF!,0),3),(INDEX(COMPOS!$A$4:$G$39000,MATCH($B30,COMPOS!$A$4:A$39000,0),3))))) -> UN | E30: 3 | F30: =(IF($A30="SINAPI",INDEX(SINAPI_NOV2020_NDES!$A$7:$H$6703,MATCH($B30,SINAPI_NOV2020_NDES!$A$7:$A$6703,0),5),(INDEX(COMPOS!$A$4:$G$801,MATCH($B30,COMPOS!$A$4:A$801,0),4)))) -> 13.65 | G30: =(IF($A30="SINAPI",INDEX(SINAPI_NOV2020_NDES!$A$7:$H$6703,MATCH($B30,SINAPI_NOV2020_NDES!$A$7:$A$6703,0),6),(INDEX(COMPOS!$A$4:$G$801,MATCH($B30,COMPOS!$A$4:A$801,0),5)))) -> 18.33 | H30: =(IF($A30="SINAPI",INDEX(SINAPI_NOV2020_NDES!$A$7:$H$6703,MATCH($B30,SINAPI_NOV2020_NDES!$A$7:$A$6703,0),7),(INDEX(COMPOS!$A$4:$G$801,MATCH($B30,COMPOS!$A$4:A$801,0),6)))) -> 0 | I30: =SUM(F30:H30) -> 31.98 | J30: =+I30*E30 -> 95.94
A31: SINAPI | B31: 91955 | C31: =(IF($A31="SINAPI",INDEX(SINAPI_NOV2020_NDES!$A$7:$H$6703,MATCH($B31,SINAPI_NOV2020_NDES!$A$7:$A$6703,0),2),IF($A31="GOINFRA",INDEX(#REF!,MATCH($B31,#REF!,0),2),(INDEX(COMPOS!$A$4:$G$390,MATCH($B31,COMPOS!$A$4:A$390,0),2))))) -> INTERRUPTOR PARALELO (1 MÓDULO), 10A/250V, INCLUINDO SUPORTE E PLACA - FORNECIMENTO E INSTALAÇÃO. AF_12/2015 | D31: =(IF($A31="SINAPI",INDEX(SINAPI_NOV2020_NDES!$A$7:$H$6703,MATCH($B31,SINAPI_NOV2020_NDES!$A$7:$A$6703,0),3),IF($A31="GOINFRA",INDEX(#REF!,MATCH($B31,#REF!,0),3),(INDEX(COMPOS!$A$4:$G$39000,MATCH($B31,COMPOS!$A$4:A$39000,0),3))))) -> UN | E31: 5 | F31: =(IF($A31="SINAPI",INDEX(SINAPI_NOV2020_NDES!$A$7:$H$6703,MATCH($B31,SINAPI_NOV2020_NDES!$A$7:$A$6703,0),5),(INDEX(COMPOS!$A$4:$G$801,MATCH($B31,COMPOS!$A$4:A$801,0),4)))) -> 11.24 | G31: =(IF($A31="SINAPI",INDEX(SINAPI_NOV2020_NDES!$A$7:$H$6703,MATCH($B31,SINAPI_NOV2020_NDES!$A$7:$A$6703,0),6),(INDEX(COMPOS!$A$4:$G$801,MATCH($B31,COMPOS!$A$4:A$801,0),5)))) -> 11.47 | H31: =(IF($A31="SINAPI",INDEX(SINAPI_NOV2020_NDES!$A$7:$H$6703,MATCH($B31,SINAPI_NOV2020_NDES!$A$7:$A$6703,0),7),(INDEX(COMPOS!$A$4:$G$801,MATCH($B31,COMPOS!$A$4:A$801,0),6)))) -> 0 | I31: =SUM(F31:H31) -> 22.71 | J31: =+I31*E31 -> 113.55
A32: SINAPI | B32: 91961 | C32: =(IF($A32="SINAPI",INDEX(SINAPI_NOV2020_NDES!$A$7:$H$6703,MATCH($B32,SINAPI_NOV2020_NDES!$A$7:$A$6703,0),2),IF($A32="GOINFRA",INDEX(#REF!,MATCH($B32,#REF!,0),2),(INDEX(COMPOS!$A$4:$G$390,MATCH($B32,COMPOS!$A$4:A$390,0),2))))) -> INTERRUPTOR PARALELO (2 MÓDULOS), 10A/250V, INCLUINDO SUPORTE E PLACA - FORNECIMENTO E INSTALAÇÃO. AF_12/2015 | D32: =(IF($A32="SINAPI",INDEX(SINAPI_NOV2020_NDES!$A$7:$H$6703,MATCH($B32,SINAPI_NOV2020_NDES!$A$7:$A$6703,0),3),IF($A32="GOINFRA",INDEX(#REF!,MATCH($B32,#REF!,0),3),(INDEX(COMPOS!$A$4:$G$39000,MATCH($B32,COMPOS!$A$4:A$39000,0),3))))) -> UN | E32: 16 | F32: =(IF($A32="SINAPI",INDEX(SINAPI_NOV2020_NDES!$A$7:$H$6703,MATCH($B32,SINAPI_NOV2020_NDES!$A$7:$A$6703,0),5),(INDEX(COMPOS!$A$4:$G$801,MATCH($B32,COMPOS!$A$4:A$801,0),4)))) -> 18.52 | G32: =(IF($A32="SINAPI",INDEX(SINAPI_NOV2020_NDES!$A$7:$H$6703,MATCH($B32,SINAPI_NOV2020_NDES!$A$7:$A$6703,0),6),(INDEX(COMPOS!$A$4:$G$801,MATCH($B32,COMPOS!$A$4:A$801,0),5)))) -> 19.16 | H32: =(IF($A32="SINAPI",INDEX(SINAPI_NOV2020_NDES!$A$7:$H$6703,MATCH($B32,SINAPI_NOV2020_NDES!$A$7:$A$6703,0),7),(INDEX(COMPOS!$A$4:$G$801,MATCH($B32,COMPOS!$A$4:A$801,0),6)))) -> 0 | I32: =SUM(F32:H32) -> 37.68 | J32: =+I32*E32 -> 602.88
A33: SINAPI | B33: 91953 | C33: =(IF($A33="SINAPI",INDEX(SINAPI_NOV2020_NDES!$A$7:$H$6703,MATCH($B33,SINAPI_NOV2020_NDES!$A$7:$A$6703,0),2),IF($A33="GOINFRA",INDEX(#REF!,MATCH($B33,#REF!,0),2),(INDEX(COMPOS!$A$4:$G$390,MATCH($B33,COMPOS!$A$4:A$390,0),2))))) -> INTERRUPTOR SIMPLES (1 MÓDULO), 10A/250V, INCLUINDO SUPORTE E PLACA - FORNECIMENTO E INSTALAÇÃO. AF_12/2015 | D33: =(IF($A33="SINAPI",INDEX(SINAPI_NOV2020_NDES!$A$7:$H$6703,MATCH($B33,SINAPI_NOV2020_NDES!$A$7:$A$6703,0),3),IF($A33="GOINFRA",INDEX(#REF!,MATCH($B33,#REF!,0),3),(INDEX(COMPOS!$A$4:$G$39000,MATCH($B33,COMPOS!$A$4:A$39000,0),3))))) -> UN | E33: 19 | F33: =(IF($A33="SINAPI",INDEX(SINAPI_NOV2020_NDES!$A$7:$H$6703,MATCH($B33,SINAPI_NOV2020_NDES!$A$7:$A$6703,0),5),(INDEX(COMPOS!$A$4:$G$801,MATCH($B33,COMPOS!$A$4:A$801,0),4)))) -> 8.79 | G33: =(IF($A33="SINAPI",INDEX(SINAPI_NOV2020_NDES!$A$7:$H$6703,MATCH($B33,SINAPI_NOV2020_NDES!$A$7:$A$6703,0),6),(INDEX(COMPOS!$A$4:$G$801,MATCH($B33,COMPOS!$A$4:A$801,0),5)))) -> 9.45 | H33: =(IF($A33="SINAPI",INDEX(SINAPI_NOV2020_NDES!$A$7:$H$6703,MATCH($B33,SINAPI_NOV2020_NDES!$A$7:$A$6703,0),7),(INDEX(COMPOS!$A$4:$G$801,MATCH($B33,COMPOS!$A$4:A$801,0),6)))) -> 0 | I33: =SUM(F33:H33) -> 18.24 | J33: =+I33*E33 -> 346.56
... A49: COMPOS | B49: 760 | C49: =(IF($A49="SINAPI",INDEX(SINAPI_NOV2020_NDES!$A$7:$H$6703,MATCH($B49,SINAPI_NOV2020_NDES!$A$7:$A$6703,0),2),IF($A49="GOINFRA",INDEX(#REF!,MATCH($B49,#REF!,0),2),(INDEX(COMPOS!$A$4:$G$390,MATCH($B49,COMPOS!$A$4:A$390,0),2))))) -> LAMPADA LED 18 W BIVOLT BRANCA, FORMATO TRADICIONAL (BASE E27) | D49: =(IF($A49="SINAPI",INDEX(SINAPI_NOV2020_NDES!$A$7:$H$6703,MATCH($B49,SINAPI_NOV2020_NDES!$A$7:$A$6703,0),3),IF($A49="GOINFRA",INDEX(#REF!,MATCH($B49,#REF!,0),3),(INDEX(COMPOS!$A$4:$G$39000,MATCH($B49,COMPOS!$A$4:A$39000,0),3))))) -> UN | E49: 8 | F49: =(IF($A49="SINAPI",INDEX(SINAPI_NOV2020_NDES!$A$7:$H$6703,MATCH($B49,SINAPI_NOV2020_NDES!$A$7:$A$6703,0),5),(INDEX(COMPOS!$A$4:$G$801,MATCH($B49,COMPOS!$A$4:A$801,0),4)))) -> 3.0904 | G49: =(IF($A49="SINAPI",INDEX(SINAPI_NOV2020_NDES!$A$7:$H$6703,MATCH($B49,SINAPI_NOV2020_NDES!$A$7:$A$6703,0),6),(INDEX(COMPOS!$A$4:$G$801,MATCH($B49,COMPOS!$A$4:A$801,0),5)))) -> 23.94 | H49: =(IF($A49="SINAPI",INDEX(SINAPI_NOV2020_NDES!$A$7:$H$6703,MATCH($B49,SINAPI_NOV2020_NDES!$A$7:$A$6703,0),7),(INDEX(COMPOS!$A$4:$G$801,MATCH($B49,COMPOS!$A$4:A$801,0),6)))) -> 0 | I49: =SUM(F49:H49) -> 27.0304 | J49: =+I49*E49 -> 216.2432
C50: INST. TELEFÔNICA/CABEAMENTO ESTRUTURADO
A51: COMPOS | B51: 835 | C51: =(IF($A51="SINAPI",INDEX(SINAPI_NOV2020_NDES!$A$7:$H$6703,MATCH($B51,SINAPI_NOV2020_NDES!$A$7:$A$6703,0),2),IF($A51="GOINFRA",INDEX(#REF!,MATCH($B51,#REF!,0),2),(INDEX(COMPOS!$A$4:$G$39000,MATCH($B51,COMPOS!$A$4:A$39000,0),2))))) -> BUCHA E ARRUELA METALICA DIAM. 1.1/4" | D51: =(IF($A51="SINAPI",INDEX(SINAPI_NOV2020_NDES!$A$7:$H$6703,MATCH($B51,SINAPI_NOV2020_NDES!$A$7:$A$6703,0),3),IF($A51="GOINFRA",INDEX(#REF!,MATCH($B51,#REF!,0),3),(INDEX(COMPOS!$A$4:$G$39000,MATCH($B51,COMPOS!$A$4:A$39000,0),3))))) -> UN | E51: 14 | F51: =(IF($A51="SINAPI",INDEX(SINAPI_NOV2020_NDES!$A$7:$H$6703,MATCH($B51,SINAPI_NOV2020_NDES!$A$7:$A$6703,0),5),(INDEX(COMPOS!$A$4:$G$801,MATCH($B51,COMPOS!$A$4:A$801,0),4)))) -> 11.589 | G51: =(IF($A51="SINAPI",INDEX(SINAPI_NOV2020_NDES!$A$7:$H$6703,MATCH($B51,SINAPI_NOV2020_NDES!$A$7:$A$6703,0),6),(INDEX(COMPOS!$A$4:$G$801,MATCH($B51,COMPOS!$A$4:A$801,0),5)))) -> 2.29 | H51: =(IF($A51="SINAPI",INDEX(SINAPI_NOV2020_NDES!$A$7:$H$6703,MATCH($B51,SINAPI_NOV2020_NDES!$A$7:$A$6703,0),7),(INDEX(COMPOS!$A$4:$G$801,MATCH($B51,COMPOS!$A$4:A$801,0),6)))) -> 0 | I51: =SUM(F51:H51) -> 13.879 | J51: =+I51*E51 -> 194.306
A52: COMPOS | B52: 829 | C52: =(IF($A52="SINAPI",INDEX(SINAPI_NOV2020_NDES!$A$7:$H$6703,MATCH($B52,SINAPI_NOV2020_NDES!$A$7:$A$6703,0),2),IF($A52="GOINFRA",INDEX(#REF!,MATCH($B52,#REF!,0),2),(INDEX(COMPOS!$A$4:$G$39000,MATCH($B52,COMPOS!$A$4:A$39000,0),2))))) -> CABO TELEFON. CTP-APL-50 DE 20 PARES (USO EXTERNO) | D52: =(IF($A52="SINAPI",INDEX(SINAPI_NOV2020_NDES!$A$7:$H$6703,MATCH($B52,SINAPI_NOV2020_NDES!$A$7:$A$6703,0),3),IF($A52="GOINFRA",INDEX(#REF!,MATCH($B52,#REF!,0),3),(INDEX(COMPOS!$A$4:$G$39000,MATCH($B52,COMPOS!$A$4:A$39000,0),3))))) -> M | E52: 90 | F52: =(IF($A52="SINAPI",INDEX(SINAPI_NOV2020_NDES!$A$7:$H$6703,MATCH($B52,SINAPI_NOV2020_NDES!$A$7:$A$6703,0),5),(INDEX(COMPOS!$A$4:$G$801,MATCH($B52,COMPOS!$A$4:A$801,0),4)))) -> 4.05615 | G52: =(IF($A52="SINAPI",INDEX(SINAPI_NOV2020_NDES!$A$7:$H$6703,MATCH($B52,SINAPI_NOV2020_NDES!$A$7:$A$6703,0),6),(INDEX(COMPOS!$A$4:$G$801,MATCH($B52,COMPOS!$A$4:A$801,0),5)))) -> 10.3122 | H52: =(IF($A52="SINAPI",INDEX(SINAPI_NOV2020_NDES!$A$7:$H$6703,MATCH($B52,SINAPI_NOV2020_NDES!$A$7:$A$6703,0),7),(INDEX(COMPOS!$A$4:$G$801,MATCH($B52,COMPOS!$A$4:A$801,0),6)))) -> 0 | I52: =SUM(F52:H52) -> 14.36835 | J52: =+I52*E52 -> 1293.1515
A53: SINAPI | B53: 98295 | C53: =(IF($A53="SINAPI",INDEX(SINAPI_NOV2020_NDES!$A$7:$H$6703,MATCH($B53,SINAPI_NOV2020_NDES!$A$7:$A$6703,0),2),IF($A53="GOINFRA",INDEX(#REF!,MATCH($B53,#REF!,0),2),(INDEX(COMPOS!$A$4:$G$39000,MATCH($B53,COMPOS!$A$4:A$39000,0),2))))) -> CABO ELETRÔNICO CATEGORIA 5E, INSTALADO EM EDIFICAÇÃO INSTITUCIONAL - FORNECIMENTO E INSTALAÇÃO. AF_11/2019 | D53: =(IF($A53="SINAPI",INDEX(SINAPI_NOV2020_NDES!$A$7:$H$6703,MATCH($B53,SINAPI_NOV2020_NDES!$A$7:$A$6703,0),3),IF($A53="GOINFRA",INDEX(#REF!,MATCH($B53,#REF!,0),3),(INDEX(COMPOS!$A$4:$G$39000,MATCH($B53,COMPOS!$A$4:A$39000,0),3))))) -> M | E53: 3078 | F53: =(IF($A53="SINAPI",INDEX(SINAPI_NOV2020_NDES!$A$7:$H$6703,MATCH($B53,SINAPI_NOV2020_NDES!$A$7:$A$6703,0),5),(INDEX(COMPOS!$A$4:$G$801,MATCH($B53,COMPOS!$A$4:A$801,0),4)))) -> 0.07 | G53: =(IF($A53="SINAPI",INDEX(SINAPI_NOV2020_NDES!$A$7:$H$6703,MATCH($B53,SINAPI_NOV2020_NDES!$A$7:$A$6703,0),6),(INDEX(COMPOS!$A$4:$G$801,MATCH($B53,COMPOS!$A$4:A$801,0),5)))) -> 1.13 | H53: =(IF($A53="SINAPI",INDEX(SINAPI_NOV2020_NDES!$A$7:$H$6703,MATCH($B53,SINAPI_NOV2020_NDES!$A$7:$A$6703,0),7),(INDEX(COMPOS!$A$4:$G$801,MATCH($B53,COMPOS!$A$4:A$801,0),6)))) -> 0 | I53: =SUM(F53:H53) -> 1.2 | J53: =+I53*E53 -> 3693.6
A54: COMPOS | B54: 320 | C54: =(IF($A54="SINAPI",INDEX(SINAPI_NOV2020_NDES!$A$7:$H$6703,MATCH($B54,SINAPI_NOV2020_NDES!$A$7:$A$6703,0),2),IF($A54="GOINFRA",INDEX(#REF!,MATCH($B54,#REF!,0),2),(INDEX(COMPOS!$A$4:$G$39000,MATCH($B54,COMPOS!$A$4:A$39000,0),2))))) -> CAIXA DE PASSAGEM 35X60X50CM FUNDO DE CONCRETO PARA TAMPA R1 | D54: =(IF($A54="SINAPI",INDEX(SINAPI_NOV2020_NDES!$A$7:$H$6703,MATCH($B54,SINAPI_NOV2020_NDES!$A$7:$A$6703,0),3),IF($A54="GOINFRA",INDEX(#REF!,MATCH($B54,#REF!,0),3),(INDEX(COMPOS!$A$4:$G$39000,MATCH($B54,COMPOS!$A$4:A$39000,0),3))))) -> UN | E54: 3 | F54: =(IF($A54="SINAPI",INDEX(SINAPI_NOV2020_NDES!$A$7:$H$6703,MATCH($B54,SINAPI_NOV2020_NDES!$A$7:$A$6703,0),5),(INDEX(COMPOS!$A$4:$G$801,MATCH($B54,COMPOS!$A$4:A$801,0),4)))) -> 154.60165 | G54: =(IF($A54="SINAPI",INDEX(SINAPI_NOV2020_NDES!$A$7:$H$6703,MATCH($B54,SINAPI_NOV2020_NDES!$A$7:$A$6703,0),6),(INDEX(COMPOS!$A$4:$G$801,MATCH($B54,COMPOS!$A$4:A$801,0),5)))) -> 104.76597 | H54: =(IF($A54="SINAPI",INDEX(SINAPI_NOV2020_NDES!$A$7:$H$6703,MATCH($B54,SINAPI_NOV2020_NDES!$A$7:$A$6703,0),7),(INDEX(COMPOS!$A$4:$G$801,MATCH($B54,COMPOS!$A$4:A$801,0),6)))) -> 0 | I54: =SUM(F54:H54) -> 259.36762 | J54: =+I54*E54 -> 778.10287
A55: COMPOS | B55: 839 | C55: =(IF($A55="SINAPI",INDEX(SINAPI_NOV2020_NDES!$A$7:$H$6703,MATCH($B55,SINAPI_NOV2020_NDES!$A$7:$A$6703,0),2),IF($A55="GOINFRA",INDEX(#REF!,MATCH($B55,#REF!,0),2),(INDEX(COMPOS!$A$4:$G$39000,MATCH($B55,COMPOS!$A$4:A$39000,0),2))))) -> CAIXA DE PASSAGEM METÁLICA DE EMBUTIR 40X40X15 CM | D55: =(IF($A55="SINAPI",INDEX(SINAPI_NOV2020_NDES!$A$7:$H$6703,MATCH($B55,SINAPI_NOV2020_NDES!$A$7:$A$6703,0),3),IF($A55="GOINFRA",INDEX(#REF!,MATCH($B55,#REF!,0),3),(INDEX(COMPOS!$A$4:$G$39000,MATCH($B55,COMPOS!$A$4:A$39000,0),3))))) -> UN | E55: 4 | F55: =(IF($A55="SINAPI",INDEX(SINAPI_NOV2020_NDES!$A$7:$H$6703,MATCH($B55,SINAPI_NOV2020_NDES!$A$7:$A$6703,0),5),(INDEX(COMPOS!$A$4:$G$801,MATCH($B55,COMPOS!$A$4:A$801,0),4)))) -> 77.26 | G55: =(IF($A55="SINAPI",INDEX(SINAPI_NOV2020_NDES!$A$7:$H$6703,MATCH($B55,SINAPI_NOV2020_NDES!$A$7:$A$6703,0),6),(INDEX(COMPOS!$A$4:$G$801,MATCH($B55,COMPOS!$A$4:A$801,0),5)))) -> 88.55 | H55: =(IF($A55="SINAPI",INDEX(SINAPI_NOV2020_NDES!$A$7:$H$6703,MATCH($B55,SINAPI_NOV2020_NDES!$A$7:$A$6703,0),7),(INDEX(COMPOS!$A$4:$G$801,MATCH($B55,COMPOS!$A$4:A$801,0),6)))) -> 0 | I55: =SUM(F55:H55) -> 165.81 | J55: =+I55*E55 -> 663.24
A56: COMPOS | B56: 841 | C56: =(IF($A56="SINAPI",INDEX(SINAPI_NOV2020_NDES!$A$7:$H$6703,MATCH($B56,SINAPI_NOV2020_NDES!$A$7:$A$6703,0),2),IF($A56="GOINFRA",INDEX(#REF!,MATCH($B56,#REF!,0),2),(INDEX(COMPOS!$A$4:$G$39000,MATCH($B56,COMPOS!$A$4:A$39000,0),2))))) -> CAIXA DISTRIBUIÇÃO TELEFÔNICA DE EMBUTIR 40X40X12 CM | D56: =(IF($A56="SINAPI",INDEX(SINAPI_NOV2020_NDES!$A$7:$H$6703,MATCH($B56,SINAPI_NOV2020_NDES!$A$7:$A$6703,0),3),IF($A56="GOINFRA",INDEX(#REF!,MATCH($B56,#REF!,0),3),(INDEX(COMPOS!$A$4:$G$39000,MATCH($B56,COMPOS!$A$4:A$39000,0),3))))) -> UN | E56: 1 | F56: =(IF($A56="SINAPI",INDEX(SINAPI_NOV2020_NDES!$A$7:$H$6703,MATCH($B56,SINAPI_NOV2020_NDES!$A$7:$A$6703,0),5),(INDEX(COMPOS!$A$4:$G$801,MATCH($B56,COMPOS!$A$4:A$801,0),4)))) -> 77.26 | G56: =(IF($A56="SINAPI",INDEX(SINAPI_NOV2020_NDES!$A$7:$H$6703,MATCH($B56,SINAPI_NOV2020_NDES!$A$7:$A$6703,0),6),(INDEX(COMPOS!$A$4:$G$801,MATCH($B56,COMPOS!$A$4:A$801,0),5)))) -> 88.55 | H56: =(IF($A56="SINAPI",INDEX(SINAPI_NOV2020_NDES!$A$7:$H$6703,MATCH($B56,SINAPI_NOV2020_NDES!$A$7:$A$6703,0),7),(INDEX(COMPOS!$A$4:$G$801,MATCH($B56,COMPOS!$A$4:A$801,0),6)))) -> 0 | I56: =SUM(F56:H56) -> 165.81 | J56: =+I56*E56 -> 165.81
A57: COMPOS | B57: 843 | C57: =(IF($A57="SINAPI",INDEX(SINAPI_NOV2020_NDES!$A$7:$H$6703,MATCH($B57,SINAPI_NOV2020_NDES!$A$7:$A$6703,0),2),IF($A57="GOINFRA",INDEX(#REF!,MATCH($B57,#REF!,0),2),(INDEX(COMPOS!$A$4:$G$39000,MATCH($B57,COMPOS!$A$4:A$39000,0),2))))) -> CAIXA METALICA RET. 4" X 2" X 2" | D57: =(IF($A57="SINAPI",INDEX(SINAPI_NOV2020_NDES!$A$7:$H$6703,MATCH($B57,SINAPI_NOV2020_NDES!$A$7:$A$6703,0),3),IF($A57="GOINFRA",INDEX(#REF!,MATCH($B57,#REF!,0),3),(INDEX(COMPOS!$A$4:$G$39000,MATCH($B57,COMPOS!$A$4:A$39000,0),3))))) -> UN | E57: 4 | F57: =(IF($A57="SINAPI",INDEX(SINAPI_NOV2020_NDES!$A$7:$H$6703,MATCH($B57,SINAPI_NOV2020_NDES!$A$7:$A$6703,0),5),(INDEX(COMPOS!$A$4:$G$801,MATCH($B57,COMPOS!$A$4:A$801,0),4)))) -> 5.7945 | G57: =(IF($A57="SINAPI",INDEX(SINAPI_NOV2020_NDES!$A$7:$H$6703,MATCH($B57,SINAPI_NOV2020_NDES!$A$7:$A$6703,0),6),(INDEX(COMPOS!$A$4:$G$801,MATCH($B57,COMPOS!$A$4:A$801,0),5)))) -> 1.03 | H57: =(IF($A57="SINAPI",INDEX(SINAPI_NOV2020_NDES!$A$7:$H$6703,MATCH($B57,SINAPI_NOV2020_NDES!$A$7:$A$6703,0),7),(INDEX(COMPOS!$A$4:$G$801,MATCH($B57,COMPOS!$A$4:A$801,0),6)))) -> 0 | I57: =SUM(F57:H57) -> 6.8245 | J57: =+I57*E57 -> 27.298
A58: COMPOS | B58: 842 | C58: =(IF($A58="SINAPI",INDEX(SINAPI_NOV2020_NDES!$A$7:$H$6703,MATCH($B58,SINAPI_NOV2020_NDES!$A$7:$A$6703,0),2),IF($A58="GOINFRA",INDEX(#REF!,MATCH($B58,#REF!,0),2),(INDEX(COMPOS!$A$4:$G$39000,MATCH($B58,COMPOS!$A$4:A$39000,0),2))))) -> CAIXA METALICA QUADRADA 4"X4"X2" | D58: =(IF($A58="SINAPI",INDEX(SINAPI_NOV2020_NDES!$A$7:$H$6703,MATCH($B58,SINAPI_NOV2020_NDES!$A$7:$A$6703,0),3),IF($A58="GOINFRA",INDEX(#REF!,MATCH($B58,#REF!,0),3),(INDEX(COMPOS!$A$4:$G$39000,MATCH($B58,COMPOS!$A$4:A$39000,0),3))))) -> UN | E58: 46 | F58: =(IF($A58="SINAPI",INDEX(SINAPI_NOV2020_NDES!$A$7:$H$6703,MATCH($B58,SINAPI_NOV2020_NDES!$A$7:$A$6703,0),5),(INDEX(COMPOS!$A$4:$G$801,MATCH($B58,COMPOS!$A$4:A$801,0),4)))) -> 5.7945 | G58: =(IF($A58="SINAPI",INDEX(SINAPI_NOV2020_NDES!$A$7:$H$6703,MATCH($B58,SINAPI_NOV2020_NDES!$A$7:$A$6703,0),6),(INDEX(COMPOS!$A$4:$G$801,MATCH($B58,COMPOS!$A$4:A$801,0),5)))) -> 2.18 | H58: =(IF($A58="SINAPI",INDEX(SINAPI_NOV2020_NDES!$A$7:$H$6703,MATCH($B58,SINAPI_NOV2020_NDES!$A$7:$A$6703,0),7),(INDEX(COMPOS!$A$4:$G$801,MATCH($B58,COMPOS!$A$4:A$801,0),6)))) -> 0 | I58: =SUM(F58:H58) -> 7.9745 | J58: =+I58*E58 -> 366.827
A59: COMPOS | B59: 321 | C59: =(IF($A59="SINAPI",INDEX(SINAPI_NOV2020_NDES!$A$7:$H$6703,MATCH($B59,SINAPI_NOV2020_NDES!$A$7:$A$6703,0),2),IF($A59="GOINFRA",INDEX(#REF!,MATCH($B59,#REF!,0),2),(INDEX(COMPOS!$A$4:$G$39000,MATCH($B59,COMPOS!$A$4:A$39000,0),2))))) -> CAIXA DE PASSAGEM 107x52x50CM FUNDO DE CONCRETO PARA TAMPA R3 | D59: =(IF($A59="SINAPI",INDEX(SINAPI_NOV2020_NDES!$A$7:$H$6703,MATCH($B59,SINAPI_NOV2020_NDES!$A$7:$A$6703,0),3),IF($A59="GOINFRA",INDEX(#REF!,MATCH($B59,#REF!,0),3),(INDEX(COMPOS!$A$4:$G$39000,MATCH($B59,COMPOS!$A$4:A$39000,0),3))))) -> UN | E59: 2 | F59: =(IF($A59="SINAPI",INDEX(SINAPI_NOV2020_NDES!$A$7:$H$6703,MATCH($B59,SINAPI_NOV2020_NDES!$A$7:$A$6703,0),5),(INDEX(COMPOS!$A$4:$G$801,MATCH($B59,COMPOS!$A$4:A$801,0),4)))) -> 241.23336 | G59: =(IF($A59="SINAPI",INDEX(SINAPI_NOV2020_NDES!$A$7:$H$6703,MATCH($B59,SINAPI_NOV2020_NDES!$A$7:$A$6703,0),6),(INDEX(COMPOS!$A$4:$G$801,MATCH($B59,COMPOS!$A$4:A$801,0),5)))) -> 159.78428 | H59: =(IF($A59="SINAPI",INDEX(SINAPI_NOV2020_NDES!$A$7:$H$6703,MATCH($B59,SINAPI_NOV2020_NDES!$A$7:$A$6703,0),7),(INDEX(COMPOS!$A$4:$G$801,MATCH($B59,COMPOS!$A$4:A$801,0),6)))) -> 0 | I59: =SUM(F59:H59) -> 401.01764 | J59: =+I59*E59 -> 802.03528
A60: COMPOS | B60: 844 | C60: =(IF($A60="SINAPI",INDEX(SINAPI_NOV2020_NDES!$A$7:$H$6703,MATCH($B60,SINAPI_NOV2020_NDES!$A$7:$A$6703,0),2),IF($A60="GOINFRA",INDEX(#REF!,MATCH($B60,#REF!,0),2),(INDEX(COMPOS!$A$4:$G$39000,MATCH($B60,COMPOS!$A$4:A$39000,0),2))))) -> CURVA DE 90 GRAUS DE PVC RIGIDO DIAM. 2" | D60: =(IF($A60="SINAPI",INDEX(SINAPI_NOV2020_NDES!$A$7:$H$6703,MATCH($B60,SINAPI_NOV2020_NDES!$A$7:$A$6703,0),3),IF($A60="GOINFRA",INDEX(#REF!,MATCH($B60,#REF!,0),3),(INDEX(COMPOS!$A$4:$G$39000,MATCH($B60,COMPOS!$A$4:A$39000,0),3))))) -> UN | E60: 3 | F60: =(IF($A60="SINAPI",INDEX(SINAPI_NOV2020_NDES!$A$7:$H$6703,MATCH($B60,SINAPI_NOV2020_NDES!$A$7:$A$6703,0),5),(INDEX(COMPOS!$A$4:$G$801,MATCH($B60,COMPOS!$A$4:A$801,0),4)))) -> 14.6794 | G60: =(IF($A60="SINAPI",INDEX(SINAPI_NOV2020_NDES!$A$7:$H$6703,MATCH($B60,SINAPI_NOV2020_NDES!$A$7:$A$6703,0),6),(INDEX(COMPOS!$A$4:$G$801,MATCH($B60,COMPOS!$A$4:A$801,0),5)))) -> 3.92 | H60: =(IF($A60="SINAPI",INDEX(SINAPI_NOV2020_NDES!$A$7:$H$6703,MATCH($B60,SINAPI_NOV2020_NDES!$A$7:$A$6703,0),7),(INDEX(COMPOS!$A$4:$G$801,MATCH($B60,COMPOS!$A$4:A$801,0),6)))) -> 0 | I60: =SUM(F60:H60) -> 18.5994 | J60: =+I60*E60 -> 55.7982
A61: COMPOS | B61: 846 | C61: =(IF($A61="SINAPI",INDEX(SINAPI_NOV2020_NDES!$A$7:$H$6703,MATCH($B61,SINAPI_NOV2020_NDES!$A$7:$A$6703,0),2),IF($A61="GOINFRA",INDEX(#REF!,MATCH($B61,#REF!,0),2),(INDEX(COMPOS!$A$4:$G$39000,MATCH($B61,COMPOS!$A$4:A$39000,0),2))))) -> ELETRODUTO DE PVC RIGIDO DIAMETRO 1.1/4" | D61: =(IF($A61="SINAPI",INDEX(SINAPI_NOV2020_NDES!$A$7:$H$6703,MATCH($B61,SINAPI_NOV2020_NDES!$A$7:$A$6703,0),3),IF($A61="GOINFRA",INDEX(#REF!,MATCH($B61,#REF!,0),3),(INDEX(COMPOS!$A$4:$G$39000,MATCH($B61,COMPOS!$A$4:A$39000,0),3))))) -> M | E61: 71.8 | F61: =(IF($A61="SINAPI",INDEX(SINAPI_NOV2020_NDES!$A$7:$H$6703,MATCH($B61,SINAPI_NOV2020_NDES!$A$7:$A$6703,0),5),(INDEX(COMPOS!$A$4:$G$801,MATCH($B61,COMPOS!$A$4:A$801,0),4)))) -> 16.2246 | G61: =(IF($A61="SINAPI",INDEX(SINAPI_NOV2020_NDES!$A$7:$H$6703,MATCH($B61,SINAPI_NOV2020_NDES!$A$7:$A$6703,0),6),(INDEX(COMPOS!$A$4:$G$801,MATCH($B61,COMPOS!$A$4:A$801,0),5)))) -> 4.5 | H61: =(IF($A61="SINAPI",INDEX(SINAPI_NOV2020_NDES!$A$7:$H$6703,MATCH($B61,SINAPI_NOV2020_NDES!$A$7:$A$6703,0),7),(INDEX(COMPOS!$A$4:$G$801,MATCH($B61,COMPOS!$A$4:A$801,0),6)))) -> 0 | I61: =SUM(F61:H61) -> 20.7246 | J61: =+I61*E61 -> 1488.0263
A62: COMPOS | B62: 845 | C62: =(IF($A62="SINAPI",INDEX(SINAPI_NOV2020_NDES!$A$7:$H$6703,MATCH($B62,SINAPI_NOV2020_NDES!$A$7:$A$6703,0),2),IF($A62="GOINFRA",INDEX(#REF!,MATCH($B62,#REF!,0),2),(INDEX(COMPOS!$A$4:$G$39000,MATCH($B62,COMPOS!$A$4:A$39000,0),2))))) -> ELETRODUTO DE PVC RIGIDO DIAMETRO 2" | D62: =(IF($A62="SINAPI",INDEX(SINAPI_NOV2020_NDES!$A$7:$H$6703,MATCH($B62,SINAPI_NOV2020_NDES!$A$7:$A$6703,0),3),IF($A62="GOINFRA",INDEX(#REF!,MATCH($B62,#REF!,0),3),(INDEX(COMPOS!$A$4:$G$39000,MATCH($B62,COMPOS!$A$4:A$39000,0),3))))) -> M | E62: 144.1 | F62: =(IF($A62="SINAPI",INDEX(SINAPI_NOV2020_NDES!$A$7:$H$6703,MATCH($B62,SINAPI_NOV2020_NDES!$A$7:$A$6703,0),5),(INDEX(COMPOS!$A$4:$G$801,MATCH($B62,COMPOS!$A$4:A$801,0),4)))) -> 19.315 | G62: =(IF($A62="SINAPI",INDEX(SINAPI_NOV2020_NDES!$A$7:$H$6703,MATCH($B62,SINAPI_NOV2020_NDES!$A$7:$A$6703,0),6),(INDEX(COMPOS!$A$4:$G$801,MATCH($B62,COMPOS!$A$4:A$801,0),5)))) -> 8.09 | H62: =(IF($A62="SINAPI",INDEX(SINAPI_NOV2020_NDES!$A$7:$H$6703,MATCH($B62,SINAPI_NOV2020_NDES!$A$7:$A$6703,0),7),(INDEX(COMPOS!$A$4:$G$801,MATCH($B62,COMPOS!$A$4:A$801,0),6)))) -> 0 | I62: =SUM(F62:H62) -> 27.405 | J62: =+I62*E62 -> 3949.0605
... A96: COMPOS | B96: 880 | C96: =(IF($A96="SINAPI",INDEX(SINAPI_NOV2020_NDES!$A$7:$H$6703,MATCH($B96,SINAPI_NOV2020_NDES!$A$7:$A$6703,0),2),IF($A96="GOINFRA",INDEX(#REF!,MATCH($B96,#REF!,0),2),(INDEX(COMPOS!$A$4:$G$39000,MATCH($B96,COMPOS!$A$4:A$39000,0),2))))) -> TAMPÃO PARA SUPORTE DE TOMADAS 14,7x19,3mm DA MOPA ou equivalente de mesmo padrão de qualidade | D96: =(IF($A96="SINAPI",INDEX(SINAPI_NOV2020_NDES!$A$7:$H$6703,MATCH($B96,SINAPI_NOV2020_NDES!$A$7:$A$6703,0),3),IF($A96="GOINFRA",INDEX(#REF!,MATCH($B96,#REF!,0),3),(INDEX(COMPOS!$A$4:$G$39000,MATCH($B96,COMPOS!$A$4:A$39000,0),3))))) -> UN | E96: 16 | F96: =(IF($A96="SINAPI",INDEX(SINAPI_NOV2020_NDES!$A$7:$H$6703,MATCH($B96,SINAPI_NOV2020_NDES!$A$7:$A$6703,0),5),(INDEX(COMPOS!$A$4:$G$801,MATCH($B96,COMPOS!$A$4:A$801,0),4)))) -> 6.567 | G96: =(IF($A96="SINAPI",INDEX(SINAPI_NOV2020_NDES!$A$7:$H$6703,MATCH($B96,SINAPI_NOV2020_NDES!$A$7:$A$6703,0),6),(INDEX(COMPOS!$A$4:$G$801,MATCH($B96,COMPOS!$A$4:A$801,0),5)))) -> 29.34 | H96: =(IF($A96="SINAPI",INDEX(SINAPI_NOV2020_NDES!$A$7:$H$6703,MATCH($B96,SINAPI_NOV2020_NDES!$A$7:$A$6703,0),7),(INDEX(COMPOS!$A$4:$G$801,MATCH($B96,COMPOS!$A$4:A$801,0),6)))) -> 0 | I96: =SUM(F96:H96) -> 35.907 | J96: =+I96*E96 -> 574.512
C97: SPDA/ATERRAMENTO
A98: SINAPI | B98: 96973 | C98: =(IF($A98="SINAPI",INDEX(SINAPI_NOV2020_NDES!$A$7:$H$6703,MATCH($B98,SINAPI_NOV2020_NDES!$A$7:$A$6703,0),2),IF($A98="GOINFRA",INDEX(#REF!,MATCH($B98,#REF!,0),2),(INDEX(COMPOS!$A$4:$G$39000,MATCH($B98,COMPOS!$A$4:A$39000,0),2))))) -> CORDOALHA DE COBRE NU 35 MM², NÃO ENTERRADA, COM ISOLADOR - FORNECIMENTO E INSTALAÇÃO. AF_12/2017 | D98: =(IF($A98="SINAPI",INDEX(SINAPI_NOV2020_NDES!$A$7:$H$6703,MATCH($B98,SINAPI_NOV2020_NDES!$A$7:$A$6703,0),3),IF($A98="GOINFRA",INDEX(#REF!,MATCH($B98,#REF!,0),3),(INDEX(COMPOS!$A$4:$G$39000,MATCH($B98,COMPOS!$A$4:A$39000,0),3))))) -> M | E98: 400 | F98: =(IF($A98="SINAPI",INDEX(SINAPI_NOV2020_NDES!$A$7:$H$6703,MATCH($B98,SINAPI_NOV2020_NDES!$A$7:$A$6703,0),5),(INDEX(COMPOS!$A$4:$G$801,MATCH($B98,COMPOS!$A$4:A$801,0),4)))) -> 12.12 | G98: =(IF($A98="SINAPI",INDEX(SINAPI_NOV2020_NDES!$A$7:$H$6703,MATCH($B98,SINAPI_NOV2020_NDES!$A$7:$A$6703,0),6),(INDEX(COMPOS!$A$4:$G$801,MATCH($B98,COMPOS!$A$4:A$801,0),5)))) -> 32.34 | H98: =(IF($A98="SINAPI",INDEX(SINAPI_NOV2020_NDES!$A$7:$H$6703,MATCH($B98,SINAPI_NOV2020_NDES!$A$7:$A$6703,0),7),(INDEX(COMPOS!$A$4:$G$801,MATCH($B98,COMPOS!$A$4:A$801,0),6)))) -> 0 | I98: =SUM(F98:H98) -> 44.46 | J98: =+I98*E98 -> 17784
A99: SINAPI | B99: 96974 | C99: =(IF($A99="SINAPI",INDEX(SINAPI_NOV2020_NDES!$A$7:$H$6703,MATCH($B99,SINAPI_NOV2020_NDES!$A$7:$A$6703,0),2),IF($A99="GOINFRA",INDEX(#REF!,MATCH($B99,#REF!,0),2),(INDEX(COMPOS!$A$4:$G$39000,MATCH($B99,COMPOS!$A$4:A$39000,0),2))))) -> CORDOALHA DE COBRE NU 50 MM², NÃO ENTERRADA, COM ISOLADOR - FORNECIMENTO E INSTALAÇÃO. AF_12/2017 | D99: =(IF($A99="SINAPI",INDEX(SINAPI_NOV2020_NDES!$A$7:$H$6703,MATCH($B99,SINAPI_NOV2020_NDES!$A$7:$A$6703,0),3),IF($A99="GOINFRA",INDEX(#REF!,MATCH($B99,#REF!,0),3),(INDEX(COMPOS!$A$4:$G$39000,MATCH($B99,COMPOS!$A$4:A$39000,0),3))))) -> M | E99: 200 | F99: =(IF($A99="SINAPI",INDEX(SINAPI_NOV2020_NDES!$A$7:$H$6703,MATCH($B99,SINAPI_NOV2020_NDES!$A$7:$A$6703,0),5),(INDEX(COMPOS!$A$4:$G$801,MATCH($B99,COMPOS!$A$4:A$801,0),4)))) -> 14.24 | G99: =(IF($A99="SINAPI",INDEX(SINAPI_NOV2020_NDES!$A$7:$H$6703,MATCH($B99,SINAPI_NOV2020_NDES!$A$7:$A$6703,0),6),(INDEX(COMPOS!$A$4:$G$801,MATCH($B99,COMPOS!$A$4:A$801,0),5)))) -> 42.67 | H99: =(IF($A99="SINAPI",INDEX(SINAPI_NOV2020_NDES!$A$7:$H$6703,MATCH($B99,SINAPI_NOV2020_NDES!$A$7:$A$6703,0),7),(INDEX(COMPOS!$A$4:$G$801,MATCH($B99,COMPOS!$A$4:A$801,0),6)))) -> 0 | I99: =SUM(F99:H99) -> 56.91 | J99: =+I99*E99 -> 11382
A100: COMPOS | B100: 714 | C100: =(IF($A100="SINAPI",INDEX(SINAPI_NOV2020_NDES!$A$7:$H$6703,MATCH($B100,SINAPI_NOV2020_NDES!$A$7:$A$6703,0),2),IF($A100="GOINFRA",INDEX(#REF!,MATCH($B100,#REF!,0),2),(INDEX(COMPOS!$A$4:$G$39000,MATCH($B100,COMPOS!$A$4:A$39000,0),2))))) -> CONECTOR DE COMPRESSÃO FORMATO H PARA CABO 25 A 70 MM2 | D100: =(IF($A100="SINAPI",INDEX(SINAPI_NOV2020_NDES!$A$7:$H$6703,MATCH($B100,SINAPI_NOV2020_NDES!$A$7:$A$6703,0),3),IF($A100="GOINFRA",INDEX(#REF!,MATCH($B100,#REF!,0),3),(INDEX(COMPOS!$A$4:$G$39000,MATCH($B100,COMPOS!$A$4:A$39000,0),3))))) -> UN | E100: 20 | F100: =(IF($A100="SINAPI",INDEX(SINAPI_NOV2020_NDES!$A$7:$H$6703,MATCH($B100,SINAPI_NOV2020_NDES!$A$7:$A$6703,0),5),(INDEX(COMPOS!$A$4:$G$801,MATCH($B100,COMPOS!$A$4:A$801,0),4)))) -> 15.452 | G100: =(IF($A100="SINAPI",INDEX(SINAPI_NOV2020_NDES!$A$7:$H$6703,MATCH($B100,SINAPI_NOV2020_NDES!$A$7:$A$6703,0),6),(INDEX(COMPOS!$A$4:$G$801,MATCH($B100,COMPOS!$A$4:A$801,0),5)))) -> 5.06 | H100: =(IF($A100="SINAPI",INDEX(SINAPI_NOV2020_NDES!$A$7:$H$6703,MATCH($B100,SINAPI_NOV2020_NDES!$A$7:$A$6703,0),7),(INDEX(COMPOS!$A$4:$G$801,MATCH($B100,COMPOS!$A$4:A$801,0),6)))) -> 0 | I100: =SUM(F100:H100) -> 20.512 | J100: =+I100*E100 -> 410.24
A101: COMPOS | B101: 42 | C101: =(IF($A101="SINAPI",INDEX(SINAPI_NOV2020_NDES!$A$7:$H$6703,MATCH($B101,SINAPI_NOV2020_NDES!$A$7:$A$6703,0),2),IF($A101="GOINFRA",INDEX(#REF!,MATCH($B101,#REF!,0),2),(INDEX(COMPOS!$A$4:$G$39000,MATCH($B101,COMPOS!$A$4:A$39000,0),2))))) -> SOLDA EXOTÉRMICA TAMANHO 115G | D101: =(IF($A101="SINAPI",INDEX(SINAPI_NOV2020_NDES!$A$7:$H$6703,MATCH($B101,SINAPI_NOV2020_NDES!$A$7:$A$6703,0),3),IF($A101="GOINFRA",INDEX(#REF!,MATCH($B101,#REF!,0),3),(INDEX(COMPOS!$A$4:$G$39000,MATCH($B101,COMPOS!$A$4:A$39000,0),3))))) -> UN | E101: 30 | F101: =(IF($A101="SINAPI",INDEX(SINAPI_NOV2020_NDES!$A$7:$H$6703,MATCH($B101,SINAPI_NOV2020_NDES!$A$7:$A$6703,0),5),(INDEX(COMPOS!$A$4:$G$801,MATCH($B101,COMPOS!$A$4:A$801,0),4)))) -> 2.141488 | G101: =(IF($A101="SINAPI",INDEX(SINAPI_NOV2020_NDES!$A$7:$H$6703,MATCH($B101,SINAPI_NOV2020_NDES!$A$7:$A$6703,0),6),(INDEX(COMPOS!$A$4:$G$801,MATCH($B101,COMPOS!$A$4:A$801,0),5)))) -> 7.91 | H101: =(IF($A101="SINAPI",INDEX(SINAPI_NOV2020_NDES!$A$7:$H$6703,MATCH($B101,SINAPI_NOV2020_NDES!$A$7:$A$6703,0),7),(INDEX(COMPOS!$A$4:$G$801,MATCH($B101,COMPOS!$A$4:A$801,0),6)))) -> 0 | I101: =SUM(F101:H101) -> 10.051488 | J101: =+I101*E101 -> 301.54464
A102: COMPOS | B102: 537 | C102: =(IF($A102="SINAPI",INDEX(SINAPI_NOV2020_NDES!$A$7:$H$6703,MATCH($B102,SINAPI_NOV2020_NDES!$A$7:$A$6703,0),2),IF($A102="GOINFRA",INDEX(#REF!,MATCH($B102,#REF!,0),2),(INDEX(COMPOS!$A$4:$G$39000,MATCH($B102,COMPOS!$A$4:A$39000,0),2))))) -> ABRAÇADEIRA TIPO D 1" COM CUNHA | D102: =(IF($A102="SINAPI",INDEX(SINAPI_NOV2020_NDES!$A$7:$H$6703,MATCH($B102,SINAPI_NOV2020_NDES!$A$7:$A$6703,0),3),IF($A102="GOINFRA",INDEX(#REF!,MATCH($B102,#REF!,0),3),(INDEX(COMPOS!$A$4:$G$39000,MATCH($B102,COMPOS!$A$4:A$39000,0),3))))) -> UN | E102: 40 | F102: =(IF($A102="SINAPI",INDEX(SINAPI_NOV2020_NDES!$A$7:$H$6703,MATCH($B102,SINAPI_NOV2020_NDES!$A$7:$A$6703,0),5),(INDEX(COMPOS!$A$4:$G$801,MATCH($B102,COMPOS!$A$4:A$801,0),4)))) -> 0.3863 | G102: =(IF($A102="SINAPI",INDEX(SINAPI_NOV2020_NDES!$A$7:$H$6703,MATCH($B102,SINAPI_NOV2020_NDES!$A$7:$A$6703,0),6),(INDEX(COMPOS!$A$4:$G$801,MATCH($B102,COMPOS!$A$4:A$801,0),5)))) -> 0.57 | H102: =(IF($A102="SINAPI",INDEX(SINAPI_NOV2020_NDES!$A$7:$H$6703,MATCH($B102,SINAPI_NOV2020_NDES!$A$7:$A$6703,0),7),(INDEX(COMPOS!$A$4:$G$801,MATCH($B102,COMPOS!$A$4:A$801,0),6)))) -> 0 | I102: =SUM(F102:H102) -> 0.9563 | J102: =+I102*E102 -> 38.252
A103: COMPOS | B103: 538 | C103: =(IF($A103="SINAPI",INDEX(SINAPI_NOV2020_NDES!$A$7:$H$6703,MATCH($B103,SINAPI_NOV2020_NDES!$A$7:$A$6703,0),2),IF($A103="GOINFRA",INDEX(#REF!,MATCH($B103,#REF!,0),2),(INDEX(COMPOS!$A$4:$G$39000,MATCH($B103,COMPOS!$A$4:A$39000,0),2))))) -> CAIXA DE INSPEÇÃO SUSPENSA | D103: =(IF($A103="SINAPI",INDEX(SINAPI_NOV2020_NDES!$A$7:$H$6703,MATCH($B103,SINAPI_NOV2020_NDES!$A$7:$A$6703,0),3),IF($A103="GOINFRA",INDEX(#REF!,MATCH($B103,#REF!,0),3),(INDEX(COMPOS!$A$4:$G$39000,MATCH($B103,COMPOS!$A$4:A$39000,0),3))))) -> UN | E103: 8 | F103: =(IF($A103="SINAPI",INDEX(SINAPI_NOV2020_NDES!$A$7:$H$6703,MATCH($B103,SINAPI_NOV2020_NDES!$A$7:$A$6703,0),5),(INDEX(COMPOS!$A$4:$G$801,MATCH($B103,COMPOS!$A$4:A$801,0),4)))) -> 5.7945 | G103: =(IF($A103="SINAPI",INDEX(SINAPI_NOV2020_NDES!$A$7:$H$6703,MATCH($B103,SINAPI_NOV2020_NDES!$A$7:$A$6703,0),6),(INDEX(COMPOS!$A$4:$G$801,MATCH($B103,COMPOS!$A$4:A$801,0),5)))) -> 76.625 | H103: =(IF($A103="SINAPI",INDEX(SINAPI_NOV2020_NDES!$A$7:$H$6703,MATCH($B103,SINAPI_NOV2020_NDES!$A$7:$A$6703,0),7),(INDEX(COMPOS!$A$4:$G$801,MATCH($B103,COMPOS!$A$4:A$801,0),6)))) -> 0 | I103: =SUM(F103:H103) -> 82.4195 | J103: =+I103*E103 -> 659.356
A104: COMPOS | B104: 639 | C104: =(IF($A104="SINAPI",INDEX(SINAPI_NOV2020_NDES!$A$7:$H$6703,MATCH($B104,SINAPI_NOV2020_NDES!$A$7:$A$6703,0),2),IF($A104="GOINFRA",INDEX(#REF!,MATCH($B104,#REF!,0),2),(INDEX(COMPOS!$A$4:$G$39000,MATCH($B104,COMPOS!$A$4:A$39000,0),2))))) -> CONJUNTO PARA ESTAIS RÍGIDO + ABRAÇADEIRA 2" 3M | D104: =(IF($A104="SINAPI",INDEX(SINAPI_NOV2020_NDES!$A$7:$H$6703,MATCH($B104,SINAPI_NOV2020_NDES!$A$7:$A$6703,0),3),IF($A104="GOINFRA",INDEX(#REF!,MATCH($B104,#REF!,0),3),(INDEX(COMPOS!$A$4:$G$39000,MATCH($B104,COMPOS!$A$4:A$39000,0),3))))) -> UN | E104: 4 | F104: =(IF($A104="SINAPI",INDEX(SINAPI_NOV2020_NDES!$A$7:$H$6703,MATCH($B104,SINAPI_NOV2020_NDES!$A$7:$A$6703,0),5),(INDEX(COMPOS!$A$4:$G$801,MATCH($B104,COMPOS!$A$4:A$801,0),4)))) -> 18.00158 | G104: =(IF($A104="SINAPI",INDEX(SINAPI_NOV2020_NDES!$A$7:$H$6703,MATCH($B104,SINAPI_NOV2020_NDES!$A$7:$A$6703,0),6),(INDEX(COMPOS!$A$4:$G$801,MATCH($B104,COMPOS!$A$4:A$801,0),5)))) -> 384.24 | H104: =(IF($A104="SINAPI",INDEX(SINAPI_NOV2020_NDES!$A$7:$H$6703,MATCH($B104,SINAPI_NOV2020_NDES!$A$7:$A$6703,0),7),(INDEX(COMPOS!$A$4:$G$801,MATCH($B104,COMPOS!$A$4:A$801,0),6)))) -> 0 | I104: =SUM(F104:H104) -> 402.24158 | J104: =+I104*E104 -> 1608.9663
A105: COMPOS | B105: 541 | C105: =(IF($A105="SINAPI",INDEX(SINAPI_NOV2020_NDES!$A$7:$H$6703,MATCH($B105,SINAPI_NOV2020_NDES!$A$7:$A$6703,0),2),IF($A105="GOINFRA",INDEX(#REF!,MATCH($B105,#REF!,0),2),(INDEX(COMPOS!$A$4:$G$39000,MATCH($B105,COMPOS!$A$4:A$39000,0),2))))) -> ABRACADEIRA-GUIA REFORCADA 2" DUAS DESCIDAS | D105: =(IF($A105="SINAPI",INDEX(SINAPI_NOV2020_NDES!$A$7:$H$6703,MATCH($B105,SINAPI_NOV2020_NDES!$A$7:$A$6703,0),3),IF($A105="GOINFRA",INDEX(#REF!,MATCH($B105,#REF!,0),3),(INDEX(COMPOS!$A$4:$G$39000,MATCH($B105,COMPOS!$A$4:A$39000,0),3))))) -> UN | E105: 4 | F105: =(IF($A105="SINAPI",INDEX(SINAPI_NOV2020_NDES!$A$7:$H$6703,MATCH($B105,SINAPI_NOV2020_NDES!$A$7:$A$6703,0),5),(INDEX(COMPOS!$A$4:$G$801,MATCH($B105,COMPOS!$A$4:A$801,0),4)))) -> 12.222532 | G105: =(IF($A105="SINAPI",INDEX(SINAPI_NOV2020_NDES!$A$7:$H$6703,MATCH($B105,SINAPI_NOV2020_NDES!$A$7:$A$6703,0),6),(INDEX(COMPOS!$A$4:$G$801,MATCH($B105,COMPOS!$A$4:A$801,0),5)))) -> 63.305 | H105: =(IF($A105="SINAPI",INDEX(SINAPI_NOV2020_NDES!$A$7:$H$6703,MATCH($B105,SINAPI_NOV2020_NDES!$A$7:$A$6703,0),7),(INDEX(COMPOS!$A$4:$G$801,MATCH($B105,COMPOS!$A$4:A$801,0),6)))) -> 0 | I105: =SUM(F105:H105) -> 75.527532 | J105: =+I105*E105 -> 302.11013
A106: COMPOS | B106: 771 | C106: =(IF($A106="SINAPI",INDEX(SINAPI_NOV2020_NDES!$A$7:$H$6703,MATCH($B106,SINAPI_NOV2020_NDES!$A$7:$A$6703,0),2),IF($A106="GOINFRA",INDEX(#REF!,MATCH($B106,#REF!,0),2),(INDEX(COMPOS!$A$4:$G$39000,MATCH($B106,COMPOS!$A$4:A$39000,0),2))))) -> BASE METÁLICA PARA MASTRO 2" | D106: =(IF($A106="SINAPI",INDEX(SINAPI_NOV2020_NDES!$A$7:$H$6703,MATCH($B106,SINAPI_NOV2020_NDES!$A$7:$A$6703,0),3),IF($A106="GOINFRA",INDEX(#REF!,MATCH($B106,#REF!,0),3),(INDEX(COMPOS!$A$4:$G$39000,MATCH($B106,COMPOS!$A$4:A$39000,0),3))))) -> UN | E106: 4 | F106: =(IF($A106="SINAPI",INDEX(SINAPI_NOV2020_NDES!$A$7:$H$6703,MATCH($B106,SINAPI_NOV2020_NDES!$A$7:$A$6703,0),5),(INDEX(COMPOS!$A$4:$G$801,MATCH($B106,COMPOS!$A$4:A$801,0),4)))) -> 51.505379 | G106: =(IF($A106="SINAPI",INDEX(SINAPI_NOV2020_NDES!$A$7:$H$6703,MATCH($B106,SINAPI_NOV2020_NDES!$A$7:$A$6703,0),6),(INDEX(COMPOS!$A$4:$G$801,MATCH($B106,COMPOS!$A$4:A$801,0),5)))) -> 65.47 | H106: =(IF($A106="SINAPI",INDEX(SINAPI_NOV2020_NDES!$A$7:$H$6703,MATCH($B106,SINAPI_NOV2020_NDES!$A$7:$A$6703,0),7),(INDEX(COMPOS!$A$4:$G$801,MATCH($B106,COMPOS!$A$4:A$801,0),6)))) -> 0 | I106: =SUM(F106:H106) -> 116.97538 | J106: =+I106*E106 -> 467.90152
A107: COMPOS | B107: 640 | C107: =(IF($A107="SINAPI",INDEX(SINAPI_NOV2020_NDES!$A$7:$H$6703,MATCH($B107,SINAPI_NOV2020_NDES!$A$7:$A$6703,0),2),IF($A107="GOINFRA",INDEX(#REF!,MATCH($B107,#REF!,0),2),(INDEX(COMPOS!$A$4:$G$39000,MATCH($B107,COMPOS!$A$4:A$39000,0),2))))) -> CONJUNTO PARA ESTAIS RÍGIDO + ABRAÇADEIRA 2" 3M | D107: =(IF($A107="SINAPI",INDEX(SINAPI_NOV2020_NDES!$A$7:$H$6703,MATCH($B107,SINAPI_NOV2020_NDES!$A$7:$A$6703,0),3),IF($A107="GOINFRA",INDEX(#REF!,MATCH($B107,#REF!,0),3),(INDEX(COMPOS!$A$4:$G$39000,MATCH($B107,COMPOS!$A$4:A$39000,0),3))))) -> UN | E107: 16 | F107: =(IF($A107="SINAPI",INDEX(SINAPI_NOV2020_NDES!$A$7:$H$6703,MATCH($B107,SINAPI_NOV2020_NDES!$A$7:$A$6703,0),5),(INDEX(COMPOS!$A$4:$G$801,MATCH($B107,COMPOS!$A$4:A$801,0),4)))) -> 12.462038 | G107: =(IF($A107="SINAPI",INDEX(SINAPI_NOV2020_NDES!$A$7:$H$6703,MATCH($B107,SINAPI_NOV2020_NDES!$A$7:$A$6703,0),6),(INDEX(COMPOS!$A$4:$G$801,MATCH($B107,COMPOS!$A$4:A$801,0),5)))) -> 222.64 | H107: =(IF($A107="SINAPI",INDEX(SINAPI_NOV2020_NDES!$A$7:$H$6703,MATCH($B107,SINAPI_NOV2020_NDES!$A$7:$A$6703,0),7),(INDEX(COMPOS!$A$4:$G$801,MATCH($B107,COMPOS!$A$4:A$801,0),6)))) -> 0 | I107: =SUM(F107:H107) -> 235.10204 | J107: =+I107*E107 -> 3761.6326
A108: SINAPI | B108: 96985 | C108: =(IF($A108="SINAPI",INDEX(SINAPI_NOV2020_NDES!$A$7:$H$6703,MATCH($B108,SINAPI_NOV2020_NDES!$A$7:$A$6703,0),2),IF($A108="GOINFRA",INDEX(#REF!,MATCH($B108,#REF!,0),2),(INDEX(COMPOS!$A$4:$G$39000,MATCH($B108,COMPOS!$A$4:A$39000,0),2))))) -> HASTE DE ATERRAMENTO 5/8 PARA SPDA - FORNECIMENTO E INSTALAÇÃO. AF_12/2017 | D108: =(IF($A108="SINAPI",INDEX(SINAPI_NOV2020_NDES!$A$7:$H$6703,MATCH($B108,SINAPI_NOV2020_NDES!$A$7:$A$6703,0),3),IF($A108="GOINFRA",INDEX(#REF!,MATCH($B108,#REF!,0),3),(INDEX(COMPOS!$A$4:$G$39000,MATCH($B108,COMPOS!$A$4:A$39000,0),3))))) -> UN | E108: 21 | F108: =(IF($A108="SINAPI",INDEX(SINAPI_NOV2020_NDES!$A$7:$H$6703,MATCH($B108,SINAPI_NOV2020_NDES!$A$7:$A$6703,0),5),(INDEX(COMPOS!$A$4:$G$801,MATCH($B108,COMPOS!$A$4:A$801,0),4)))) -> 7.44 | G108: =(IF($A108="SINAPI",INDEX(SINAPI_NOV2020_NDES!$A$7:$H$6703,MATCH($B108,SINAPI_NOV2020_NDES!$A$7:$A$6703,0),6),(INDEX(COMPOS!$A$4:$G$801,MATCH($B108,COMPOS!$A$4:A$801,0),5)))) -> 38.17 | H108: =(IF($A108="SINAPI",INDEX(SINAPI_NOV2020_NDES!$A$7:$H$6703,MATCH($B108,SINAPI_NOV2020_NDES!$A$7:$A$6703,0),7),(INDEX(COMPOS!$A$4:$G$801,MATCH($B108,COMPOS!$A$4:A$801,0),6)))) -> 0 | I108: =SUM(F108:H108) -> 45.61 | J108: =+I108*E108 -> 957.81
A109: COMPOS | B109: 471 | C109: =(IF($A109="SINAPI",INDEX(SINAPI_NOV2020_NDES!$A$7:$H$6703,MATCH($B109,SINAPI_NOV2020_NDES!$A$7:$A$6703,0),2),IF($A109="GOINFRA",INDEX(#REF!,MATCH($B109,#REF!,0),2),(INDEX(COMPOS!$A$4:$G$39000,MATCH($B109,COMPOS!$A$4:A$39000,0),2))))) -> CAIXA DE PASSAGEM 20X20X25 FUNDO BRITA COM TAMPA | D109: =(IF($A109="SINAPI",INDEX(SINAPI_NOV2020_NDES!$A$7:$H$6703,MATCH($B109,SINAPI_NOV2020_NDES!$A$7:$A$6703,0),3),IF($A109="GOINFRA",INDEX(#REF!,MATCH($B109,#REF!,0),3),(INDEX(COMPOS!$A$4:$G$39000,MATCH($B109,COMPOS!$A$4:A$39000,0),3))))) -> UN | E109: 21 | F109: =(IF($A109="SINAPI",INDEX(SINAPI_NOV2020_NDES!$A$7:$H$6703,MATCH($B109,SINAPI_NOV2020_NDES!$A$7:$A$6703,0),5),(INDEX(COMPOS!$A$4:$G$801,MATCH($B109,COMPOS!$A$4:A$801,0),4)))) -> 39.464161 | G109: =(IF($A109="SINAPI",INDEX(SINAPI_NOV2020_NDES!$A$7:$H$6703,MATCH($B109,SINAPI_NOV2020_NDES!$A$7:$A$6703,0),6),(INDEX(COMPOS!$A$4:$G$801,MATCH($B109,COMPOS!$A$4:A$801,0),5)))) -> 28.903702 | H109: =(IF($A109="SINAPI",INDEX(SINAPI_NOV2020_NDES!$A$7:$H$6703,MATCH($B109,SINAPI_NOV2020_NDES!$A$7:$A$6703,0),7),(INDEX(COMPOS!$A$4:$G$801,MATCH($B109,COMPOS!$A$4:A$801,0),6)))) -> 0 | I109: =SUM(F109:H109) -> 68.367863 | J109: =+I109*E109 -> 1435.7251
... A116: COMPOS | B116: 544 | C116: =(IF($A116="SINAPI",INDEX(SINAPI_NOV2020_NDES!$A$7:$H$6703,MATCH($B116,SINAPI_NOV2020_NDES!$A$7:$A$6703,0),2),IF($A116="GOINFRA",INDEX(#REF!,MATCH($B116,#REF!,0),2),(INDEX(COMPOS!$A$4:$G$39000,MATCH($B116,COMPOS!$A$4:A$39000,0),2))))) -> MASTRO TELESCÓPICO 5M (4M X ∅ 2" + 1M X ∅ 1.1/2") | D116: =(IF($A116="SINAPI",INDEX(SINAPI_NOV2020_NDES!$A$7:$H$6703,MATCH($B116,SINAPI_NOV2020_NDES!$A$7:$A$6703,0),3),IF($A116="GOINFRA",INDEX(#REF!,MATCH($B116,#REF!,0),3),(INDEX(COMPOS!$A$4:$G$39000,MATCH($B116,COMPOS!$A$4:A$39000,0),3))))) -> UN | E116: 4 | F116: =(IF($A116="SINAPI",INDEX(SINAPI_NOV2020_NDES!$A$7:$H$6703,MATCH($B116,SINAPI_NOV2020_NDES!$A$7:$A$6703,0),5),(INDEX(COMPOS!$A$4:$G$801,MATCH($B116,COMPOS!$A$4:A$801,0),4)))) -> 21.645973 | G116: =(IF($A116="SINAPI",INDEX(SINAPI_NOV2020_NDES!$A$7:$H$6703,MATCH($B116,SINAPI_NOV2020_NDES!$A$7:$A$6703,0),6),(INDEX(COMPOS!$A$4:$G$801,MATCH($B116,COMPOS!$A$4:A$801,0),5)))) -> 399.61157 | H116: =(IF($A116="SINAPI",INDEX(SINAPI_NOV2020_NDES!$A$7:$H$6703,MATCH($B116,SINAPI_NOV2020_NDES!$A$7:$A$6703,0),7),(INDEX(COMPOS!$A$4:$G$801,MATCH($B116,COMPOS!$A$4:A$801,0),6)))) -> 0 | I116: =SUM(F116:H116) -> 421.25755 | J116: =+I116*E116 -> 1685.0302
A117: SUB-TOTAL | J117: =SUM(J22:J116) -> 147386.47
B118: 170 | C118: INSTALAÇÕES HIDRO-SANITÁRIAS
A119: SINAPI | B119: 95469 | C119: =(IF($A119="SINAPI",INDEX(SINAPI_NOV2020_NDES!$A$7:$H$6703,MATCH($B119,SINAPI_NOV2020_NDES!$A$7:$A$6703,0),2),IF($A119="GOINFRA",INDEX(#REF!,MATCH($B119,#REF!,0),2),(INDEX(COMPOS!$A$4:$G$3900,MATCH($B119,COMPOS!$A$4:A$3900,0),2))))) -> VASO SANITARIO SIFONADO CONVENCIONAL COM LOUÇA BRANCA - FORNECIMENTO E INSTALAÇÃO. AF_01/2020 | D119: =(IF($A119="SINAPI",INDEX(SINAPI_NOV2020_NDES!$A$7:$H$6703,MATCH($B119,SINAPI_NOV2020_NDES!$A$7:$A$6703,0),3),IF($A119="GOINFRA",INDEX(#REF!,MATCH($B119,#REF!,0),3),(INDEX(COMPOS!$A$4:$G$39000,MATCH($B119,COMPOS!$A$4:A$39000,0),3))))) -> UN | E119: 17 | F119: =(IF($A119="SINAPI",INDEX(SINAPI_NOV2020_NDES!$A$7:$H$6703,MATCH($B119,SINAPI_NOV2020_NDES!$A$7:$A$6703,0),5),(INDEX(COMPOS!$A$4:$G$801,MATCH($B119,COMPOS!$A$4:A$801,0),4)))) -> 12.19 | G119: =(IF($A119="SINAPI",INDEX(SINAPI_NOV2020_NDES!$A$7:$H$6703,MATCH($B119,SINAPI_NOV2020_NDES!$A$7:$A$6703,0),6),(INDEX(COMPOS!$A$4:$G$801,MATCH($B119,COMPOS!$A$4:A$801,0),5)))) -> 155.57 | H119: =(IF($A119="SINAPI",INDEX(SINAPI_NOV2020_NDES!$A$7:$H$6703,MATCH($B119,SINAPI_NOV2020_NDES!$A$7:$A$6703,0),7),(INDEX(COMPOS!$A$4:$G$801,MATCH($B119,COMPOS!$A$4:A$801,0),6)))) -> 0 | I119: =SUM(F119:H119) -> 167.76 | J119: =+I119*E119 -> 2851.92
A120: SINAPI | B120: 100849 | C120: =(IF($A120="SINAPI",INDEX(SINAPI_NOV2020_NDES!$A$7:$H$6703,MATCH($B120,SINAPI_NOV2020_NDES!$A$7:$A$6703,0),2),IF($A120="GOINFRA",INDEX(#REF!,MATCH($B120,#REF!,0),2),(INDEX(COMPOS!$A$4:$G$3900,MATCH($B120,COMPOS!$A$4:A$3900,0),2))))) -> ASSENTO SANITÁRIO CONVENCIONAL - FORNECIMENTO E INSTALACAO. AF_01/2020 | D120: =(IF($A120="SINAPI",INDEX(SINAPI_NOV2020_NDES!$A$7:$H$6703,MATCH($B120,SINAPI_NOV2020_NDES!$A$7:$A$6703,0),3),IF($A120="GOINFRA",INDEX(#REF!,MATCH($B120,#REF!,0),3),(INDEX(COMPOS!$A$4:$G$39000,MATCH($B120,COMPOS!$A$4:A$39000,0),3))))) -> UN | E120: 17 | F120: =(IF($A120="SINAPI",INDEX(SINAPI_NOV2020_NDES!$A$7:$H$6703,MATCH($B120,SINAPI_NOV2020_NDES!$A$7:$A$6703,0),5),(INDEX(COMPOS!$A$4:$G$801,MATCH($B120,COMPOS!$A$4:A$801,0),4)))) -> 3.12 | G120: =(IF($A120="SINAPI",INDEX(SINAPI_NOV2020_NDES!$A$7:$H$6703,MATCH($B120,SINAPI_NOV2020_NDES!$A$7:$A$6703,0),6),(INDEX(COMPOS!$A$4:$G$801,MATCH($B120,COMPOS!$A$4:A$801,0),5)))) -> 25.86 | H120: =(IF($A120="SINAPI",INDEX(SINAPI_NOV2020_NDES!$A$7:$H$6703,MATCH($B120,SINAPI_NOV2020_NDES!$A$7:$A$6703,0),7),(INDEX(COMPOS!$A$4:$G$801,MATCH($B120,COMPOS!$A$4:A$801,0),6)))) -> 0 | I120: =SUM(F120:H120) -> 28.98 | J120: =+I120*E120 -> 492.66
A121: COMPOS | B121: 787 | C121: =(IF($A121="SINAPI",INDEX(SINAPI_NOV2020_NDES!$A$7:$H$6703,MATCH($B121,SINAPI_NOV2020_NDES!$A$7:$A$6703,0),2),IF($A121="GOINFRA",INDEX(#REF!,MATCH($B121,#REF!,0),2),(INDEX(COMPOS!$A$4:$G$3900,MATCH($B121,COMPOS!$A$4:A$3900,0),2))))) -> ACABAMENTO PARA VÁLVULA DE DESCARGA | D121: =(IF($A121="SINAPI",INDEX(SINAPI_NOV2020_NDES!$A$7:$H$6703,MATCH($B121,SINAPI_NOV2020_NDES!$A$7:$A$6703,0),3),IF($A121="GOINFRA",INDEX(#REF!,MATCH($B121,#REF!,0),3),(INDEX(COMPOS!$A$4:$G$39000,MATCH($B121,COMPOS!$A$4:A$39000,0),3))))) -> UN | E121: 17 | F121: =(IF($A121="SINAPI",INDEX(SINAPI_NOV2020_NDES!$A$7:$H$6703,MATCH($B121,SINAPI_NOV2020_NDES!$A$7:$A$6703,0),5),(INDEX(COMPOS!$A$4:$G$801,MATCH($B121,COMPOS!$A$4:A$801,0),4)))) -> 2.9952 | G121: =(IF($A121="SINAPI",INDEX(SINAPI_NOV2020_NDES!$A$7:$H$6703,MATCH($B121,SINAPI_NOV2020_NDES!$A$7:$A$6703,0),6),(INDEX(COMPOS!$A$4:$G$801,MATCH($B121,COMPOS!$A$4:A$801,0),5)))) -> 64.32 | H121: =(IF($A121="SINAPI",INDEX(SINAPI_NOV2020_NDES!$A$7:$H$6703,MATCH($B121,SINAPI_NOV2020_NDES!$A$7:$A$6703,0),7),(INDEX(COMPOS!$A$4:$G$801,MATCH($B121,COMPOS!$A$4:A$801,0),6)))) -> 0 | I121: =SUM(F121:H121) -> 67.3152 | J121: =+I121*E121 -> 1144.3584
A122: COMPOS | B122: 324 | C122: =(IF($A122="SINAPI",INDEX(SINAPI_NOV2020_NDES!$A$7:$H$6703,MATCH($B122,SINAPI_NOV2020_NDES!$A$7:$A$6703,0),2),IF($A122="GOINFRA",INDEX(#REF!,MATCH($B122,#REF!,0),2),(INDEX(COMPOS!$A$4:$G$3900,MATCH($B122,COMPOS!$A$4:A$3900,0),2))))) -> TUBO DE LIGAÇÃO PVC CROMADO 1.1/2'' – ESPUDE (ENTRADA) | D122: =(IF($A122="SINAPI",INDEX(SINAPI_NOV2020_NDES!$A$7:$H$6703,MATCH($B122,SINAPI_NOV2020_NDES!$A$7:$A$6703,0),3),IF($A122="GOINFRA",INDEX(#REF!,MATCH($B122,#REF!,0),3),(INDEX(COMPOS!$A$4:$G$39000,MATCH($B122,COMPOS!$A$4:A$39000,0),3))))) -> UN | E122: 17 | F122: =(IF($A122="SINAPI",INDEX(SINAPI_NOV2020_NDES!$A$7:$H$6703,MATCH($B122,SINAPI_NOV2020_NDES!$A$7:$A$6703,0),5),(INDEX(COMPOS!$A$4:$G$801,MATCH($B122,COMPOS!$A$4:A$801,0),4)))) -> 5.2416 | G122: =(IF($A122="SINAPI",INDEX(SINAPI_NOV2020_NDES!$A$7:$H$6703,MATCH($B122,SINAPI_NOV2020_NDES!$A$7:$A$6703,0),6),(INDEX(COMPOS!$A$4:$G$801,MATCH($B122,COMPOS!$A$4:A$801,0),5)))) -> 5.89 | H122: =(IF($A122="SINAPI",INDEX(SINAPI_NOV2020_NDES!$A$7:$H$6703,MATCH($B122,SINAPI_NOV2020_NDES!$A$7:$A$6703,0),7),(INDEX(COMPOS!$A$4:$G$801,MATCH($B122,COMPOS!$A$4:A$801,0),6)))) -> 0 | I122: =SUM(F122:H122) -> 11.1316 | J122: =+I122*E122 -> 189.2372
A123: SINAPI | B123: 86906 | C123: =(IF($A123="SINAPI",INDEX(SINAPI_NOV2020_NDES!$A$7:$H$6703,MATCH($B123,SINAPI_NOV2020_NDES!$A$7:$A$6703,0),2),IF($A123="GOINFRA",INDEX(#REF!,MATCH($B123,#REF!,0),2),(INDEX(COMPOS!$A$4:$G$3900,MATCH($B123,COMPOS!$A$4:A$3900,0),2))))) -> TORNEIRA CROMADA DE MESA, 1/2 OU 3/4, PARA LAVATÓRIO, PADRÃO POPULAR - FORNECIMENTO E INSTALAÇÃO. AF_01/2020 | D123: =(IF($A123="SINAPI",INDEX(SINAPI_NOV2020_NDES!$A$7:$H$6703,MATCH($B123,SINAPI_NOV2020_NDES!$A$7:$A$6703,0),3),IF($A123="GOINFRA",INDEX(#REF!,MATCH($B123,#REF!,0),3),(INDEX(COMPOS!$A$4:$G$39000,MATCH($B123,COMPOS!$A$4:A$39000,0),3))))) -> UN | E123: =15+4 -> 19 | F123: =(IF($A123="SINAPI",INDEX(SINAPI_NOV2020_NDES!$A$7:$H$6703,MATCH($B123,SINAPI_NOV2020_NDES!$A$7:$A$6703,0),5),(INDEX(COMPOS!$A$4:$G$801,MATCH($B123,COMPOS!$A$4:A$801,0),4)))) -> 1.94 | G123: =(IF($A123="SINAPI",INDEX(SINAPI_NOV2020_NDES!$A$7:$H$6703,MATCH($B123,SINAPI_NOV2020_NDES!$A$7:$A$6703,0),6),(INDEX(COMPOS!$A$4:$G$801,MATCH($B123,COMPOS!$A$4:A$801,0),5)))) -> 41.22 | H123: =(IF($A123="SINAPI",INDEX(SINAPI_NOV2020_NDES!$A$7:$H$6703,MATCH($B123,SINAPI_NOV2020_NDES!$A$7:$A$6703,0),7),(INDEX(COMPOS!$A$4:$G$801,MATCH($B123,COMPOS!$A$4:A$801,0),6)))) -> 0 | I123: =SUM(F123:H123) -> 43.16 | J123: =+I123*E123 -> 820.04
A124: COMPOS | B124: 784 | C124: =(IF($A124="SINAPI",INDEX(SINAPI_NOV2020_NDES!$A$7:$H$6703,MATCH($B124,SINAPI_NOV2020_NDES!$A$7:$A$6703,0),2),IF($A124="GOINFRA",INDEX(#REF!,MATCH($B124,#REF!,0),2),(INDEX(COMPOS!$A$4:$G$3900,MATCH($B124,COMPOS!$A$4:A$3900,0),2))))) -> TORNEIRA DE JARDIM COM BICO PARA MANGUEIRA DIÂMETRO DE 1/2" E 3/4" | D124: =(IF($A124="SINAPI",INDEX(SINAPI_NOV2020_NDES!$A$7:$H$6703,MATCH($B124,SINAPI_NOV2020_NDES!$A$7:$A$6703,0),3),IF($A124="GOINFRA",INDEX(#REF!,MATCH($B124,#REF!,0),3),(INDEX(COMPOS!$A$4:$G$39000,MATCH($B124,COMPOS!$A$4:A$39000,0),3))))) -> UN | E124: 4 | F124: =(IF($A124="SINAPI",INDEX(SINAPI_NOV2020_NDES!$A$7:$H$6703,MATCH($B124,SINAPI_NOV2020_NDES!$A$7:$A$6703,0),5),(INDEX(COMPOS!$A$4:$G$801,MATCH($B124,COMPOS!$A$4:A$801,0),4)))) -> 7.488 | G124: =(IF($A124="SINAPI",INDEX(SINAPI_NOV2020_NDES!$A$7:$H$6703,MATCH($B124,SINAPI_NOV2020_NDES!$A$7:$A$6703,0),6),(INDEX(COMPOS!$A$4:$G$801,MATCH($B124,COMPOS!$A$4:A$801,0),5)))) -> 47.52 | H124: =(IF($A124="SINAPI",INDEX(SINAPI_NOV2020_NDES!$A$7:$H$6703,MATCH($B124,SINAPI_NOV2020_NDES!$A$7:$A$6703,0),7),(INDEX(COMPOS!$A$4:$G$801,MATCH($B124,COMPOS!$A$4:A$801,0),6)))) -> 0 | I124: =SUM(F124:H124) -> 55.008 | J124: =+I124*E124 -> 220.032
A125: SINAPI | B125: 86883 | C125: =(IF($A125="SINAPI",INDEX(SINAPI_NOV2020_NDES!$A$7:$H$6703,MATCH($B125,SINAPI_NOV2020_NDES!$A$7:$A$6703,0),2),IF($A125="GOINFRA",INDEX(#REF!,MATCH($B125,#REF!,0),2),(INDEX(COMPOS!$A$4:$G$3900,MATCH($B125,COMPOS!$A$4:A$3900,0),2))))) -> SIFÃO DO TIPO FLEXÍVEL EM PVC 1 X 1.1/2 - FORNECIMENTO E INSTALAÇÃO. AF_01/2020 | D125: =(IF($A125="SINAPI",INDEX(SINAPI_NOV2020_NDES!$A$7:$H$6703,MATCH($B125,SINAPI_NOV2020_NDES!$A$7:$A$6703,0),3),IF($A125="GOINFRA",INDEX(#REF!,MATCH($B125,#REF!,0),3),(INDEX(COMPOS!$A$4:$G$39000,MATCH($B125,COMPOS!$A$4:A$39000,0),3))))) -> UN | E125: =15+4 -> 19 | F125: =(IF($A125="SINAPI",INDEX(SINAPI_NOV2020_NDES!$A$7:$H$6703,MATCH($B125,SINAPI_NOV2020_NDES!$A$7:$A$6703,0),5),(INDEX(COMPOS!$A$4:$G$801,MATCH($B125,COMPOS!$A$4:A$801,0),4)))) -> 1.71 | G125: =(IF($A125="SINAPI",INDEX(SINAPI_NOV2020_NDES!$A$7:$H$6703,MATCH($B125,SINAPI_NOV2020_NDES!$A$7:$A$6703,0),6),(INDEX(COMPOS!$A$4:$G$801,MATCH($B125,COMPOS!$A$4:A$801,0),5)))) -> 7.6 | H125: =(IF($A125="SINAPI",INDEX(SINAPI_NOV2020_NDES!$A$7:$H$6703,MATCH($B125,SINAPI_NOV2020_NDES!$A$7:$A$6703,0),7),(INDEX(COMPOS!$A$4:$G$801,MATCH($B125,COMPOS!$A$4:A$801,0),6)))) -> 0 | I125: =SUM(F125:H125) -> 9.31 | J125: =+I125*E125 -> 176.89
A126: SINAPI | B126: 86877 | C126: =(IF($A126="SINAPI",INDEX(SINAPI_NOV2020_NDES!$A$7:$H$6703,MATCH($B126,SINAPI_NOV2020_NDES!$A$7:$A$6703,0),2),IF($A126="GOINFRA",INDEX(#REF!,MATCH($B126,#REF!,0),2),(INDEX(COMPOS!$A$4:$G$3900,MATCH($B126,COMPOS!$A$4:A$3900,0),2))))) -> VÁLVULA EM METAL CROMADO 1.1/2 X 1.1/2 PARA TANQUE OU LAVATÓRIO, COM OU SEM LADRÃO - FORNECIMENTO E INSTALAÇÃO. AF_01/2020 | D126: =(IF($A126="SINAPI",INDEX(SINAPI_NOV2020_NDES!$A$7:$H$6703,MATCH($B126,SINAPI_NOV2020_NDES!$A$7:$A$6703,0),3),IF($A126="GOINFRA",INDEX(#REF!,MATCH($B126,#REF!,0),3),(INDEX(COMPOS!$A$4:$G$39000,MATCH($B126,COMPOS!$A$4:A$39000,0),3))))) -> UN | E126: =15+4 -> 19 | F126: =(IF($A126="SINAPI",INDEX(SINAPI_NOV2020_NDES!$A$7:$H$6703,MATCH($B126,SINAPI_NOV2020_NDES!$A$7:$A$6703,0),5),(INDEX(COMPOS!$A$4:$G$801,MATCH($B126,COMPOS!$A$4:A$801,0),4)))) -> 3.54 | G126: =(IF($A126="SINAPI",INDEX(SINAPI_NOV2020_NDES!$A$7:$H$6703,MATCH($B126,SINAPI_NOV2020_NDES!$A$7:$A$6703,0),6),(INDEX(COMPOS!$A$4:$G$801,MATCH($B126,COMPOS!$A$4:A$801,0),5)))) -> 19.5 | H126: =(IF($A126="SINAPI",INDEX(SINAPI_NOV2020_NDES!$A$7:$H$6703,MATCH($B126,SINAPI_NOV2020_NDES!$A$7:$A$6703,0),7),(INDEX(COMPOS!$A$4:$G$801,MATCH($B126,COMPOS!$A$4:A$801,0),6)))) -> 0 | I126: =SUM(F126:H126) -> 23.04 | J126: =+I126*E126 -> 437.76
A127: SINAPI | B127: 86885 | C127: =(IF($A127="SINAPI",INDEX(SINAPI_NOV2020_NDES!$A$7:$H$6703,MATCH($B127,SINAPI_NOV2020_NDES!$A$7:$A$6703,0),2),IF($A127="GOINFRA",INDEX(#REF!,MATCH($B127,#REF!,0),2),(INDEX(COMPOS!$A$4:$G$3900,MATCH($B127,COMPOS!$A$4:A$3900,0),2))))) -> ENGATE FLEXÍVEL EM PLÁSTICO BRANCO, 1/2 X 40CM - FORNECIMENTO E INSTALAÇÃO. AF_01/2020 | D127: =(IF($A127="SINAPI",INDEX(SINAPI_NOV2020_NDES!$A$7:$H$6703,MATCH($B127,SINAPI_NOV2020_NDES!$A$7:$A$6703,0),3),IF($A127="GOINFRA",INDEX(#REF!,MATCH($B127,#REF!,0),3),(INDEX(COMPOS!$A$4:$G$39000,MATCH($B127,COMPOS!$A$4:A$39000,0),3))))) -> UN | E127: =5+19 -> 24 | F127: =(IF($A127="SINAPI",INDEX(SINAPI_NOV2020_NDES!$A$7:$H$6703,MATCH($B127,SINAPI_NOV2020_NDES!$A$7:$A$6703,0),5),(INDEX(COMPOS!$A$4:$G$801,MATCH($B127,COMPOS!$A$4:A$801,0),4)))) -> 3.12 | G127: =(IF($A127="SINAPI",INDEX(SINAPI_NOV2020_NDES!$A$7:$H$6703,MATCH($B127,SINAPI_NOV2020_NDES!$A$7:$A$6703,0),6),(INDEX(COMPOS!$A$4:$G$801,MATCH($B127,COMPOS!$A$4:A$801,0),5)))) -> 6.03 | H127: =(IF($A127="SINAPI",INDEX(SINAPI_NOV2020_NDES!$A$7:$H$6703,MATCH($B127,SINAPI_NOV2020_NDES!$A$7:$A$6703,0),7),(INDEX(COMPOS!$A$4:$G$801,MATCH($B127,COMPOS!$A$4:A$801,0),6)))) -> 0 | I127: =SUM(F127:H127) -> 9.15 | J127: =+I127*E127 -> 219.6
A128: SINAPI | B128: 86901 | C128: =(IF($A128="SINAPI",INDEX(SINAPI_NOV2020_NDES!$A$7:$H$6703,MATCH($B128,SINAPI_NOV2020_NDES!$A$7:$A$6703,0),2),IF($A128="GOINFRA",INDEX(#REF!,MATCH($B128,#REF!,0),2),(INDEX(COMPOS!$A$4:$G$3900,MATCH($B128,COMPOS!$A$4:A$3900,0),2))))) -> CUBA DE EMBUTIR OVAL EM LOUÇA BRANCA, 35 X 50CM OU EQUIVALENTE - FORNECIMENTO E INSTALAÇÃO. AF_01/2020 | D128: =(IF($A128="SINAPI",INDEX(SINAPI_NOV2020_NDES!$A$7:$H$6703,MATCH($B128,SINAPI_NOV2020_NDES!$A$7:$A$6703,0),3),IF($A128="GOINFRA",INDEX(#REF!,MATCH($B128,#REF!,0),3),(INDEX(COMPOS!$A$4:$G$39000,MATCH($B128,COMPOS!$A$4:A$39000,0),3))))) -> UN | E128: 15 | F128: =(IF($A128="SINAPI",INDEX(SINAPI_NOV2020_NDES!$A$7:$H$6703,MATCH($B128,SINAPI_NOV2020_NDES!$A$7:$A$6703,0),5),(INDEX(COMPOS!$A$4:$G$801,MATCH($B128,COMPOS!$A$4:A$801,0),4)))) -> 16.93 | G128: =(IF($A128="SINAPI",INDEX(SINAPI_NOV2020_NDES!$A$7:$H$6703,MATCH($B128,SINAPI_NOV2020_NDES!$A$7:$A$6703,0),6),(INDEX(COMPOS!$A$4:$G$801,MATCH($B128,COMPOS!$A$4:A$801,0),5)))) -> 98.56 | H128: =(IF($A128="SINAPI",INDEX(SINAPI_NOV2020_NDES!$A$7:$H$6703,MATCH($B128,SINAPI_NOV2020_NDES!$A$7:$A$6703,0),7),(INDEX(COMPOS!$A$4:$G$801,MATCH($B128,COMPOS!$A$4:A$801,0),6)))) -> 0 | I128: =SUM(F128:H128) -> 115.49 | J128: =+I128*E128 -> 1732.35
A129: COMPOS | B129: 786 | C129: =(IF($A129="SINAPI",INDEX(SINAPI_NOV2020_NDES!$A$7:$H$6703,MATCH($B129,SINAPI_NOV2020_NDES!$A$7:$A$6703,0),2),IF($A129="GOINFRA",INDEX(#REF!,MATCH($B129,#REF!,0),2),(INDEX(COMPOS!$A$4:$G$3900,MATCH($B129,COMPOS!$A$4:A$3900,0),2))))) -> PORTA PAPEL HIGIÊNICO EM LOUÇA - EMBUTIR | D129: =(IF($A129="SINAPI",INDEX(SINAPI_NOV2020_NDES!$A$7:$H$6703,MATCH($B129,SINAPI_NOV2020_NDES!$A$7:$A$6703,0),3),IF($A129="GOINFRA",INDEX(#REF!,MATCH($B129,#REF!,0),3),(INDEX(COMPOS!$A$4:$G$39000,MATCH($B129,COMPOS!$A$4:A$39000,0),3))))) -> UN | E129: 17 | F129: =(IF($A129="SINAPI",INDEX(SINAPI_NOV2020_NDES!$A$7:$H$6703,MATCH($B129,SINAPI_NOV2020_NDES!$A$7:$A$6703,0),5),(INDEX(COMPOS!$A$4:$G$801,MATCH($B129,COMPOS!$A$4:A$801,0),4)))) -> 18.365 | G129: =(IF($A129="SINAPI",INDEX(SINAPI_NOV2020_NDES!$A$7:$H$6703,MATCH($B129,SINAPI_NOV2020_NDES!$A$7:$A$6703,0),6),(INDEX(COMPOS!$A$4:$G$801,MATCH($B129,COMPOS!$A$4:A$801,0),5)))) -> 22.926 | H129: =(IF($A129="SINAPI",INDEX(SINAPI_NOV2020_NDES!$A$7:$H$6703,MATCH($B129,SINAPI_NOV2020_NDES!$A$7:$A$6703,0),7),(INDEX(COMPOS!$A$4:$G$801,MATCH($B129,COMPOS!$A$4:A$801,0),6)))) -> 0 | I129: =SUM(F129:H129) -> 41.291 | J129: =+I129*E129 -> 701.947
A130: COMPOS | B130: 424 | C130: =(IF($A130="SINAPI",INDEX(SINAPI_NOV2020_NDES!$A$7:$H$6703,MATCH($B130,SINAPI_NOV2020_NDES!$A$7:$A$6703,0),2),IF($A130="GOINFRA",INDEX(#REF!,MATCH($B130,#REF!,0),2),(INDEX(COMPOS!$A$4:$G$3900,MATCH($B130,COMPOS!$A$4:A$3900,0),2))))) -> LAVATÓRIO DE CANTO SEM COLUNA | D130: =(IF($A130="SINAPI",INDEX(SINAPI_NOV2020_NDES!$A$7:$H$6703,MATCH($B130,SINAPI_NOV2020_NDES!$A$7:$A$6703,0),3),IF($A130="GOINFRA",INDEX(#REF!,MATCH($B130,#REF!,0),3),(INDEX(COMPOS!$A$4:$G$39000,MATCH($B130,COMPOS!$A$4:A$39000,0),3))))) -> UN | E130: 4 | F130: =(IF($A130="SINAPI",INDEX(SINAPI_NOV2020_NDES!$A$7:$H$6703,MATCH($B130,SINAPI_NOV2020_NDES!$A$7:$A$6703,0),5),(INDEX(COMPOS!$A$4:$G$801,MATCH($B130,COMPOS!$A$4:A$801,0),4)))) -> 41.685798 | G130: =(IF($A130="SINAPI",INDEX(SINAPI_NOV2020_NDES!$A$7:$H$6703,MATCH($B130,SINAPI_NOV2020_NDES!$A$7:$A$6703,0),6),(INDEX(COMPOS!$A$4:$G$801,MATCH($B130,COMPOS!$A$4:A$801,0),5)))) -> 166.57448 | H130: =(IF($A130="SINAPI",INDEX(SINAPI_NOV2020_NDES!$A$7:$H$6703,MATCH($B130,SINAPI_NOV2020_NDES!$A$7:$A$6703,0),7),(INDEX(COMPOS!$A$4:$G$801,MATCH($B130,COMPOS!$A$4:A$801,0),6)))) -> 0 | I130: =SUM(F130:H130) -> 208.26028 | J130: =+I130*E130 -> 833.0411
A131: SINAPI | B131: 100858 | C131: =(IF($A131="SINAPI",INDEX(SINAPI_NOV2020_NDES!$A$7:$H$6703,MATCH($B131,SINAPI_NOV2020_NDES!$A$7:$A$6703,0),2),IF($A131="GOINFRA",INDEX(#REF!,MATCH($B131,#REF!,0),2),(INDEX(COMPOS!$A$4:$G$3900,MATCH($B131,COMPOS!$A$4:A$3900,0),2))))) -> MICTÓRIO SIFONADO LOUÇA BRANCA  PADRÃO MÉDIO  FORNECIMENTO E INSTALAÇÃO. AF_01/2020 | D131: =(IF($A131="SINAPI",INDEX(SINAPI_NOV2020_NDES!$A$7:$H$6703,MATCH($B131,SINAPI_NOV2020_NDES!$A$7:$A$6703,0),3),IF($A131="GOINFRA",INDEX(#REF!,MATCH($B131,#REF!,0),3),(INDEX(COMPOS!$A$4:$G$39000,MATCH($B131,COMPOS!$A$4:A$39000,0),3))))) -> UN | E131: 3 | F131: =(IF($A131="SINAPI",INDEX(SINAPI_NOV2020_NDES!$A$7:$H$6703,MATCH($B131,SINAPI_NOV2020_NDES!$A$7:$A$6703,0),5),(INDEX(COMPOS!$A$4:$G$801,MATCH($B131,COMPOS!$A$4:A$801,0),4)))) -> 20.6 | G131: =(IF($A131="SINAPI",INDEX(SINAPI_NOV2020_NDES!$A$7:$H$6703,MATCH($B131,SINAPI_NOV2020_NDES!$A$7:$A$6703,0),6),(INDEX(COMPOS!$A$4:$G$801,MATCH($B131,COMPOS!$A$4:A$801,0),5)))) -> 433.06 | H131: =(IF($A131="SINAPI",INDEX(SINAPI_NOV2020_NDES!$A$7:$H$6703,MATCH($B131,SINAPI_NOV2020_NDES!$A$7:$A$6703,0),7),(INDEX(COMPOS!$A$4:$G$801,MATCH($B131,COMPOS!$A$4:A$801,0),6)))) -> 0 | I131: =SUM(F131:H131) -> 453.66 | J131: =+I131*E131 -> 1360.98
A132: SINAPI | B132: 100860 | C132: =(IF($A132="SINAPI",INDEX(SINAPI_NOV2020_NDES!$A$7:$H$6703,MATCH($B132,SINAPI_NOV2020_NDES!$A$7:$A$6703,0),2),IF($A132="GOINFRA",INDEX(#REF!,MATCH($B132,#REF!,0),2),(INDEX(COMPOS!$A$4:$G$3900,MATCH($B132,COMPOS!$A$4:A$3900,0),2))))) -> CHUVEIRO ELÉTRICO COMUM CORPO PLÁSTICO, TIPO DUCHA  FORNECIMENTO E INSTALAÇÃO. AF_01/2020 | D132: =(IF($A132="SINAPI",INDEX(SINAPI_NOV2020_NDES!$A$7:$H$6703,MATCH($B132,SINAPI_NOV2020_NDES!$A$7:$A$6703,0),3),IF($A132="GOINFRA",INDEX(#REF!,MATCH($B132,#REF!,0),3),(INDEX(COMPOS!$A$4:$G$39000,MATCH($B132,COMPOS!$A$4:A$39000,0),3))))) -> UN | E132: 3 | F132: =(IF($A132="SINAPI",INDEX(SINAPI_NOV2020_NDES!$A$7:$H$6703,MATCH($B132,SINAPI_NOV2020_NDES!$A$7:$A$6703,0),5),(INDEX(COMPOS!$A$4:$G$801,MATCH($B132,COMPOS!$A$4:A$801,0),4)))) -> 9.12 | G132: =(IF($A132="SINAPI",INDEX(SINAPI_NOV2020_NDES!$A$7:$H$6703,MATCH($B132,SINAPI_NOV2020_NDES!$A$7:$A$6703,0),6),(INDEX(COMPOS!$A$4:$G$801,MATCH($B132,COMPOS!$A$4:A$801,0),5)))) -> 57.45 | H132: =(IF($A132="SINAPI",INDEX(SINAPI_NOV2020_NDES!$A$7:$H$6703,MATCH($B132,SINAPI_NOV2020_NDES!$A$7:$A$6703,0),7),(INDEX(COMPOS!$A$4:$G$801,MATCH($B132,COMPOS!$A$4:A$801,0),6)))) -> 0 | I132: =SUM(F132:H132) -> 66.57 | J132: =+I132*E132 -> 199.71
A133: COMPOS | B133: 617 | C133: =(IF($A133="SINAPI",INDEX(SINAPI_NOV2020_NDES!$A$7:$H$6703,MATCH($B133,SINAPI_NOV2020_NDES!$A$7:$A$6703,0),2),IF($A133="GOINFRA",INDEX(#REF!,MATCH($B133,#REF!,0),2),(INDEX(COMPOS!$A$4:$G$3900,MATCH($B133,COMPOS!$A$4:A$3900,0),2))))) -> MEIA SABONETEIRA EM LOUÇA DE EMBUTIR | D133: =(IF($A133="SINAPI",INDEX(SINAPI_NOV2020_NDES!$A$7:$H$6703,MATCH($B133,SINAPI_NOV2020_NDES!$A$7:$A$6703,0),3),IF($A133="GOINFRA",INDEX(#REF!,MATCH($B133,#REF!,0),3),(INDEX(COMPOS!$A$4:$G$39000,MATCH($B133,COMPOS!$A$4:A$39000,0),3))))) -> UN | E133: 4 | F133: =(IF($A133="SINAPI",INDEX(SINAPI_NOV2020_NDES!$A$7:$H$6703,MATCH($B133,SINAPI_NOV2020_NDES!$A$7:$A$6703,0),5),(INDEX(COMPOS!$A$4:$G$801,MATCH($B133,COMPOS!$A$4:A$801,0),4)))) -> 18.405 | G133: =(IF($A133="SINAPI",INDEX(SINAPI_NOV2020_NDES!$A$7:$H$6703,MATCH($B133,SINAPI_NOV2020_NDES!$A$7:$A$6703,0),6),(INDEX(COMPOS!$A$4:$G$801,MATCH($B133,COMPOS!$A$4:A$801,0),5)))) -> 21.501 | H133: =(IF($A133="SINAPI",INDEX(SINAPI_NOV2020_NDES!$A$7:$H$6703,MATCH($B133,SINAPI_NOV2020_NDES!$A$7:$A$6703,0),7),(INDEX(COMPOS!$A$4:$G$801,MATCH($B133,COMPOS!$A$4:A$801,0),6)))) -> 0 | I133: =SUM(F133:H133) -> 39.906 | J133: =+I133*E133 -> 159.624
A134: SINAPI | B134: 86935 | C134: =(IF($A134="SINAPI",INDEX(SINAPI_NOV2020_NDES!$A$7:$H$6703,MATCH($B134,SINAPI_NOV2020_NDES!$A$7:$A$6703,0),2),IF($A134="GOINFRA",INDEX(#REF!,MATCH($B134,#REF!,0),2),(INDEX(COMPOS!$A$4:$G$3900,MATCH($B134,COMPOS!$A$4:A$3900,0),2))))) -> CUBA DE EMBUTIR DE AÇO INOXIDÁVEL MÉDIA, INCLUSO VÁLVULA TIPO AMERICANA EM METAL CROMADO E SIFÃO FLEXÍVEL EM PVC - FORNECIMENTO E INSTALAÇÃO. AF_01/2020 | D134: =(IF($A134="SINAPI",INDEX(SINAPI_NOV2020_NDES!$A$7:$H$6703,MATCH($B134,SINAPI_NOV2020_NDES!$A$7:$A$6703,0),3),IF($A134="GOINFRA",INDEX(#REF!,MATCH($B134,#REF!,0),3),(INDEX(COMPOS!$A$4:$G$39000,MATCH($B134,COMPOS!$A$4:A$39000,0),3))))) -> UN | E134: 2 | F134: =(IF($A134="SINAPI",INDEX(SINAPI_NOV2020_NDES!$A$7:$H$6703,MATCH($B134,SINAPI_NOV2020_NDES!$A$7:$A$6703,0),5),(INDEX(COMPOS!$A$4:$G$801,MATCH($B134,COMPOS!$A$4:A$801,0),4)))) -> 14.79 | G134: =(IF($A134="SINAPI",INDEX(SINAPI_NOV2020_NDES!$A$7:$H$6703,MATCH($B134,SINAPI_NOV2020_NDES!$A$7:$A$6703,0),6),(INDEX(COMPOS!$A$4:$G$801,MATCH($B134,COMPOS!$A$4:A$801,0),5)))) -> 181.27 | H134: =(IF($A134="SINAPI",INDEX(SINAPI_NOV2020_NDES!$A$7:$H$6703,MATCH($B134,SINAPI_NOV2020_NDES!$A$7:$A$6703,0),7),(INDEX(COMPOS!$A$4:$G$801,MATCH($B134,COMPOS!$A$4:A$801,0),6)))) -> 0 | I134: =SUM(F134:H134) -> 196.06 | J134: =+I134*E134 -> 392.12
A135: SINAPI | B135: 86911 | C135: =(IF($A135="SINAPI",INDEX(SINAPI_NOV2020_NDES!$A$7:$H$6703,MATCH($B135,SINAPI_NOV2020_NDES!$A$7:$A$6703,0),2),IF($A135="GOINFRA",INDEX(#REF!,MATCH($B135,#REF!,0),2),(INDEX(COMPOS!$A$4:$G$3900,MATCH($B135,COMPOS!$A$4:A$3900,0),2))))) -> TORNEIRA CROMADA LONGA, DE PAREDE, 1/2 OU 3/4, PARA PIA DE COZINHA, PADRÃO POPULAR - FORNECIMENTO E INSTALAÇÃO. AF_01/2020 | D135: =(IF($A135="SINAPI",INDEX(SINAPI_NOV2020_NDES!$A$7:$H$6703,MATCH($B135,SINAPI_NOV2020_NDES!$A$7:$A$6703,0),3),IF($A135="GOINFRA",INDEX(#REF!,MATCH($B135,#REF!,0),3),(INDEX(COMPOS!$A$4:$G$39000,MATCH($B135,COMPOS!$A$4:A$39000,0),3))))) -> UN | E135: 2 | F135: =(IF($A135="SINAPI",INDEX(SINAPI_NOV2020_NDES!$A$7:$H$6703,MATCH($B135,SINAPI_NOV2020_NDES!$A$7:$A$6703,0),5),(INDEX(COMPOS!$A$4:$G$801,MATCH($B135,COMPOS!$A$4:A$801,0),4)))) -> 2.36 | G135: =(IF($A135="SINAPI",INDEX(SINAPI_NOV2020_NDES!$A$7:$H$6703,MATCH($B135,SINAPI_NOV2020_NDES!$A$7:$A$6703,0),6),(INDEX(COMPOS!$A$4:$G$801,MATCH($B135,COMPOS!$A$4:A$801,0),5)))) -> 34.35 | H135: =(IF($A135="SINAPI",INDEX(SINAPI_NOV2020_NDES!$A$7:$H$6703,MATCH($B135,SINAPI_NOV2020_NDES!$A$7:$A$6703,0),7),(INDEX(COMPOS!$A$4:$G$801,MATCH($B135,COMPOS!$A$4:A$801,0),6)))) -> 0 | I135: =SUM(F135:H135) -> 36.71 | J135: =+I135*E135 -> 73.42
A136: SINAPI | B136: 86876 | C136: =(IF($A136="SINAPI",INDEX(SINAPI_NOV2020_NDES!$A$7:$H$6703,MATCH($B136,SINAPI_NOV2020_NDES!$A$7:$A$6703,0),2),IF($A136="GOINFRA",INDEX(#REF!,MATCH($B136,#REF!,0),2),(INDEX(COMPOS!$A$4:$G$3900,MATCH($B136,COMPOS!$A$4:A$3900,0),2))))) -> TANQUE DE MÁRMORE SINTÉTICO SUSPENSO, 22L OU EQUIVALENTE - FORNECIMENTO E INSTALAÇÃO. AF_01/2020 | D136: =(IF($A136="SINAPI",INDEX(SINAPI_NOV2020_NDES!$A$7:$H$6703,MATCH($B136,SINAPI_NOV2020_NDES!$A$7:$A$6703,0),3),IF($A136="GOINFRA",INDEX(#REF!,MATCH($B136,#REF!,0),3),(INDEX(COMPOS!$A$4:$G$39000,MATCH($B136,COMPOS!$A$4:A$39000,0),3))))) -> UN | E136: 1 | F136: =(IF($A136="SINAPI",INDEX(SINAPI_NOV2020_NDES!$A$7:$H$6703,MATCH($B136,SINAPI_NOV2020_NDES!$A$7:$A$6703,0),5),(INDEX(COMPOS!$A$4:$G$801,MATCH($B136,COMPOS!$A$4:A$801,0),4)))) -> 15.49 | G136: =(IF($A136="SINAPI",INDEX(SINAPI_NOV2020_NDES!$A$7:$H$6703,MATCH($B136,SINAPI_NOV2020_NDES!$A$7:$A$6703,0),6),(INDEX(COMPOS!$A$4:$G$801,MATCH($B136,COMPOS!$A$4:A$801,0),5)))) -> 201.48 | H136: =(IF($A136="SINAPI",INDEX(SINAPI_NOV2020_NDES!$A$7:$H$6703,MATCH($B136,SINAPI_NOV2020_NDES!$A$7:$A$6703,0),7),(INDEX(COMPOS!$A$4:$G$801,MATCH($B136,COMPOS!$A$4:A$801,0),6)))) -> 0 | I136: =SUM(F136:H136) -> 216.97 | J136: =+I136*E136 -> 216.97
A137: SINAPI | B137: 86913 | C137: =(IF($A137="SINAPI",INDEX(SINAPI_NOV2020_NDES!$A$7:$H$6703,MATCH($B137,SINAPI_NOV2020_NDES!$A$7:$A$6703,0),2),IF($A137="GOINFRA",INDEX(#REF!,MATCH($B137,#REF!,0),2),(INDEX(COMPOS!$A$4:$G$3900,MATCH($B137,COMPOS!$A$4:A$3900,0),2))))) -> TORNEIRA CROMADA 1/2 OU 3/4 PARA TANQUE, PADRÃO POPULAR - FORNECIMENTO E INSTALAÇÃO. AF_01/2020 | D137: =(IF($A137="SINAPI",INDEX(SINAPI_NOV2020_NDES!$A$7:$H$6703,MATCH($B137,SINAPI_NOV2020_NDES!$A$7:$A$6703,0),3),IF($A137="GOINFRA",INDEX(#REF!,MATCH($B137,#REF!,0),3),(INDEX(COMPOS!$A$4:$G$39000,MATCH($B137,COMPOS!$A$4:A$39000,0),3))))) -> UN | E137: 1 | F137: =(IF($A137="SINAPI",INDEX(SINAPI_NOV2020_NDES!$A$7:$H$6703,MATCH($B137,SINAPI_NOV2020_NDES!$A$7:$A$6703,0),5),(INDEX(COMPOS!$A$4:$G$801,MATCH($B137,COMPOS!$A$4:A$801,0),4)))) -> 3.11 | G137: =(IF($A137="SINAPI",INDEX(SINAPI_NOV2020_NDES!$A$7:$H$6703,MATCH($B137,SINAPI_NOV2020_NDES!$A$7:$A$6703,0),6),(INDEX(COMPOS!$A$4:$G$801,MATCH($B137,COMPOS!$A$4:A$801,0),5)))) -> 13.76 | H137: =(IF($A137="SINAPI",INDEX(SINAPI_NOV2020_NDES!$A$7:$H$6703,MATCH($B137,SINAPI_NOV2020_NDES!$A$7:$A$6703,0),7),(INDEX(COMPOS!$A$4:$G$801,MATCH($B137,COMPOS!$A$4:A$801,0),6)))) -> 0 | I137: =SUM(F137:H137) -> 16.87 | J137: =+I137*E137 -> 16.87
A138: SINAPI | B138: 86879 | C138: =(IF($A138="SINAPI",INDEX(SINAPI_NOV2020_NDES!$A$7:$H$6703,MATCH($B138,SINAPI_NOV2020_NDES!$A$7:$A$6703,0),2),IF($A138="GOINFRA",INDEX(#REF!,MATCH($B138,#REF!,0),2),(INDEX(COMPOS!$A$4:$G$3900,MATCH($B138,COMPOS!$A$4:A$3900,0),2))))) -> VÁLVULA EM PLÁSTICO 1 PARA PIA, TANQUE OU LAVATÓRIO, COM OU SEM LADRÃO - FORNECIMENTO E INSTALAÇÃO. AF_01/2020 | D138: =(IF($A138="SINAPI",INDEX(SINAPI_NOV2020_NDES!$A$7:$H$6703,MATCH($B138,SINAPI_NOV2020_NDES!$A$7:$A$6703,0),3),IF($A138="GOINFRA",INDEX(#REF!,MATCH($B138,#REF!,0),3),(INDEX(COMPOS!$A$4:$G$39000,MATCH($B138,COMPOS!$A$4:A$39000,0),3))))) -> UN | E138: 1 | F138: =(IF($A138="SINAPI",INDEX(SINAPI_NOV2020_NDES!$A$7:$H$6703,MATCH($B138,SINAPI_NOV2020_NDES!$A$7:$A$6703,0),5),(INDEX(COMPOS!$A$4:$G$801,MATCH($B138,COMPOS!$A$4:A$801,0),4)))) -> 2.52 | G138: =(IF($A138="SINAPI",INDEX(SINAPI_NOV2020_NDES!$A$7:$H$6703,MATCH($B138,SINAPI_NOV2020_NDES!$A$7:$A$6703,0),6),(INDEX(COMPOS!$A$4:$G$801,MATCH($B138,COMPOS!$A$4:A$801,0),5)))) -> 3.31 | H138: =(IF($A138="SINAPI",INDEX(SINAPI_NOV2020_NDES!$A$7:$H$6703,MATCH($B138,SINAPI_NOV2020_NDES!$A$7:$A$6703,0),7),(INDEX(COMPOS!$A$4:$G$801,MATCH($B138,COMPOS!$A$4:A$801,0),6)))) -> 0 | I138: =SUM(F138:H138) -> 5.83 | J138: =+I138*E138 -> 5.83
A139: SINAPI | B139: 86883 | C139: =(IF($A139="SINAPI",INDEX(SINAPI_NOV2020_NDES!$A$7:$H$6703,MATCH($B139,SINAPI_NOV2020_NDES!$A$7:$A$6703,0),2),IF($A139="GOINFRA",INDEX(#REF!,MATCH($B139,#REF!,0),2),(INDEX(COMPOS!$A$4:$G$3900,MATCH($B139,COMPOS!$A$4:A$3900,0),2))))) -> SIFÃO DO TIPO FLEXÍVEL EM PVC 1 X 1.1/2 - FORNECIMENTO E INSTALAÇÃO. AF_01/2020 | D139: =(IF($A139="SINAPI",INDEX(SINAPI_NOV2020_NDES!$A$7:$H$6703,MATCH($B139,SINAPI_NOV2020_NDES!$A$7:$A$6703,0),3),IF($A139="GOINFRA",INDEX(#REF!,MATCH($B139,#REF!,0),3),(INDEX(COMPOS!$A$4:$G$39000,MATCH($B139,COMPOS!$A$4:A$39000,0),3))))) -> UN | E139: 1 | F139: =(IF($A139="SINAPI",INDEX(SINAPI_NOV2020_NDES!$A$7:$H$6703,MATCH($B139,SINAPI_NOV2020_NDES!$A$7:$A$6703,0),5),(INDEX(COMPOS!$A$4:$G$801,MATCH($B139,COMPOS!$A$4:A$801,0),4)))) -> 1.71 | G139: =(IF($A139="SINAPI",INDEX(SINAPI_NOV2020_NDES!$A$7:$H$6703,MATCH($B139,SINAPI_NOV2020_NDES!$A$7:$A$6703,0),6),(INDEX(COMPOS!$A$4:$G$801,MATCH($B139,COMPOS!$A$4:A$801,0),5)))) -> 7.6 | H139: =(IF($A139="SINAPI",INDEX(SINAPI_NOV2020_NDES!$A$7:$H$6703,MATCH($B139,SINAPI_NOV2020_NDES!$A$7:$A$6703,0),7),(INDEX(COMPOS!$A$4:$G$801,MATCH($B139,COMPOS!$A$4:A$801,0),6)))) -> 0 | I139: =SUM(F139:H139) -> 9.31 | J139: =+I139*E139 -> 9.31
... A146: COMPOS | B146: 379 | C146: =(IF($A146="SINAPI",INDEX(SINAPI_NOV2020_NDES!$A$7:$H$6703,MATCH($B146,SINAPI_NOV2020_NDES!$A$7:$A$6703,0),2),IF($A146="GOINFRA",INDEX(#REF!,MATCH($B146,#REF!,0),2),(INDEX(COMPOS!$A$4:$G$3900,MATCH($B146,COMPOS!$A$4:A$3900,0),2))))) -> PORTA GRELHA QUADRADA PVC CROMADO, DIAM. 150MM | D146: =(IF($A146="SINAPI",INDEX(SINAPI_NOV2020_NDES!$A$7:$H$6703,MATCH($B146,SINAPI_NOV2020_NDES!$A$7:$A$6703,0),3),IF($A146="GOINFRA",INDEX(#REF!,MATCH($B146,#REF!,0),3),(INDEX(COMPOS!$A$4:$G$39000,MATCH($B146,COMPOS!$A$4:A$39000,0),3))))) -> UN | E146: 7 | F146: =(IF($A146="SINAPI",INDEX(SINAPI_NOV2020_NDES!$A$7:$H$6703,MATCH($B146,SINAPI_NOV2020_NDES!$A$7:$A$6703,0),5),(INDEX(COMPOS!$A$4:$G$801,MATCH($B146,COMPOS!$A$4:A$801,0),4)))) -> 3.744 | G146: =(IF($A146="SINAPI",INDEX(SINAPI_NOV2020_NDES!$A$7:$H$6703,MATCH($B146,SINAPI_NOV2020_NDES!$A$7:$A$6703,0),6),(INDEX(COMPOS!$A$4:$G$801,MATCH($B146,COMPOS!$A$4:A$801,0),5)))) -> 6.36 | H146: =(IF($A146="SINAPI",INDEX(SINAPI_NOV2020_NDES!$A$7:$H$6703,MATCH($B146,SINAPI_NOV2020_NDES!$A$7:$A$6703,0),7),(INDEX(COMPOS!$A$4:$G$801,MATCH($B146,COMPOS!$A$4:A$801,0),6)))) -> 0 | I146: =SUM(F146:H146) -> 10.104 | J146: =+I146*E146 -> 70.728
A147: SUB-TOTAL | J147: =SUM(J119:J146) -> 13301.339
B148: 174 | C148: IMPERMEABILIZAÇÃO
A149: COMPOS | B149: 340 | C149: =(IF($A149="SINAPI",INDEX(SINAPI_NOV2020_NDES!$A$7:$H$6703,MATCH($B149,SINAPI_NOV2020_NDES!$A$7:$A$6703,0),2),IF($A149="GOINFRA",INDEX(#REF!,MATCH($B149,#REF!,0),2),(INDEX(COMPOS!$A$4:$G$390,MATCH($B149,COMPOS!$A$4:A$390,0),2))))) -> MASTIQUE A BASE DE POLIURETANO COM PRÉVIO PREPARO E TRATAMENTO DA SUPERFÍCIE | D149: =(IF($A149="SINAPI",INDEX(SINAPI_NOV2020_NDES!$A$7:$H$6703,MATCH($B149,SINAPI_NOV2020_NDES!$A$7:$A$6703,0),3),IF($A149="GOINFRA",INDEX(#REF!,MATCH($B149,#REF!,0),3),(INDEX(COMPOS!$A$4:$G$39000,MATCH($B149,COMPOS!$A$4:A$39000,0),3))))) -> CM3 | E149: 8400 | F149: =(IF($A149="SINAPI",INDEX(SINAPI_NOV2020_NDES!$A$7:$H$6703,MATCH($B149,SINAPI_NOV2020_NDES!$A$7:$A$6703,0),5),(INDEX(COMPOS!$A$4:$G$801,MATCH($B149,COMPOS!$A$4:A$801,0),4)))) -> 0.08694 | G149: =(IF($A149="SINAPI",INDEX(SINAPI_NOV2020_NDES!$A$7:$H$6703,MATCH($B149,SINAPI_NOV2020_NDES!$A$7:$A$6703,0),6),(INDEX(COMPOS!$A$4:$G$801,MATCH($B149,COMPOS!$A$4:A$801,0),5)))) -> 0.087484 | H149: =(IF($A149="SINAPI",INDEX(SINAPI_NOV2020_NDES!$A$7:$H$6703,MATCH($B149,SINAPI_NOV2020_NDES!$A$7:$A$6703,0),7),(INDEX(COMPOS!$A$4:$G$801,MATCH($B149,COMPOS!$A$4:A$801,0),6)))) -> 0 | I149: =SUM(F149:H149) -> 0.174424 | J149: =+I149*E149 -> 1465.1616
A150: SUB-TOTAL | J150: =SUM(J149) -> 1465.1616
B151: 179 | C151: ESQUADRIAS DE MADEIRAS
A152: SINAPI | B152: 90842 | C152: =(IF($A152="SINAPI",INDEX(SINAPI_NOV2020_NDES!$A$7:$H$6703,MATCH($B152,SINAPI_NOV2020_NDES!$A$7:$A$6703,0),2),IF($A152="GOINFRA",INDEX(#REF!,MATCH($B152,#REF!,0),2),(INDEX(COMPOS!$A$4:$G$390,MATCH($B152,COMPOS!$A$4:A$390,0),2))))) -> KIT DE PORTA DE MADEIRA PARA PINTURA, SEMI-OCA (LEVE OU MÉDIA), PADRÃO MÉDIO, 70X210CM, ESPESSURA DE 3,5CM, ITENS INCLUSOS: DOBRADIÇAS, MONTAGEM E INSTALAÇÃO DO BATENTE, FECHADURA COM EXECUÇÃO DO FURO - FORNECIMENTO E INSTALAÇÃO. AF_12/2019 | D152: =(IF($A152="SINAPI",INDEX(SINAPI_NOV2020_NDES!$A$7:$H$6703,MATCH($B152,SINAPI_NOV2020_NDES!$A$7:$A$6703,0),3),IF($A152="GOINFRA",INDEX(#REF!,MATCH($B152,#REF!,0),3),(INDEX(COMPOS!$A$4:$G$39000,MATCH($B152,COMPOS!$A$4:A$39000,0),3))))) -> UN | E152: 4 | F152: =(IF($A152="SINAPI",INDEX(SINAPI_NOV2020_NDES!$A$7:$H$6703,MATCH($B152,SINAPI_NOV2020_NDES!$A$7:$A$6703,0),5),(INDEX(COMPOS!$A$4:$G$801,MATCH($B152,COMPOS!$A$4:A$801,0),4)))) -> 204.37 | G152: =(IF($A152="SINAPI",INDEX(SINAPI_NOV2020_NDES!$A$7:$H$6703,MATCH($B152,SINAPI_NOV2020_NDES!$A$7:$A$6703,0),6),(INDEX(COMPOS!$A$4:$G$801,MATCH($B152,COMPOS!$A$4:A$801,0),5)))) -> 474.09 | H152: =(IF($A152="SINAPI",INDEX(SINAPI_NOV2020_NDES!$A$7:$H$6703,MATCH($B152,SINAPI_NOV2020_NDES!$A$7:$A$6703,0),7),(INDEX(COMPOS!$A$4:$G$801,MATCH($B152,COMPOS!$A$4:A$801,0),6)))) -> 0 | I152: =SUM(F152:H152) -> 678.46 | J152: =+I152*E152 -> 2713.84
A153: SINAPI | B153: 90843 | C153: =(IF($A153="SINAPI",INDEX(SINAPI_NOV2020_NDES!$A$7:$H$6703,MATCH($B153,SINAPI_NOV2020_NDES!$A$7:$A$6703,0),2),IF($A153="GOINFRA",INDEX(#REF!,MATCH($B153,#REF!,0),2),(INDEX(COMPOS!$A$4:$G$390,MATCH($B153,COMPOS!$A$4:A$390,0),2))))) -> KIT DE PORTA DE MADEIRA PARA PINTURA, SEMI-OCA (LEVE OU MÉDIA), PADRÃO MÉDIO, 80X210CM, ESPESSURA DE 3,5CM, ITENS INCLUSOS: DOBRADIÇAS, MONTAGEM E INSTALAÇÃO DO BATENTE, FECHADURA COM EXECUÇÃO DO FURO - FORNECIMENTO E INSTALAÇÃO. AF_12/2019 | D153: =(IF($A153="SINAPI",INDEX(SINAPI_NOV2020_NDES!$A$7:$H$6703,MATCH($B153,SINAPI_NOV2020_NDES!$A$7:$A$6703,0),3),IF($A153="GOINFRA",INDEX(#REF!,MATCH($B153,#REF!,0),3),(INDEX(COMPOS!$A$4:$G$39000,MATCH($B153,COMPOS!$A$4:A$39000,0),3))))) -> UN | E153: 13 | F153: =(IF($A153="SINAPI",INDEX(SINAPI_NOV2020_NDES!$A$7:$H$6703,MATCH($B153,SINAPI_NOV2020_NDES!$A$7:$A$6703,0),5),(INDEX(COMPOS!$A$4:$G$801,MATCH($B153,COMPOS!$A$4:A$801,0),4)))) -> 215.01 | G153: =(IF($A153="SINAPI",INDEX(SINAPI_NOV2020_NDES!$A$7:$H$6703,MATCH($B153,SINAPI_NOV2020_NDES!$A$7:$A$6703,0),6),(INDEX(COMPOS!$A$4:$G$801,MATCH($B153,COMPOS!$A$4:A$801,0),5)))) -> 498.49 | H153: =(IF($A153="SINAPI",INDEX(SINAPI_NOV2020_NDES!$A$7:$H$6703,MATCH($B153,SINAPI_NOV2020_NDES!$A$7:$A$6703,0),7),(INDEX(COMPOS!$A$4:$G$801,MATCH($B153,COMPOS!$A$4:A$801,0),6)))) -> 0 | I153: =SUM(F153:H153) -> 713.5 | J153: =+I153*E153 -> 9275.5
A154: SINAPI | B154: 90844 | C154: =(IF($A154="SINAPI",INDEX(SINAPI_NOV2020_NDES!$A$7:$H$6703,MATCH($B154,SINAPI_NOV2020_NDES!$A$7:$A$6703,0),2),IF($A154="GOINFRA",INDEX(#REF!,MATCH($B154,#REF!,0),2),(INDEX(COMPOS!$A$4:$G$390,MATCH($B154,COMPOS!$A$4:A$390,0),2))))) -> KIT DE PORTA DE MADEIRA PARA PINTURA, SEMI-OCA (LEVE OU MÉDIA), PADRÃO MÉDIO, 90X210CM, ESPESSURA DE 3,5CM, ITENS INCLUSOS: DOBRADIÇAS, MONTAGEM E INSTALAÇÃO DO BATENTE, FECHADURA COM EXECUÇÃO DO FURO - FORNECIMENTO E INSTALAÇÃO. AF_12/2019 | D154: =(IF($A154="SINAPI",INDEX(SINAPI_NOV2020_NDES!$A$7:$H$6703,MATCH($B154,SINAPI_NOV2020_NDES!$A$7:$A$6703,0),3),IF($A154="GOINFRA",INDEX(#REF!,MATCH($B154,#REF!,0),3),(INDEX(COMPOS!$A$4:$G$39000,MATCH($B154,COMPOS!$A$4:A$39000,0),3))))) -> UN | E154: 8 | F154: =(IF($A154="SINAPI",INDEX(SINAPI_NOV2020_NDES!$A$7:$H$6703,MATCH($B154,SINAPI_NOV2020_NDES!$A$7:$A$6703,0),5),(INDEX(COMPOS!$A$4:$G$801,MATCH($B154,COMPOS!$A$4:A$801,0),4)))) -> 219.09 | G154: =(IF($A154="SINAPI",INDEX(SINAPI_NOV2020_NDES!$A$7:$H$6703,MATCH($B154,SINAPI_NOV2020_NDES!$A$7:$A$6703,0),6),(INDEX(COMPOS!$A$4:$G$801,MATCH($B154,COMPOS!$A$4:A$801,0),5)))) -> 545.33 | H154: =(IF($A154="SINAPI",INDEX(SINAPI_NOV2020_NDES!$A$7:$H$6703,MATCH($B154,SINAPI_NOV2020_NDES!$A$7:$A$6703,0),7),(INDEX(COMPOS!$A$4:$G$801,MATCH($B154,COMPOS!$A$4:A$801,0),6)))) -> 0 | I154: =SUM(F154:H154) -> 764.42 | J154: =+I154*E154 -> 6115.36
A155: COMPOS | B155: 345 | C155: =(IF($A155="SINAPI",INDEX(SINAPI_NOV2020_NDES!$A$7:$H$6703,MATCH($B155,SINAPI_NOV2020_NDES!$A$7:$A$6703,0),2),IF($A155="GOINFRA",INDEX(#REF!,MATCH($B155,#REF!,0),2),(INDEX(COMPOS!$A$4:$G$390,MATCH($B155,COMPOS!$A$4:A$390,0),2))))) -> KIT DE PORTA DE MADEIRA PARA PINTURA, SEMI-OCA (LEVE OU MÉDIA), PADRÃO MÉDIO, 110 X 210CM, ESPESSURA DE 3,5CM, ITENS INCLUSOS: DOBRADIÇAS, MONTAGEM E INSTALAÇÃO DO BATENTE, FECHADURA COM EXECUÇÃO DO FURO – FORNECIMENTO E INSTALAÇÃO | D155: =(IF($A155="SINAPI",INDEX(SINAPI_NOV2020_NDES!$A$7:$H$6703,MATCH($B155,SINAPI_NOV2020_NDES!$A$7:$A$6703,0),3),IF($A155="GOINFRA",INDEX(#REF!,MATCH($B155,#REF!,0),3),(INDEX(COMPOS!$A$4:$G$39000,MATCH($B155,COMPOS!$A$4:A$39000,0),3))))) -> UN | E155: 1 | F155: =(IF($A155="SINAPI",INDEX(SINAPI_NOV2020_NDES!$A$7:$H$6703,MATCH($B155,SINAPI_NOV2020_NDES!$A$7:$A$6703,0),5),(INDEX(COMPOS!$A$4:$G$801,MATCH($B155,COMPOS!$A$4:A$801,0),4)))) -> 162.94345 | G155: =(IF($A155="SINAPI",INDEX(SINAPI_NOV2020_NDES!$A$7:$H$6703,MATCH($B155,SINAPI_NOV2020_NDES!$A$7:$A$6703,0),6),(INDEX(COMPOS!$A$4:$G$801,MATCH($B155,COMPOS!$A$4:A$801,0),5)))) -> 777.60461 | H155: =(IF($A155="SINAPI",INDEX(SINAPI_NOV2020_NDES!$A$7:$H$6703,MATCH($B155,SINAPI_NOV2020_NDES!$A$7:$A$6703,0),7),(INDEX(COMPOS!$A$4:$G$801,MATCH($B155,COMPOS!$A$4:A$801,0),6)))) -> 0 | I155: =SUM(F155:H155) -> 940.54805 | J155: =+I155*E155 -> 940.54805
A156: COMPOS | B156: 552 | C156: =(IF($A156="SINAPI",INDEX(SINAPI_NOV2020_NDES!$A$7:$H$6703,MATCH($B156,SINAPI_NOV2020_NDES!$A$7:$A$6703,0),2),IF($A156="GOINFRA",INDEX(#REF!,MATCH($B156,#REF!,0),2),(INDEX(COMPOS!$A$4:$G$390,MATCH($B156,COMPOS!$A$4:A$390,0),2))))) -> TAMPA CEGA PARA CONDULETE METÁLICO | D156: =(IF($A156="SINAPI",INDEX(SINAPI_NOV2020_NDES!$A$7:$H$6703,MATCH($B156,SINAPI_NOV2020_NDES!$A$7:$A$6703,0),3),IF($A156="GOINFRA",INDEX(#REF!,MATCH($B156,#REF!,0),3),(INDEX(COMPOS!$A$4:$G$39000,MATCH($B156,COMPOS!$A$4:A$39000,0),3))))) -> UN | E156: 8 | F156: =(IF($A156="SINAPI",INDEX(SINAPI_NOV2020_NDES!$A$7:$H$6703,MATCH($B156,SINAPI_NOV2020_NDES!$A$7:$A$6703,0),5),(INDEX(COMPOS!$A$4:$G$801,MATCH($B156,COMPOS!$A$4:A$801,0),4)))) -> 1.1589 | G156: =(IF($A156="SINAPI",INDEX(SINAPI_NOV2020_NDES!$A$7:$H$6703,MATCH($B156,SINAPI_NOV2020_NDES!$A$7:$A$6703,0),6),(INDEX(COMPOS!$A$4:$G$801,MATCH($B156,COMPOS!$A$4:A$801,0),5)))) -> 2.36 | H156: =(IF($A156="SINAPI",INDEX(SINAPI_NOV2020_NDES!$A$7:$H$6703,MATCH($B156,SINAPI_NOV2020_NDES!$A$7:$A$6703,0),7),(INDEX(COMPOS!$A$4:$G$801,MATCH($B156,COMPOS!$A$4:A$801,0),6)))) -> 0 | I156: =SUM(F156:H156) -> 3.5189 | J156: =+I156*E156 -> 28.1512
A157: COMPOS | B157: 553 | C157: =(IF($A157="SINAPI",INDEX(SINAPI_NOV2020_NDES!$A$7:$H$6703,MATCH($B157,SINAPI_NOV2020_NDES!$A$7:$A$6703,0),2),IF($A157="GOINFRA",INDEX(#REF!,MATCH($B157,#REF!,0),2),(INDEX(COMPOS!$A$4:$G$390,MATCH($B157,COMPOS!$A$4:A$390,0),2))))) -> ADEQUAÇÃO DE VÃO EXISTENTE COM 80CM PARA PORTAS DE MADEIRA COM LARGURA DE 110CM | D157: =(IF($A157="SINAPI",INDEX(SINAPI_NOV2020_NDES!$A$7:$H$6703,MATCH($B157,SINAPI_NOV2020_NDES!$A$7:$A$6703,0),3),IF($A157="GOINFRA",INDEX(#REF!,MATCH($B157,#REF!,0),3),(INDEX(COMPOS!$A$4:$G$39000,MATCH($B157,COMPOS!$A$4:A$39000,0),3))))) -> UN | E157: 1 | F157: =(IF($A157="SINAPI",INDEX(SINAPI_NOV2020_NDES!$A$7:$H$6703,MATCH($B157,SINAPI_NOV2020_NDES!$A$7:$A$6703,0),5),(INDEX(COMPOS!$A$4:$G$801,MATCH($B157,COMPOS!$A$4:A$801,0),4)))) -> 58.154117 | G157: =(IF($A157="SINAPI",INDEX(SINAPI_NOV2020_NDES!$A$7:$H$6703,MATCH($B157,SINAPI_NOV2020_NDES!$A$7:$A$6703,0),6),(INDEX(COMPOS!$A$4:$G$801,MATCH($B157,COMPOS!$A$4:A$801,0),5)))) -> 38.364513 | H157: =(IF($A157="SINAPI",INDEX(SINAPI_NOV2020_NDES!$A$7:$H$6703,MATCH($B157,SINAPI_NOV2020_NDES!$A$7:$A$6703,0),7),(INDEX(COMPOS!$A$4:$G$801,MATCH($B157,COMPOS!$A$4:A$801,0),6)))) -> 0 | I157: =SUM(F157:H157) -> 96.51863 | J157: =+I157*E157 -> 96.51863
A158: SUB-TOTAL | J158: =SUM(J152:J157) -> 19169.918
B159: 180 | C159: ESQUADRIAS METÁLICAS
A160: COMPOS | B160: 96 | C160: PG3 (Esquadria metálica com vidro 2F) 200x280 | D160: =(IF($A160="SINAPI",INDEX(SINAPI_NOV2020_NDES!$A$7:$H$6703,MATCH($B160,SINAPI_NOV2020_NDES!$A$7:$A$6703,0),3),IF($A160="GOINFRA",INDEX(#REF!,MATCH($B160,#REF!,0),3),(INDEX(COMPOS!$A$4:$G$39000,MATCH($B160,COMPOS!$A$4:A$39000,0),3))))) -> M2 | E160: 5.6 | F160: =(IF($A160="SINAPI",INDEX(SINAPI_NOV2020_NDES!$A$7:$H$6703,MATCH($B160,SINAPI_NOV2020_NDES!$A$7:$A$6703,0),5),(INDEX(COMPOS!$A$4:$G$801,MATCH($B160,COMPOS!$A$4:A$801,0),4)))) -> 47.084743 | G160: =(IF($A160="SINAPI",INDEX(SINAPI_NOV2020_NDES!$A$7:$H$6703,MATCH($B160,SINAPI_NOV2020_NDES!$A$7:$A$6703,0),6),(INDEX(COMPOS!$A$4:$G$801,MATCH($B160,COMPOS!$A$4:A$801,0),5)))) -> 474.43686 | H160: =(IF($A160="SINAPI",INDEX(SINAPI_NOV2020_NDES!$A$7:$H$6703,MATCH($B160,SINAPI_NOV2020_NDES!$A$7:$A$6703,0),7),(INDEX(COMPOS!$A$4:$G$801,MATCH($B160,COMPOS!$A$4:A$801,0),6)))) -> 0 | I160: =SUM(F160:H160) -> 521.5216 | J160: =+I160*E160 -> 2920.521
A161: COMPOS | B161: 161 | C161: PG4 (Esquadria metálica 2F) 150x280 | D161: =(IF($A161="SINAPI",INDEX(SINAPI_NOV2020_NDES!$A$7:$H$6703,MATCH($B161,SINAPI_NOV2020_NDES!$A$7:$A$6703,0),3),IF($A161="GOINFRA",INDEX(#REF!,MATCH($B161,#REF!,0),3),(INDEX(COMPOS!$A$4:$G$39000,MATCH($B161,COMPOS!$A$4:A$39000,0),3))))) -> M2 | E161: 12.6 | F161: =(IF($A161="SINAPI",INDEX(SINAPI_NOV2020_NDES!$A$7:$H$6703,MATCH($B161,SINAPI_NOV2020_NDES!$A$7:$A$6703,0),5),(INDEX(COMPOS!$A$4:$G$801,MATCH($B161,COMPOS!$A$4:A$801,0),4)))) -> 47.084743 | G161: =(IF($A161="SINAPI",INDEX(SINAPI_NOV2020_NDES!$A$7:$H$6703,MATCH($B161,SINAPI_NOV2020_NDES!$A$7:$A$6703,0),6),(INDEX(COMPOS!$A$4:$G$801,MATCH($B161,COMPOS!$A$4:A$801,0),5)))) -> 632.31753 | H161: =(IF($A161="SINAPI",INDEX(SINAPI_NOV2020_NDES!$A$7:$H$6703,MATCH($B161,SINAPI_NOV2020_NDES!$A$7:$A$6703,0),7),(INDEX(COMPOS!$A$4:$G$801,MATCH($B161,COMPOS!$A$4:A$801,0),6)))) -> 0 | I161: =SUM(F161:H161) -> 679.40227 | J161: =+I161*E161 -> 8560.4686
A162: COMPOS | B162: 12 | C162: PG5 (Esquadria metálica) 100x280 | D162: =(IF($A162="SINAPI",INDEX(SINAPI_NOV2020_NDES!$A$7:$H$6703,MATCH($B162,SINAPI_NOV2020_NDES!$A$7:$A$6703,0),3),IF($A162="GOINFRA",INDEX(#REF!,MATCH($B162,#REF!,0),3),(INDEX(COMPOS!$A$4:$G$39000,MATCH($B162,COMPOS!$A$4:A$39000,0),3))))) -> M2 | E162: 2.8 | F162: =(IF($A162="SINAPI",INDEX(SINAPI_NOV2020_NDES!$A$7:$H$6703,MATCH($B162,SINAPI_NOV2020_NDES!$A$7:$A$6703,0),5),(INDEX(COMPOS!$A$4:$G$801,MATCH($B162,COMPOS!$A$4:A$801,0),4)))) -> 47.084743 | G162: =(IF($A162="SINAPI",INDEX(SINAPI_NOV2020_NDES!$A$7:$H$6703,MATCH($B162,SINAPI_NOV2020_NDES!$A$7:$A$6703,0),6),(INDEX(COMPOS!$A$4:$G$801,MATCH($B162,COMPOS!$A$4:A$801,0),5)))) -> 545.27532 | H162: =(IF($A162="SINAPI",INDEX(SINAPI_NOV2020_NDES!$A$7:$H$6703,MATCH($B162,SINAPI_NOV2020_NDES!$A$7:$A$6703,0),7),(INDEX(COMPOS!$A$4:$G$801,MATCH($B162,COMPOS!$A$4:A$801,0),6)))) -> 0 | I162: =SUM(F162:H162) -> 592.36006 | J162: =+I162*E162 -> 1658.6082
A163: COMPOS | B163: 9 | C163: PS (Esquadria metálica) 90x210 | D163: =(IF($A163="SINAPI",INDEX(SINAPI_NOV2020_NDES!$A$7:$H$6703,MATCH($B163,SINAPI_NOV2020_NDES!$A$7:$A$6703,0),3),IF($A163="GOINFRA",INDEX(#REF!,MATCH($B163,#REF!,0),3),(INDEX(COMPOS!$A$4:$G$39000,MATCH($B163,COMPOS!$A$4:A$39000,0),3))))) -> M2 | E163: 18.9 | F163: =(IF($A163="SINAPI",INDEX(SINAPI_NOV2020_NDES!$A$7:$H$6703,MATCH($B163,SINAPI_NOV2020_NDES!$A$7:$A$6703,0),5),(INDEX(COMPOS!$A$4:$G$801,MATCH($B163,COMPOS!$A$4:A$801,0),4)))) -> 47.084743 | G163: =(IF($A163="SINAPI",INDEX(SINAPI_NOV2020_NDES!$A$7:$H$6703,MATCH($B163,SINAPI_NOV2020_NDES!$A$7:$A$6703,0),6),(INDEX(COMPOS!$A$4:$G$801,MATCH($B163,COMPOS!$A$4:A$801,0),5)))) -> 544.3386 | H163: =(IF($A163="SINAPI",INDEX(SINAPI_NOV2020_NDES!$A$7:$H$6703,MATCH($B163,SINAPI_NOV2020_NDES!$A$7:$A$6703,0),7),(INDEX(COMPOS!$A$4:$G$801,MATCH($B163,COMPOS!$A$4:A$801,0),6)))) -> 0 | I163: =SUM(F163:H163) -> 591.42334 | J163: =+I163*E163 -> 11177.901
A164: COMPOS | B164: 153 | C164: P3 (Esquadria metálica) 70x210 | D164: =(IF($A164="SINAPI",INDEX(SINAPI_NOV2020_NDES!$A$7:$H$6703,MATCH($B164,SINAPI_NOV2020_NDES!$A$7:$A$6703,0),3),IF($A164="GOINFRA",INDEX(#REF!,MATCH($B164,#REF!,0),3),(INDEX(COMPOS!$A$4:$G$39000,MATCH($B164,COMPOS!$A$4:A$39000,0),3))))) -> M2 | E164: 8.82 | F164: =(IF($A164="SINAPI",INDEX(SINAPI_NOV2020_NDES!$A$7:$H$6703,MATCH($B164,SINAPI_NOV2020_NDES!$A$7:$A$6703,0),5),(INDEX(COMPOS!$A$4:$G$801,MATCH($B164,COMPOS!$A$4:A$801,0),4)))) -> 47.084743 | G164: =(IF($A164="SINAPI",INDEX(SINAPI_NOV2020_NDES!$A$7:$H$6703,MATCH($B164,SINAPI_NOV2020_NDES!$A$7:$A$6703,0),6),(INDEX(COMPOS!$A$4:$G$801,MATCH($B164,COMPOS!$A$4:A$801,0),5)))) -> 436.37289 | H164: =(IF($A164="SINAPI",INDEX(SINAPI_NOV2020_NDES!$A$7:$H$6703,MATCH($B164,SINAPI_NOV2020_NDES!$A$7:$A$6703,0),7),(INDEX(COMPOS!$A$4:$G$801,MATCH($B164,COMPOS!$A$4:A$801,0),6)))) -> 0 | I164: =SUM(F164:H164) -> 483.45763 | J164: =+I164*E164 -> 4264.0963
A165: COMPOS | B165: 107 | C165: P4 (Esquadria metálica) 60x180 | D165: =(IF($A165="SINAPI",INDEX(SINAPI_NOV2020_NDES!$A$7:$H$6703,MATCH($B165,SINAPI_NOV2020_NDES!$A$7:$A$6703,0),3),IF($A165="GOINFRA",INDEX(#REF!,MATCH($B165,#REF!,0),3),(INDEX(COMPOS!$A$4:$G$39000,MATCH($B165,COMPOS!$A$4:A$39000,0),3))))) -> M2 | E165: 8.64 | F165: =(IF($A165="SINAPI",INDEX(SINAPI_NOV2020_NDES!$A$7:$H$6703,MATCH($B165,SINAPI_NOV2020_NDES!$A$7:$A$6703,0),5),(INDEX(COMPOS!$A$4:$G$801,MATCH($B165,COMPOS!$A$4:A$801,0),4)))) -> 47.084743 | G165: =(IF($A165="SINAPI",INDEX(SINAPI_NOV2020_NDES!$A$7:$H$6703,MATCH($B165,SINAPI_NOV2020_NDES!$A$7:$A$6703,0),6),(INDEX(COMPOS!$A$4:$G$801,MATCH($B165,COMPOS!$A$4:A$801,0),5)))) -> 433.56921 | H165: =(IF($A165="SINAPI",INDEX(SINAPI_NOV2020_NDES!$A$7:$H$6703,MATCH($B165,SINAPI_NOV2020_NDES!$A$7:$A$6703,0),7),(INDEX(COMPOS!$A$4:$G$801,MATCH($B165,COMPOS!$A$4:A$801,0),6)))) -> 0 | I165: =SUM(F165:H165) -> 480.65395 | J165: =+I165*E165 -> 4152.8502
...

Sheet VISITA_ÍNTIMA
A4: OBRA: | C4: =+RESUMO!B5 -> CONCLUSÃO DA CONSTRUÇÃO DO CENTRO DE ATENDIMENTO SÓCIO EDUCATIVO - CASE ITUMBIARA
A5: TABELA: | C5: =+RESUMO!B6 -> SINAPI – NOVEMBRO/2020 (ONERADA)
A6: DATA: | C6: =+RESUMO!B7 -> MAIO / 2021
A7: PROCESSO: | C7: 2.0200004e+18
A8: BLOCO: | C8: VISITA INTIMA
A9: ÁREA: | C9: 45,04m²
A11: TABELA | B11: CÓDIGO | C11: SERVIÇO | D11: UND | E11: QTDE | F11: M.OBRA | G11: MATERIAL | H11: EQUIP | I11: C. UNIT. (R$) | J11: C. TOTAL (R$)
B13: 165 | C13: TRANSPORTES
A14: COMPOS | B14: 450 | C14: =(IF($A14="SINAPI",INDEX(SINAPI_NOV2020_NDES!$A$7:$H$6703,MATCH($B14,SINAPI_NOV2020_NDES!$A$7:$A$6703,0),2),IF($A14="GOINFRA",INDEX(#REF!,MATCH($B14,#REF!,0),2),(INDEX(COMPOS!$A$4:$G$3900,MATCH($B14,COMPOS!$A$4:A$3900,0),2))))) -> TRANSPORTE DE ENTULHO EM CAÇAMBA ESTACIONÁRIA INCLUSO A CARGA MANUAL | D14: =(IF($A14="SINAPI",INDEX(SINAPI_NOV2020_NDES!$A$7:$H$6790,MATCH($B14,SINAPI_NOV2020_NDES!$A$7:$A$6790,0),3),(INDEX(COMPOS!$A$4:$G$5000,MATCH($B14,COMPOS!$A$4:$A$5000,0),3)))) -> M3 | E14: =45.04*0.07*0.5 -> 1.5764 | F14: =(IF($A14="SINAPI",INDEX(SINAPI_NOV2020_NDES!$A$7:$H$6703,MATCH($B14,SINAPI_NOV2020_NDES!$A$7:$A$6703,0),5),(INDEX(COMPOS!$A$4:$G$801,MATCH($B14,COMPOS!$A$4:A$801,0),4)))) -> 10.8792 | G14: =(IF($A14="SINAPI",INDEX(SINAPI_NOV2020_NDES!$A$7:$H$6703,MATCH($B14,SINAPI_NOV2020_NDES!$A$7:$A$6703,0),6),(INDEX(COMPOS!$A$4:$G$801,MATCH($B14,COMPOS!$A$4:A$801,0),5)))) -> 50.39 | H14: =(IF($A14="SINAPI",INDEX(SINAPI_NOV2020_NDES!$A$7:$H$6703,MATCH($B14,SINAPI_NOV2020_NDES!$A$7:$A$6703,0),7),(INDEX(COMPOS!$A$4:$G$801,MATCH($B14,COMPOS!$A$4:A$801,0),6)))) -> 0 | I14: =SUM(F14:H14) -> 61.2692 | J14: =+I14*E14 -> 96.584767
A15: SUB-TOTAL | J15: =SUM(J14) -> 96.584767
B16: 166 | C16: SERVIÇO EM TERRA
A17: COMPOS | B17: 305 | C17: =(IF($A17="SINAPI",INDEX(SINAPI_NOV2020_NDES!$A$7:$H$6703,MATCH($B17,SINAPI_NOV2020_NDES!$A$7:$A$6703,0),2),IF($A17="GOINFRA",INDEX(#REF!,MATCH($B17,#REF!,0),2),(INDEX(COMPOS!$A$4:$G$390,MATCH($B17,COMPOS!$A$4:A$390,0),2))))) -> REGULARIZAÇÃO DO TERRENO SEM APILOAMENTO COM TRANSPORTE MANUAL DE TERRA ESCAVADA | D17: =(IF($A17="SINAPI",INDEX(SINAPI_NOV2020_NDES!$A$7:$H$6790,MATCH($B17,SINAPI_NOV2020_NDES!$A$7:$A$6790,0),3),(INDEX(COMPOS!$A$4:$G$5000,MATCH($B17,COMPOS!$A$4:$A$5000,0),3)))) -> M2 | E17: =38.82+24.26 -> 63.08 | F17: =(IF($A17="SINAPI",INDEX(SINAPI_NOV2020_NDES!$A$7:$H$6703,MATCH($B17,SINAPI_NOV2020_NDES!$A$7:$A$6703,0),5),(INDEX(COMPOS!$A$4:$G$801,MATCH($B17,COMPOS!$A$4:A$801,0),4)))) -> 2.842123 | G17: =(IF($A17="SINAPI",INDEX(SINAPI_NOV2020_NDES!$A$7:$H$6703,MATCH($B17,SINAPI_NOV2020_NDES!$A$7:$A$6703,0),6),(INDEX(COMPOS!$A$4:$G$801,MATCH($B17,COMPOS!$A$4:A$801,0),5)))) -> 0 | H17: =(IF($A17="SINAPI",INDEX(SINAPI_NOV2020_NDES!$A$7:$H$6703,MATCH($B17,SINAPI_NOV2020_NDES!$A$7:$A$6703,0),7),(INDEX(COMPOS!$A$4:$G$801,MATCH($B17,COMPOS!$A$4:A$801,0),6)))) -> 0 | I17: =SUM(F17:H17) -> 2.842123 | J17: =+I17*E17 -> 179.28112
A18: COMPOS | B18: 302 | C18: =(IF($A18="SINAPI",INDEX(SINAPI_NOV2020_NDES!$A$7:$H$6703,MATCH($B18,SINAPI_NOV2020_NDES!$A$7:$A$6703,0),2),IF($A18="GOINFRA",INDEX(#REF!,MATCH($B18,#REF!,0),2),(INDEX(COMPOS!$A$4:$G$390,MATCH($B18,COMPOS!$A$4:A$390,0),2))))) -> APILOAMENTO | D18: =(IF($A18="SINAPI",INDEX(SINAPI_NOV2020_NDES!$A$7:$H$6790,MATCH($B18,SINAPI_NOV2020_NDES!$A$7:$A$6790,0),3),(INDEX(COMPOS!$A$4:$G$5000,MATCH($B18,COMPOS!$A$4:$A$5000,0),3)))) -> M2 | E18: =E17 -> 63.08 | F18: =(IF($A18="SINAPI",INDEX(SINAPI_NOV2020_NDES!$A$7:$H$6703,MATCH($B18,SINAPI_NOV2020_NDES!$A$7:$A$6703,0),5),(INDEX(COMPOS!$A$4:$G$801,MATCH($B18,COMPOS!$A$4:A$801,0),4)))) -> 6.044 | G18: =(IF($A18="SINAPI",INDEX(SINAPI_NOV2020_NDES!$A$7:$H$6703,MATCH($B18,SINAPI_NOV2020_NDES!$A$7:$A$6703,0),6),(INDEX(COMPOS!$A$4:$G$801,MATCH($B18,COMPOS!$A$4:A$801,0),5)))) -> 0 | H18: =(IF($A18="SINAPI",INDEX(SINAPI_NOV2020_NDES!$A$7:$H$6703,MATCH($B18,SINAPI_NOV2020_NDES!$A$7:$A$6703,0),7),(INDEX(COMPOS!$A$4:$G$801,MATCH($B18,COMPOS!$A$4:A$801,0),6)))) -> 0 | I18: =SUM(F18:H18) -> 6.044 | J18: =+I18*E18 -> 381.25552
A19: COMPOS | B19: 303 | C19: =(IF($A19="SINAPI",INDEX(SINAPI_NOV2020_NDES!$A$7:$H$6703,MATCH($B19,SINAPI_NOV2020_NDES!$A$7:$A$6703,0),2),IF($A19="GOINFRA",INDEX(#REF!,MATCH($B19,#REF!,0),2),(INDEX(COMPOS!$A$4:$G$390,MATCH($B19,COMPOS!$A$4:A$390,0),2))))) -> ATERRO INTERNO SEM APILOAMENTO | D19: =(IF($A19="SINAPI",INDEX(SINAPI_NOV2020_NDES!$A$7:$H$6790,MATCH($B19,SINAPI_NOV2020_NDES!$A$7:$A$6790,0),3),(INDEX(COMPOS!$A$4:$G$5000,MATCH($B19,COMPOS!$A$4:$A$5000,0),3)))) -> M3 | E19: =38.82*0.2 -> 7.764 | F19: =(IF($A19="SINAPI",INDEX(SINAPI_NOV2020_NDES!$A$7:$H$6703,MATCH($B19,SINAPI_NOV2020_NDES!$A$7:$A$6703,0),5),(INDEX(COMPOS!$A$4:$G$801,MATCH($B19,COMPOS!$A$4:A$801,0),4)))) -> 30.22 | G19: =(IF($A19="SINAPI",INDEX(SINAPI_NOV2020_NDES!$A$7:$H$6703,MATCH($B19,SINAPI_NOV2020_NDES!$A$7:$A$6703,0),6),(INDEX(COMPOS!$A$4:$G$801,MATCH($B19,COMPOS!$A$4:A$801,0),5)))) -> 0 | H19: =(IF($A19="SINAPI",INDEX(SINAPI_NOV2020_NDES!$A$7:$H$6703,MATCH($B19,SINAPI_NOV2020_NDES!$A$7:$A$6703,0),7),(INDEX(COMPOS!$A$4:$G$801,MATCH($B19,COMPOS!$A$4:A$801,0),6)))) -> 0 | I19: =SUM(F19:H19) -> 30.22 | J19: =+I19*E19 -> 234.62808
A20: SUB-TOTAL | J20: =SUM(J17:J19) -> 795.16472
B21: 168 | C21: ESTRUTURA
A22: COMPOS | B22: 307 | C22: =(IF($A22="SINAPI",INDEX(SINAPI_NOV2020_NDES!$A$7:$H$6703,MATCH($B22,SINAPI_NOV2020_NDES!$A$7:$A$6703,0),2),IF($A22="GOINFRA",INDEX(#REF!,MATCH($B22,#REF!,0),2),(INDEX(COMPOS!$A$4:$G$390,MATCH($B22,COMPOS!$A$4:A$390,0),2))))) -> FORMA CHAPA COMPENSADA 12MM – VIGA/PILAR U=3X (OBRAS CIVIS) | D22: =(IF($A22="SINAPI",INDEX(SINAPI_NOV2020_NDES!$A$7:$H$6790,MATCH($B22,SINAPI_NOV2020_NDES!$A$7:$A$6790,0),3),(INDEX(COMPOS!$A$4:$G$5000,MATCH($B22,COMPOS!$A$4:$A$5000,0),3)))) -> M2 | E22: 9.22 | F22: =(IF($A22="SINAPI",INDEX(SINAPI_NOV2020_NDES!$A$7:$H$6703,MATCH($B22,SINAPI_NOV2020_NDES!$A$7:$A$6703,0),5),(INDEX(COMPOS!$A$4:$G$801,MATCH($B22,COMPOS!$A$4:A$801,0),4)))) -> 49.3965 | G22: =(IF($A22="SINAPI",INDEX(SINAPI_NOV2020_NDES!$A$7:$H$6703,MATCH($B22,SINAPI_NOV2020_NDES!$A$7:$A$6703,0),6),(INDEX(COMPOS!$A$4:$G$801,MATCH($B22,COMPOS!$A$4:A$801,0),5)))) -> 30.385095 | H22: =(IF($A22="SINAPI",INDEX(SINAPI_NOV2020_NDES!$A$7:$H$6703,MATCH($B22,SINAPI_NOV2020_NDES!$A$7:$A$6703,0),7),(INDEX(COMPOS!$A$4:$G$801,MATCH($B22,COMPOS!$A$4:A$801,0),6)))) -> 0 | I22: =SUM(F22:H22) -> 79.781595 | J22: =+I22*E22 -> 735.58631
A23: SINAPI | B23: 92775 | C23: =(IF($A23="SINAPI",INDEX(SINAPI_NOV2020_NDES!$A$7:$H$6703,MATCH($B23,SINAPI_NOV2020_NDES!$A$7:$A$6703,0),2),IF($A23="GOINFRA",INDEX(#REF!,MATCH($B23,#REF!,0),2),(INDEX(COMPOS!$A$4:$G$390,MATCH($B23,COMPOS!$A$4:A$390,0),2))))) -> ARMAÇÃO DE PILAR OU VIGA DE UMA ESTRUTURA CONVENCIONAL DE CONCRETO ARMADO EM UMA EDIFICAÇÃO TÉRREA OU SOBRADO UTILIZANDO AÇO CA-60 DE 5,0 MM - MONTAGEM. AF_12/2015 | D23: =(IF($A23="SINAPI",INDEX(SINAPI_NOV2020_NDES!$A$7:$H$6790,MATCH($B23,SINAPI_NOV2020_NDES!$A$7:$A$6790,0),3),(INDEX(COMPOS!$A$4:$G$5000,MATCH($B23,COMPOS!$A$4:$A$5000,0),3)))) -> KG | E23: 25.54 | F23: =(IF($A23="SINAPI",INDEX(SINAPI_NOV2020_NDES!$A$7:$H$6703,MATCH($B23,SINAPI_NOV2020_NDES!$A$7:$A$6703,0),5),(INDEX(COMPOS!$A$4:$G$801,MATCH($B23,COMPOS!$A$4:A$801,0),4)))) -> 5.68 | G23: =(IF($A23="SINAPI",INDEX(SINAPI_NOV2020_NDES!$A$7:$H$6703,MATCH($B23,SINAPI_NOV2020_NDES!$A$7:$A$6703,0),6),(INDEX(COMPOS!$A$4:$G$801,MATCH($B23,COMPOS!$A$4:A$801,0),5)))) -> 8.75 | H23: =(IF($A23="SINAPI",INDEX(SINAPI_NOV2020_NDES!$A$7:$H$6703,MATCH($B23,SINAPI_NOV2020_NDES!$A$7:$A$6703,0),7),(INDEX(COMPOS!$A$4:$G$801,MATCH($B23,COMPOS!$A$4:A$801,0),6)))) -> 0 | I23: =SUM(F23:H23) -> 14.43 | J23: =+I23*E23 -> 368.5422
A24: SINAPI | B24: 92776 | C24: =(IF($A24="SINAPI",INDEX(SINAPI_NOV2020_NDES!$A$7:$H$6703,MATCH($B24,SINAPI_NOV2020_NDES!$A$7:$A$6703,0),2),IF($A24="GOINFRA",INDEX(#REF!,MATCH($B24,#REF!,0),2),(INDEX(COMPOS!$A$4:$G$390,MATCH($B24,COMPOS!$A$4:A$390,0),2))))) -> ARMAÇÃO DE PILAR OU VIGA DE UMA ESTRUTURA CONVENCIONAL DE CONCRETO ARMADO EM UMA EDIFICAÇÃO TÉRREA OU SOBRADO UTILIZANDO AÇO CA-50 DE 6,3 MM - MONTAGEM. AF_12/2015 | D24: =(IF($A24="SINAPI",INDEX(SINAPI_NOV2020_NDES!$A$7:$H$6790,MATCH($B24,SINAPI_NOV2020_NDES!$A$7:$A$6790,0),3),(INDEX(COMPOS!$A$4:$G$5000,MATCH($B24,COMPOS!$A$4:$A$5000,0),3)))) -> KG | E24: 31 | F24: =(IF($A24="SINAPI",INDEX(SINAPI_NOV2020_NDES!$A$7:$H$6703,MATCH($B24,SINAPI_NOV2020_NDES!$A$7:$A$6703,0),5),(INDEX(COMPOS!$A$4:$G$801,MATCH($B24,COMPOS!$A$4:A$801,0),4)))) -> 4.02 | G24: =(IF($A24="SINAPI",INDEX(SINAPI_NOV2020_NDES!$A$7:$H$6703,MATCH($B24,SINAPI_NOV2020_NDES!$A$7:$A$6703,0),6),(INDEX(COMPOS!$A$4:$G$801,MATCH($B24,COMPOS!$A$4:A$801,0),5)))) -> 9.03 | H24: =(IF($A24="SINAPI",INDEX(SINAPI_NOV2020_NDES!$A$7:$H$6703,MATCH($B24,SINAPI_NOV2020_NDES!$A$7:$A$6703,0),7),(INDEX(COMPOS!$A$4:$G$801,MATCH($B24,COMPOS!$A$4:A$801,0),6)))) -> 0 | I24: =SUM(F24:H24) -> 13.05 | J24: =+I24*E24 -> 404.55
A25: SINAPI | B25: 94965 | C25: =(IF($A25="SINAPI",INDEX(SINAPI_NOV2020_NDES!$A$7:$H$6703,MATCH($B25,SINAPI_NOV2020_NDES!$A$7:$A$6703,0),2),IF($A25="GOINFRA",INDEX(#REF!,MATCH($B25,#REF!,0),2),(INDEX(COMPOS!$A$4:$G$390,MATCH($B25,COMPOS!$A$4:A$390,0),2))))) -> CONCRETO FCK = 25MPA, TRAÇO 1:2,3:2,7 (CIMENTO/ AREIA MÉDIA/ BRITA 1) - PREPARO MECÂNICO COM BETONEIRA 400 L. AF_07/2016 | D25: =(IF($A25="SINAPI",INDEX(SINAPI_NOV2020_NDES!$A$7:$H$6790,MATCH($B25,SINAPI_NOV2020_NDES!$A$7:$A$6790,0),3),(INDEX(COMPOS!$A$4:$G$5000,MATCH($B25,COMPOS!$A$4:$A$5000,0),3)))) -> M3 | E25: 0.88 | F25: =(IF($A25="SINAPI",INDEX(SINAPI_NOV2020_NDES!$A$7:$H$6703,MATCH($B25,SINAPI_NOV2020_NDES!$A$7:$A$6703,0),5),(INDEX(COMPOS!$A$4:$G$801,MATCH($B25,COMPOS!$A$4:A$801,0),4)))) -> 54.49 | G25: =(IF($A25="SINAPI",INDEX(SINAPI_NOV2020_NDES!$A$7:$H$6703,MATCH($B25,SINAPI_NOV2020_NDES!$A$7:$A$6703,0),6),(INDEX(COMPOS!$A$4:$G$801,MATCH($B25,COMPOS!$A$4:A$801,0),5)))) -> 326.26 | H25: =(IF($A25="SINAPI",INDEX(SINAPI_NOV2020_NDES!$A$7:$H$6703,MATCH($B25,SINAPI_NOV2020_NDES!$A$7:$A$6703,0),7),(INDEX(COMPOS!$A$4:$G$801,MATCH($B25,COMPOS!$A$4:A$801,0),6)))) -> 0.53 | I25: =SUM(F25:H25) -> 381.28 | J25: =+I25*E25 -> 335.5264
A26: SINAPI | B26: 92873 | C26: =(IF($A26="SINAPI",INDEX(SINAPI_NOV2020_NDES!$A$7:$H$6703,MATCH($B26,SINAPI_NOV2020_NDES!$A$7:$A$6703,0),2),IF($A26="GOINFRA",INDEX(#REF!,MATCH($B26,#REF!,0),2),(INDEX(COMPOS!$A$4:$G$390,MATCH($B26,COMPOS!$A$4:A$390,0),2))))) -> LANÇAMENTO COM USO DE BALDES, ADENSAMENTO E ACABAMENTO DE CONCRETO EM ESTRUTURAS. AF_12/2015 | D26: =(IF($A26="SINAPI",INDEX(SINAPI_NOV2020_NDES!$A$7:$H$6790,MATCH($B26,SINAPI_NOV2020_NDES!$A$7:$A$6790,0),3),(INDEX(COMPOS!$A$4:$G$5000,MATCH($B26,COMPOS!$A$4:$A$5000,0),3)))) -> M3 | E26: 0.88 | F26: =(IF($A26="SINAPI",INDEX(SINAPI_NOV2020_NDES!$A$7:$H$6703,MATCH($B26,SINAPI_NOV2020_NDES!$A$7:$A$6703,0),5),(INDEX(COMPOS!$A$4:$G$801,MATCH($B26,COMPOS!$A$4:A$801,0),4)))) -> 121.95 | G26: =(IF($A26="SINAPI",INDEX(SINAPI_NOV2020_NDES!$A$7:$H$6703,MATCH($B26,SINAPI_NOV2020_NDES!$A$7:$A$6703,0),6),(INDEX(COMPOS!$A$4:$G$801,MATCH($B26,COMPOS!$A$4:A$801,0),5)))) -> 41.44 | H26: =(IF($A26="SINAPI",INDEX(SINAPI_NOV2020_NDES!$A$7:$H$6703,MATCH($B26,SINAPI_NOV2020_NDES!$A$7:$A$6703,0),7),(INDEX(COMPOS!$A$4:$G$801,MATCH($B26,COMPOS!$A$4:A$801,0),6)))) -> 0.9 | I26: =SUM(F26:H26) -> 164.29 | J26: =+I26*E26 -> 144.5752
A27: SUB-TOTAL | J27: =SUM(J22:J26) -> 1988.7801
B28: 169 | C28: INST. ELÉT./TELEFÔNICA/CABEAMENTO ESTRUTURADO
A29: SINAPI | B29: 91927 | C29: =(IF($A29="SINAPI",INDEX(SINAPI_NOV2020_NDES!$A$7:$H$6703,MATCH($B29,SINAPI_NOV2020_NDES!$A$7:$A$6703,0),2),IF($A29="GOINFRA",INDEX(#REF!,MATCH($B29,#REF!,0),2),(INDEX(COMPOS!$A$4:$G$390,MATCH($B29,COMPOS!$A$4:A$390,0),2))))) -> CABO DE COBRE FLEXÍVEL ISOLADO, 2,5 MM², ANTI-CHAMA 0,6/1,0 KV, PARA CIRCUITOS TERMINAIS - FORNECIMENTO E INSTALAÇÃO. AF_12/2015 | D29: =(IF($A29="SINAPI",INDEX(SINAPI_NOV2020_NDES!$A$7:$H$6790,MATCH($B29,SINAPI_NOV2020_NDES!$A$7:$A$6790,0),3),(INDEX(COMPOS!$A$4:$G$5000,MATCH($B29,COMPOS!$A$4:$A$5000,0),3)))) -> M | E29: 135 | F29: =(IF($A29="SINAPI",INDEX(SINAPI_NOV2020_NDES!$A$7:$H$6703,MATCH($B29,SINAPI_NOV2020_NDES!$A$7:$A$6703,0),5),(INDEX(COMPOS!$A$4:$G$801,MATCH($B29,COMPOS!$A$4:A$801,0),4)))) -> 0.88 | G29: =(IF($A29="SINAPI",INDEX(SINAPI_NOV2020_NDES!$A$7:$H$6703,MATCH($B29,SINAPI_NOV2020_NDES!$A$7:$A$6703,0),6),(INDEX(COMPOS!$A$4:$G$801,MATCH($B29,COMPOS!$A$4:A$801,0),5)))) -> 2.68 | H29: =(IF($A29="SINAPI",INDEX(SINAPI_NOV2020_NDES!$A$7:$H$6703,MATCH($B29,SINAPI_NOV2020_NDES!$A$7:$A$6703,0),7),(INDEX(COMPOS!$A$4:$G$801,MATCH($B29,COMPOS!$A$4:A$801,0),6)))) -> 0 | I29: =SUM(F29:H29) -> 3.56 | J29: =+I29*E29 -> 480.6
A30: SINAPI | B30: 91931 | C30: =(IF($A30="SINAPI",INDEX(SINAPI_NOV2020_NDES!$A$7:$H$6703,MATCH($B30,SINAPI_NOV2020_NDES!$A$7:$A$6703,0),2),IF($A30="GOINFRA",INDEX(#REF!,MATCH($B30,#REF!,0),2),(INDEX(COMPOS!$A$4:$G$390,MATCH($B30,COMPOS!$A$4:A$390,0),2))))) -> CABO DE COBRE FLEXÍVEL ISOLADO, 6 MM², ANTI-CHAMA 0,6/1,0 KV, PARA CIRCUITOS TERMINAIS - FORNECIMENTO E INSTALAÇÃO. AF_12/2015 | D30: =(IF($A30="SINAPI",INDEX(SINAPI_NOV2020_NDES!$A$7:$H$6790,MATCH($B30,SINAPI_NOV2020_NDES!$A$7:$A$6790,0),3),(INDEX(COMPOS!$A$4:$G$5000,MATCH($B30,COMPOS!$A$4:$A$5000,0),3)))) -> M | E30: 75 | F30: =(IF($A30="SINAPI",INDEX(SINAPI_NOV2020_NDES!$A$7:$H$6703,MATCH($B30,SINAPI_NOV2020_NDES!$A$7:$A$6703,0),5),(INDEX(COMPOS!$A$4:$G$801,MATCH($B30,COMPOS!$A$4:A$801,0),4)))) -> 1.52 | G30: =(IF($A30="SINAPI",INDEX(SINAPI_NOV2020_NDES!$A$7:$H$6703,MATCH($B30,SINAPI_NOV2020_NDES!$A$7:$A$6703,0),6),(INDEX(COMPOS!$A$4:$G$801,MATCH($B30,COMPOS!$A$4:A$801,0),5)))) -> 5.18 | H30: =(IF($A30="SINAPI",INDEX(SINAPI_NOV2020_NDES!$A$7:$H$6703,MATCH($B30,SINAPI_NOV2020_NDES!$A$7:$A$6703,0),7),(INDEX(COMPOS!$A$4:$G$801,MATCH($B30,COMPOS!$A$4:A$801,0),6)))) -> 0 | I30: =SUM(F30:H30) -> 6.7 | J30: =+I30*E30 -> 502.5
A31: SINAPI | B31: 92871 | C31: =(IF($A31="SINAPI",INDEX(SINAPI_NOV2020_NDES!$A$7:$H$6703,MATCH($B31,SINAPI_NOV2020_NDES!$A$7:$A$6703,0),2),IF($A31="GOINFRA",INDEX(#REF!,MATCH($B31,#REF!,0),2),(INDEX(COMPOS!$A$4:$G$390,MATCH($B31,COMPOS!$A$4:A$390,0),2))))) -> CAIXA RETANGULAR 4" X 4" MÉDIA (1,30 M DO PISO), METÁLICA, INSTALADA EM PAREDE - FORNECIMENTO E INSTALAÇÃO. AF_12/2015 | D31: =(IF($A31="SINAPI",INDEX(SINAPI_NOV2020_NDES!$A$7:$H$6790,MATCH($B31,SINAPI_NOV2020_NDES!$A$7:$A$6790,0),3),(INDEX(COMPOS!$A$4:$G$5000,MATCH($B31,COMPOS!$A$4:$A$5000,0),3)))) -> UN | E31: 14 | F31: =(IF($A31="SINAPI",INDEX(SINAPI_NOV2020_NDES!$A$7:$H$6703,MATCH($B31,SINAPI_NOV2020_NDES!$A$7:$A$6703,0),5),(INDEX(COMPOS!$A$4:$G$801,MATCH($B31,COMPOS!$A$4:A$801,0),4)))) -> 8.5 | G31: =(IF($A31="SINAPI",INDEX(SINAPI_NOV2020_NDES!$A$7:$H$6703,MATCH($B31,SINAPI_NOV2020_NDES!$A$7:$A$6703,0),6),(INDEX(COMPOS!$A$4:$G$801,MATCH($B31,COMPOS!$A$4:A$801,0),5)))) -> 5.87 | H31: =(IF($A31="SINAPI",INDEX(SINAPI_NOV2020_NDES!$A$7:$H$6703,MATCH($B31,SINAPI_NOV2020_NDES!$A$7:$A$6703,0),7),(INDEX(COMPOS!$A$4:$G$801,MATCH($B31,COMPOS!$A$4:A$801,0),6)))) -> 0 | I31: =SUM(F31:H31) -> 14.37 | J31: =+I31*E31 -> 201.18
A32: SINAPI | B32: 93668 | C32: =(IF($A32="SINAPI",INDEX(SINAPI_NOV2020_NDES!$A$7:$H$6703,MATCH($B32,SINAPI_NOV2020_NDES!$A$7:$A$6703,0),2),IF($A32="GOINFRA",INDEX(#REF!,MATCH($B32,#REF!,0),2),(INDEX(COMPOS!$A$4:$G$390,MATCH($B32,COMPOS!$A$4:A$390,0),2))))) -> DISJUNTOR TRIPOLAR TIPO DIN, CORRENTE NOMINAL DE 16A - FORNECIMENTO E INSTALAÇÃO. AF_10/2020 | D32: =(IF($A32="SINAPI",INDEX(SINAPI_NOV2020_NDES!$A$7:$H$6790,MATCH($B32,SINAPI_NOV2020_NDES!$A$7:$A$6790,0),3),(INDEX(COMPOS!$A$4:$G$5000,MATCH($B32,COMPOS!$A$4:$A$5000,0),3)))) -> UN | E32: 1 | F32: =(IF($A32="SINAPI",INDEX(SINAPI_NOV2020_NDES!$A$7:$H$6703,MATCH($B32,SINAPI_NOV2020_NDES!$A$7:$A$6703,0),5),(INDEX(COMPOS!$A$4:$G$801,MATCH($B32,COMPOS!$A$4:A$801,0),4)))) -> 4.19 | G32: =(IF($A32="SINAPI",INDEX(SINAPI_NOV2020_NDES!$A$7:$H$6703,MATCH($B32,SINAPI_NOV2020_NDES!$A$7:$A$6703,0),6),(INDEX(COMPOS!$A$4:$G$801,MATCH($B32,COMPOS!$A$4:A$801,0),5)))) -> 62.1 | H32: =(IF($A32="SINAPI",INDEX(SINAPI_NOV2020_NDES!$A$7:$H$6703,MATCH($B32,SINAPI_NOV2020_NDES!$A$7:$A$6703,0),7),(INDEX(COMPOS!$A$4:$G$801,MATCH($B32,COMPOS!$A$4:A$801,0),6)))) -> 0 | I32: =SUM(F32:H32) -> 66.29 | J32: =+I32*E32 -> 66.29
A33: SINAPI | B33: 93670 | C33: =(IF($A33="SINAPI",INDEX(SINAPI_NOV2020_NDES!$A$7:$H$6703,MATCH($B33,SINAPI_NOV2020_NDES!$A$7:$A$6703,0),2),IF($A33="GOINFRA",INDEX(#REF!,MATCH($B33,#REF!,0),2),(INDEX(COMPOS!$A$4:$G$390,MATCH($B33,COMPOS!$A$4:A$390,0),2))))) -> DISJUNTOR TRIPOLAR TIPO DIN, CORRENTE NOMINAL DE 25A - FORNECIMENTO E INSTALAÇÃO. AF_10/2020 | D33: =(IF($A33="SINAPI",INDEX(SINAPI_NOV2020_NDES!$A$7:$H$6790,MATCH($B33,SINAPI_NOV2020_NDES!$A$7:$A$6790,0),3),(INDEX(COMPOS!$A$4:$G$5000,MATCH($B33,COMPOS!$A$4:$A$5000,0),3)))) -> UN | E33: 2 | F33: =(IF($A33="SINAPI",INDEX(SINAPI_NOV2020_NDES!$A$7:$H$6703,MATCH($B33,SINAPI_NOV2020_NDES!$A$7:$A$6703,0),5),(INDEX(COMPOS!$A$4:$G$801,MATCH($B33,COMPOS!$A$4:A$801,0),4)))) -> 5.84 | G33: =(IF($A33="SINAPI",INDEX(SINAPI_NOV2020_NDES!$A$7:$H$6703,MATCH($B33,SINAPI_NOV2020_NDES!$A$7:$A$6703,0),6),(INDEX(COMPOS!$A$4:$G$801,MATCH($B33,COMPOS!$A$4:A$801,0),5)))) -> 63.15 | H33: =(IF($A33="SINAPI",INDEX(SINAPI_NOV2020_NDES!$A$7:$H$6703,MATCH($B33,SINAPI_NOV2020_NDES!$A$7:$A$6703,0),7),(INDEX(COMPOS!$A$4:$G$801,MATCH($B33,COMPOS!$A$4:A$801,0),6)))) -> 0 | I33: =SUM(F33:H33) -> 68.99 | J33: =+I33*E33 -> 137.98
A34: SINAPI | B34: 91831 | C34: =(IF($A34="SINAPI",INDEX(SINAPI_NOV2020_NDES!$A$7:$H$6703,MATCH($B34,SINAPI_NOV2020_NDES!$A$7:$A$6703,0),2),IF($A34="GOINFRA",INDEX(#REF!,MATCH($B34,#REF!,0),2),(INDEX(COMPOS!$A$4:$G$390,MATCH($B34,COMPOS!$A$4:A$390,0),2))))) -> ELETRODUTO FLEXÍVEL CORRUGADO, PVC, DN 20 MM (1/2"), PARA CIRCUITOS TERMINAIS, INSTALADO EM FORRO - FORNECIMENTO E INSTALAÇÃO. AF_12/2015 | D34: =(IF($A34="SINAPI",INDEX(SINAPI_NOV2020_NDES!$A$7:$H$6790,MATCH($B34,SINAPI_NOV2020_NDES!$A$7:$A$6790,0),3),(INDEX(COMPOS!$A$4:$G$5000,MATCH($B34,COMPOS!$A$4:$A$5000,0),3)))) -> M | E34: 70 | F34: =(IF($A34="SINAPI",INDEX(SINAPI_NOV2020_NDES!$A$7:$H$6703,MATCH($B34,SINAPI_NOV2020_NDES!$A$7:$A$6703,0),5),(INDEX(COMPOS!$A$4:$G$801,MATCH($B34,COMPOS!$A$4:A$801,0),4)))) -> 2.96 | G34: =(IF($A34="SINAPI",INDEX(SINAPI_NOV2020_NDES!$A$7:$H$6703,MATCH($B34,SINAPI_NOV2020_NDES!$A$7:$A$6703,0),6),(INDEX(COMPOS!$A$4:$G$801,MATCH($B34,COMPOS!$A$4:A$801,0),5)))) -> 2.34 | H34: =(IF($A34="SINAPI",INDEX(SINAPI_NOV2020_NDES!$A$7:$H$6703,MATCH($B34,SINAPI_NOV2020_NDES!$A$7:$A$6703,0),7),(INDEX(COMPOS!$A$4:$G$801,MATCH($B34,COMPOS!$A$4:A$801,0),6)))) -> 0 | I34: =SUM(F34:H34) -> 5.3 | J34: =+I34*E34 -> 371
A35: COMPOS | B35: 722 | C35: =(IF($A35="SINAPI",INDEX(SINAPI_NOV2020_NDES!$A$7:$H$6703,MATCH($B35,SINAPI_NOV2020_NDES!$A$7:$A$6703,0),2),IF($A35="GOINFRA",INDEX(#REF!,MATCH($B35,#REF!,0),2),(INDEX(COMPOS!$A$4:$G$390,MATCH($B35,COMPOS!$A$4:A$390,0),2))))) -> FITA ISOLANTE, ROLO DE 20,00 M | D35: =(IF($A35="SINAPI",INDEX(SINAPI_NOV2020_NDES!$A$7:$H$6790,MATCH($B35,SINAPI_NOV2020_NDES!$A$7:$A$6790,0),3),(INDEX(COMPOS!$A$4:$G$5000,MATCH($B35,COMPOS!$A$4:$A$5000,0),3)))) -> UN | E35: 3 | F35: =(IF($A35="SINAPI",INDEX(SINAPI_NOV2020_NDES!$A$7:$H$6703,MATCH($B35,SINAPI_NOV2020_NDES!$A$7:$A$6703,0),5),(INDEX(COMPOS!$A$4:$G$801,MATCH($B35,COMPOS!$A$4:A$801,0),4)))) -> 15.452 | G35: =(IF($A35="SINAPI",INDEX(SINAPI_NOV2020_NDES!$A$7:$H$6703,MATCH($B35,SINAPI_NOV2020_NDES!$A$7:$A$6703,0),6),(INDEX(COMPOS!$A$4:$G$801,MATCH($B35,COMPOS!$A$4:A$801,0),5)))) -> 10 | H35: =(IF($A35="SINAPI",INDEX(SINAPI_NOV2020_NDES!$A$7:$H$6703,MATCH($B35,SINAPI_NOV2020_NDES!$A$7:$A$6703,0),7),(INDEX(COMPOS!$A$4:$G$801,MATCH($B35,COMPOS!$A$4:A$801,0),6)))) -> 0 | I35: =SUM(F35:H35) -> 25.452 | J35: =+I35*E35 -> 76.356
A36: SINAPI | B36: 91953 | C36: =(IF($A36="SINAPI",INDEX(SINAPI_NOV2020_NDES!$A$7:$H$6703,MATCH($B36,SINAPI_NOV2020_NDES!$A$7:$A$6703,0),2),IF($A36="GOINFRA",INDEX(#REF!,MATCH($B36,#REF!,0),2),(INDEX(COMPOS!$A$4:$G$390,MATCH($B36,COMPOS!$A$4:A$390,0),2))))) -> INTERRUPTOR SIMPLES (1 MÓDULO), 10A/250V, INCLUINDO SUPORTE E PLACA - FORNECIMENTO E INSTALAÇÃO. AF_12/2015 | D36: =(IF($A36="SINAPI",INDEX(SINAPI_NOV2020_NDES!$A$7:$H$6790,MATCH($B36,SINAPI_NOV2020_NDES!$A$7:$A$6790,0),3),(INDEX(COMPOS!$A$4:$G$5000,MATCH($B36,COMPOS!$A$4:$A$5000,0),3)))) -> UN | E36: 2 | F36: =(IF($A36="SINAPI",INDEX(SINAPI_NOV2020_NDES!$A$7:$H$6703,MATCH($B36,SINAPI_NOV2020_NDES!$A$7:$A$6703,0),5),(INDEX(COMPOS!$A$4:$G$801,MATCH($B36,COMPOS!$A$4:A$801,0),4)))) -> 8.79 | G36: =(IF($A36="SINAPI",INDEX(SINAPI_NOV2020_NDES!$A$7:$H$6703,MATCH($B36,SINAPI_NOV2020_NDES!$A$7:$A$6703,0),6),(INDEX(COMPOS!$A$4:$G$801,MATCH($B36,COMPOS!$A$4:A$801,0),5)))) -> 9.45 | H36: =(IF($A36="SINAPI",INDEX(SINAPI_NOV2020_NDES!$A$7:$H$6703,MATCH($B36,SINAPI_NOV2020_NDES!$A$7:$A$6703,0),7),(INDEX(COMPOS!$A$4:$G$801,MATCH($B36,COMPOS!$A$4:A$801,0),6)))) -> 0 | I36: =SUM(F36:H36) -> 18.24 | J36: =+I36*E36 -> 36.48
A37: COMPOS | B37: 745 | C37: =(IF($A37="SINAPI",INDEX(SINAPI_NOV2020_NDES!$A$7:$H$6703,MATCH($B37,SINAPI_NOV2020_NDES!$A$7:$A$6703,0),2),IF($A37="GOINFRA",INDEX(#REF!,MATCH($B37,#REF!,0),2),(INDEX(COMPOS!$A$4:$G$390,MATCH($B37,COMPOS!$A$4:A$390,0),2))))) -> TERMINAL DE PRESSAO 2,5MM3 | D37: =(IF($A37="SINAPI",INDEX(SINAPI_NOV2020_NDES!$A$7:$H$6790,MATCH($B37,SINAPI_NOV2020_NDES!$A$7:$A$6790,0),3),(INDEX(COMPOS!$A$4:$G$5000,MATCH($B37,COMPOS!$A$4:$A$5000,0),3)))) -> UN | E37: 3 | F37: =(IF($A37="SINAPI",INDEX(SINAPI_NOV2020_NDES!$A$7:$H$6703,MATCH($B37,SINAPI_NOV2020_NDES!$A$7:$A$6703,0),5),(INDEX(COMPOS!$A$4:$G$801,MATCH($B37,COMPOS!$A$4:A$801,0),4)))) -> 11.589 | G37: =(IF($A37="SINAPI",INDEX(SINAPI_NOV2020_NDES!$A$7:$H$6703,MATCH($B37,SINAPI_NOV2020_NDES!$A$7:$A$6703,0),6),(INDEX(COMPOS!$A$4:$G$801,MATCH($B37,COMPOS!$A$4:A$801,0),5)))) -> 0.32 | H37: =(IF($A37="SINAPI",INDEX(SINAPI_NOV2020_NDES!$A$7:$H$6703,MATCH($B37,SINAPI_NOV2020_NDES!$A$7:$A$6703,0),7),(INDEX(COMPOS!$A$4:$G$801,MATCH($B37,COMPOS!$A$4:A$801,0),6)))) -> 0 | I37: =SUM(F37:H37) -> 11.909 | J37: =+I37*E37 -> 35.727
A38: SINAPI | B38: 91993 | C38: =(IF($A38="SINAPI",INDEX(SINAPI_NOV2020_NDES!$A$7:$H$6703,MATCH($B38,SINAPI_NOV2020_NDES!$A$7:$A$6703,0),2),IF($A38="GOINFRA",INDEX(#REF!,MATCH($B38,#REF!,0),2),(INDEX(COMPOS!$A$4:$G$390,MATCH($B38,COMPOS!$A$4:A$390,0),2))))) -> TOMADA ALTA DE EMBUTIR (1 MÓDULO), 2P+T 20 A, INCLUINDO SUPORTE E PLACA - FORNECIMENTO E INSTALAÇÃO. AF_12/2015 | D38: =(IF($A38="SINAPI",INDEX(SINAPI_NOV2020_NDES!$A$7:$H$6790,MATCH($B38,SINAPI_NOV2020_NDES!$A$7:$A$6790,0),3),(INDEX(COMPOS!$A$4:$G$5000,MATCH($B38,COMPOS!$A$4:$A$5000,0),3)))) -> UN | E38: 2 | F38: =(IF($A38="SINAPI",INDEX(SINAPI_NOV2020_NDES!$A$7:$H$6703,MATCH($B38,SINAPI_NOV2020_NDES!$A$7:$A$6703,0),5),(INDEX(COMPOS!$A$4:$G$801,MATCH($B38,COMPOS!$A$4:A$801,0),4)))) -> 16.8 | G38: =(IF($A38="SINAPI",INDEX(SINAPI_NOV2020_NDES!$A$7:$H$6703,MATCH($B38,SINAPI_NOV2020_NDES!$A$7:$A$6703,0),6),(INDEX(COMPOS!$A$4:$G$801,MATCH($B38,COMPOS!$A$4:A$801,0),5)))) -> 13.81 | H38: =(IF($A38="SINAPI",INDEX(SINAPI_NOV2020_NDES!$A$7:$H$6703,MATCH($B38,SINAPI_NOV2020_NDES!$A$7:$A$6703,0),7),(INDEX(COMPOS!$A$4:$G$801,MATCH($B38,COMPOS!$A$4:A$801,0),6)))) -> 0 | I38: =SUM(F38:H38) -> 30.61 | J38: =+I38*E38 -> 61.22
A39: SINAPI | B39: 100860 | C39: =(IF($A39="SINAPI",INDEX(SINAPI_NOV2020_NDES!$A$7:$H$6703,MATCH($B39,SINAPI_NOV2020_NDES!$A$7:$A$6703,0),2),IF($A39="GOINFRA",INDEX(#REF!,MATCH($B39,#REF!,0),2),(INDEX(COMPOS!$A$4:$G$390,MATCH($B39,COMPOS!$A$4:A$390,0),2))))) -> CHUVEIRO ELÉTRICO COMUM CORPO PLÁSTICO, TIPO DUCHA  FORNECIMENTO E INSTALAÇÃO. AF_01/2020 | D39: =(IF($A39="SINAPI",INDEX(SINAPI_NOV2020_NDES!$A$7:$H$6790,MATCH($B39,SINAPI_NOV2020_NDES!$A$7:$A$6790,0),3),(INDEX(COMPOS!$A$4:$G$5000,MATCH($B39,COMPOS!$A$4:$A$5000,0),3)))) -> UN | E39: 2 | F39: =(IF($A39="SINAPI",INDEX(SINAPI_NOV2020_NDES!$A$7:$H$6703,MATCH($B39,SINAPI_NOV2020_NDES!$A$7:$A$6703,0),5),(INDEX(COMPOS!$A$4:$G$801,MATCH($B39,COMPOS!$A$4:A$801,0),4)))) -> 9.12 | G39: =(IF($A39="SINAPI",INDEX(SINAPI_NOV2020_NDES!$A$7:$H$6703,MATCH($B39,SINAPI_NOV2020_NDES!$A$7:$A$6703,0),6),(INDEX(COMPOS!$A$4:$G$801,MATCH($B39,COMPOS!$A$4:A$801,0),5)))) -> 57.45 | H39: =(IF($A39="SINAPI",INDEX(SINAPI_NOV2020_NDES!$A$7:$H$6703,MATCH($B39,SINAPI_NOV2020_NDES!$A$7:$A$6703,0),7),(INDEX(COMPOS!$A$4:$G$801,MATCH($B39,COMPOS!$A$4:A$801,0),6)))) -> 0 | I39: =SUM(F39:H39) -> 66.57 | J39: =+I39*E39 -> 133.14
A40: SINAPI | B40: 97608 | C40: =(IF($A40="SINAPI",INDEX(SINAPI_NOV2020_NDES!$A$7:$H$6703,MATCH($B40,SINAPI_NOV2020_NDES!$A$7:$A$6703,0),2),IF($A40="GOINFRA",INDEX(#REF!,MATCH($B40,#REF!,0),2),(INDEX(COMPOS!$A$4:$G$390,MATCH($B40,COMPOS!$A$4:A$390,0),2))))) -> LUMINÁRIA ARANDELA TIPO TARTARUGA, COM GRADE, DE SOBREPOR, COM 1 LÂMPADA FLUORESCENTE DE 15 W, SEM REATOR - FORNECIMENTO E INSTALAÇÃO. AF_02/2020 | D40: =(IF($A40="SINAPI",INDEX(SINAPI_NOV2020_NDES!$A$7:$H$6790,MATCH($B40,SINAPI_NOV2020_NDES!$A$7:$A$6790,0),3),(INDEX(COMPOS!$A$4:$G$5000,MATCH($B40,COMPOS!$A$4:$A$5000,0),3)))) -> UN | E40: 2 | F40: =(IF($A40="SINAPI",INDEX(SINAPI_NOV2020_NDES!$A$7:$H$6703,MATCH($B40,SINAPI_NOV2020_NDES!$A$7:$A$6703,0),5),(INDEX(COMPOS!$A$4:$G$801,MATCH($B40,COMPOS!$A$4:A$801,0),4)))) -> 12.33 | G40: =(IF($A40="SINAPI",INDEX(SINAPI_NOV2020_NDES!$A$7:$H$6703,MATCH($B40,SINAPI_NOV2020_NDES!$A$7:$A$6703,0),6),(INDEX(COMPOS!$A$4:$G$801,MATCH($B40,COMPOS!$A$4:A$801,0),5)))) -> 61.64 | H40: =(IF($A40="SINAPI",INDEX(SINAPI_NOV2020_NDES!$A$7:$H$6703,MATCH($B40,SINAPI_NOV2020_NDES!$A$7:$A$6703,0),7),(INDEX(COMPOS!$A$4:$G$801,MATCH($B40,COMPOS!$A$4:A$801,0),6)))) -> 0 | I40: =SUM(F40:H40) -> 73.97 | J40: =+I40*E40 -> 147.94
... A42: COMPOS | B42: 772 | C42: =(IF($A42="SINAPI",INDEX(SINAPI_NOV2020_NDES!$A$7:$H$6703,MATCH($B42,SINAPI_NOV2020_NDES!$A$7:$A$6703,0),2),IF($A42="GOINFRA",INDEX(#REF!,MATCH($B42,#REF!,0),2),(INDEX(COMPOS!$A$4:$G$390,MATCH($B42,COMPOS!$A$4:A$390,0),2))))) -> DISJUNTOR DIFERENCIAL RESIDUAL (DDR) 50A - 30mA | D42: =(IF($A42="SINAPI",INDEX(SINAPI_NOV2020_NDES!$A$7:$H$6790,MATCH($B42,SINAPI_NOV2020_NDES!$A$7:$A$6790,0),3),(INDEX(COMPOS!$A$4:$G$5000,MATCH($B42,COMPOS!$A$4:$A$5000,0),3)))) -> UN | E42: 2 | F42: =(IF($A42="SINAPI",INDEX(SINAPI_NOV2020_NDES!$A$7:$H$6703,MATCH($B42,SINAPI_NOV2020_NDES!$A$7:$A$6703,0),5),(INDEX(COMPOS!$A$4:$G$801,MATCH($B42,COMPOS!$A$4:A$801,0),4)))) -> 23.178 | G42: =(IF($A42="SINAPI",INDEX(SINAPI_NOV2020_NDES!$A$7:$H$6703,MATCH($B42,SINAPI_NOV2020_NDES!$A$7:$A$6703,0),6),(INDEX(COMPOS!$A$4:$G$801,MATCH($B42,COMPOS!$A$4:A$801,0),5)))) -> 265.68 | H42: =(IF($A42="SINAPI",INDEX(SINAPI_NOV2020_NDES!$A$7:$H$6703,MATCH($B42,SINAPI_NOV2020_NDES!$A$7:$A$6703,0),7),(INDEX(COMPOS!$A$4:$G$801,MATCH($B42,COMPOS!$A$4:A$801,0),6)))) -> 0 | I42: =SUM(F42:H42) -> 288.858 | J42: =+I42*E42 -> 577.716
A43: SUB-TOTAL | J43: =SUM(J29:J42) -> 3079.919
B44: 170 | C44: INSTALAÇÕES HIDRO-SANITÁRIAS
A45: SINAPI | B45: 95469 | C45: =(IF($A45="SINAPI",INDEX(SINAPI_NOV2020_NDES!$A$7:$H$6703,MATCH($B45,SINAPI_NOV2020_NDES!$A$7:$A$6703,0),2),IF($A45="GOINFRA",INDEX(#REF!,MATCH($B45,#REF!,0),2),(INDEX(COMPOS!$A$4:$G$390,MATCH($B45,COMPOS!$A$4:A$390,0),2))))) -> VASO SANITARIO SIFONADO CONVENCIONAL COM LOUÇA BRANCA - FORNECIMENTO E INSTALAÇÃO. AF_01/2020 | D45: =(IF($A45="SINAPI",INDEX(SINAPI_NOV2020_NDES!$A$7:$H$6790,MATCH($B45,SINAPI_NOV2020_NDES!$A$7:$A$6790,0),3),(INDEX(COMPOS!$A$4:$G$5000,MATCH($B45,COMPOS!$A$4:$A$5000,0),3)))) -> UN | E45: 2 | F45: =(IF($A45="SINAPI",INDEX(SINAPI_NOV2020_NDES!$A$7:$H$6703,MATCH($B45,SINAPI_NOV2020_NDES!$A$7:$A$6703,0),5),(INDEX(COMPOS!$A$4:$G$801,MATCH($B45,COMPOS!$A$4:A$801,0),4)))) -> 12.19 | G45: =(IF($A45="SINAPI",INDEX(SINAPI_NOV2020_NDES!$A$7:$H$6703,MATCH($B45,SINAPI_NOV2020_NDES!$A$7:$A$6703,0),6),(INDEX(COMPOS!$A$4:$G$801,MATCH($B45,COMPOS!$A$4:A$801,0),5)))) -> 155.57 | H45: =(IF($A45="SINAPI",INDEX(SINAPI_NOV2020_NDES!$A$7:$H$6703,MATCH($B45,SINAPI_NOV2020_NDES!$A$7:$A$6703,0),7),(INDEX(COMPOS!$A$4:$G$801,MATCH($B45,COMPOS!$A$4:A$801,0),6)))) -> 0 | I45: =SUM(F45:H45) -> 167.76 | J45: =+I45*E45 -> 335.52
A46: COMPOS | B46: 791 | C46: =(IF($A46="SINAPI",INDEX(SINAPI_NOV2020_NDES!$A$7:$H$6703,MATCH($B46,SINAPI_NOV2020_NDES!$A$7:$A$6703,0),2),IF($A46="GOINFRA",INDEX(#REF!,MATCH($B46,#REF!,0),2),(INDEX(COMPOS!$A$4:$G$390,MATCH($B46,COMPOS!$A$4:A$390,0),2))))) -> ANEL DE VEDAÇÃO PARA VASO SANITÁRIO | D46: =(IF($A46="SINAPI",INDEX(SINAPI_NOV2020_NDES!$A$7:$H$6790,MATCH($B46,SINAPI_NOV2020_NDES!$A$7:$A$6790,0),3),(INDEX(COMPOS!$A$4:$G$5000,MATCH($B46,COMPOS!$A$4:$A$5000,0),3)))) -> UN | E46: 2 | F46: =(IF($A46="SINAPI",INDEX(SINAPI_NOV2020_NDES!$A$7:$H$6703,MATCH($B46,SINAPI_NOV2020_NDES!$A$7:$A$6703,0),5),(INDEX(COMPOS!$A$4:$G$801,MATCH($B46,COMPOS!$A$4:A$801,0),4)))) -> 5.616 | G46: =(IF($A46="SINAPI",INDEX(SINAPI_NOV2020_NDES!$A$7:$H$6703,MATCH($B46,SINAPI_NOV2020_NDES!$A$7:$A$6703,0),6),(INDEX(COMPOS!$A$4:$G$801,MATCH($B46,COMPOS!$A$4:A$801,0),5)))) -> 1.69 | H46: =(IF($A46="SINAPI",INDEX(SINAPI_NOV2020_NDES!$A$7:$H$6703,MATCH($B46,SINAPI_NOV2020_NDES!$A$7:$A$6703,0),7),(INDEX(COMPOS!$A$4:$G$801,MATCH($B46,COMPOS!$A$4:A$801,0),6)))) -> 0 | I46: =SUM(F46:H46) -> 7.306 | J46: =+I46*E46 -> 14.612
A47: SINAPI | B47: 100849 | C47: =(IF($A47="SINAPI",INDEX(SINAPI_NOV2020_NDES!$A$7:$H$6703,MATCH($B47,SINAPI_NOV2020_NDES!$A$7:$A$6703,0),2),IF($A47="GOINFRA",INDEX(#REF!,MATCH($B47,#REF!,0),2),(INDEX(COMPOS!$A$4:$G$390,MATCH($B47,COMPOS!$A$4:A$390,0),2))))) -> ASSENTO SANITÁRIO CONVENCIONAL - FORNECIMENTO E INSTALACAO. AF_01/2020 | D47: =(IF($A47="SINAPI",INDEX(SINAPI_NOV2020_NDES!$A$7:$H$6790,MATCH($B47,SINAPI_NOV2020_NDES!$A$7:$A$6790,0),3),(INDEX(COMPOS!$A$4:$G$5000,MATCH($B47,COMPOS!$A$4:$A$5000,0),3)))) -> UN | E47: 2 | F47: =(IF($A47="SINAPI",INDEX(SINAPI_NOV2020_NDES!$A$7:$H$6703,MATCH($B47,SINAPI_NOV2020_NDES!$A$7:$A$6703,0),5),(INDEX(COMPOS!$A$4:$G$801,MATCH($B47,COMPOS!$A$4:A$801,0),4)))) -> 3.12 | G47: =(IF($A47="SINAPI",INDEX(SINAPI_NOV2020_NDES!$A$7:$H$6703,MATCH($B47,SINAPI_NOV2020_NDES!$A$7:$A$6703,0),6),(INDEX(COMPOS!$A$4:$G$801,MATCH($B47,COMPOS!$A$4:A$801,0),5)))) -> 25.86 | H47: =(IF($A47="SINAPI",INDEX(SINAPI_NOV2020_NDES!$A$7:$H$6703,MATCH($B47,SINAPI_NOV2020_NDES!$A$7:$A$6703,0),7),(INDEX(COMPOS!$A$4:$G$801,MATCH($B47,COMPOS!$A$4:A$801,0),6)))) -> 0 | I47: =SUM(F47:H47) -> 28.98 | J47: =+I47*E47 -> 57.96
A48: SINAPI | B48: 99635 | C48: =(IF($A48="SINAPI",INDEX(SINAPI_NOV2020_NDES!$A$7:$H$6703,MATCH($B48,SINAPI_NOV2020_NDES!$A$7:$A$6703,0),2),IF($A48="GOINFRA",INDEX(#REF!,MATCH($B48,#REF!,0),2),(INDEX(COMPOS!$A$4:$G$390,MATCH($B48,COMPOS!$A$4:A$390,0),2))))) -> VÁLVULA DE DESCARGA METÁLICA, BASE 1 1/2 ", ACABAMENTO METALICO CROMADO - FORNECIMENTO E INSTALAÇÃO. AF_01/2019 | D48: =(IF($A48="SINAPI",INDEX(SINAPI_NOV2020_NDES!$A$7:$H$6790,MATCH($B48,SINAPI_NOV2020_NDES!$A$7:$A$6790,0),3),(INDEX(COMPOS!$A$4:$G$5000,MATCH($B48,COMPOS!$A$4:$A$5000,0),3)))) -> UN | E48: 2 | F48: =(IF($A48="SINAPI",INDEX(SINAPI_NOV2020_NDES!$A$7:$H$6703,MATCH($B48,SINAPI_NOV2020_NDES!$A$7:$A$6703,0),5),(INDEX(COMPOS!$A$4:$G$801,MATCH($B48,COMPOS!$A$4:A$801,0),4)))) -> 23 | G48: =(IF($A48="SINAPI",INDEX(SINAPI_NOV2020_NDES!$A$7:$H$6703,MATCH($B48,SINAPI_NOV2020_NDES!$A$7:$A$6703,0),6),(INDEX(COMPOS!$A$4:$G$801,MATCH($B48,COMPOS!$A$4:A$801,0),5)))) -> 158.25 | H48: =(IF($A48="SINAPI",INDEX(SINAPI_NOV2020_NDES!$A$7:$H$6703,MATCH($B48,SINAPI_NOV2020_NDES!$A$7:$A$6703,0),7),(INDEX(COMPOS!$A$4:$G$801,MATCH($B48,COMPOS!$A$4:A$801,0),6)))) -> 0 | I48: =SUM(F48:H48) -> 181.25 | J48: =+I48*E48 -> 362.5
A49: COMPOS | B49: 323 | C49: =(IF($A49="SINAPI",INDEX(SINAPI_NOV2020_NDES!$A$7:$H$6703,MATCH($B49,SINAPI_NOV2020_NDES!$A$7:$A$6703,0),2),IF($A49="GOINFRA",INDEX(#REF!,MATCH($B49,#REF!,0),2),(INDEX(COMPOS!$A$4:$G$390,MATCH($B49,COMPOS!$A$4:A$390,0),2))))) -> TUBO PARA VÁLVULA DE DESCARGA CURTO 1.1/4'' | D49: =(IF($A49="SINAPI",INDEX(SINAPI_NOV2020_NDES!$A$7:$H$6790,MATCH($B49,SINAPI_NOV2020_NDES!$A$7:$A$6790,0),3),(INDEX(COMPOS!$A$4:$G$5000,MATCH($B49,COMPOS!$A$4:$A$5000,0),3)))) -> UN | E49: 2 | F49: =(IF($A49="SINAPI",INDEX(SINAPI_NOV2020_NDES!$A$7:$H$6703,MATCH($B49,SINAPI_NOV2020_NDES!$A$7:$A$6703,0),5),(INDEX(COMPOS!$A$4:$G$801,MATCH($B49,COMPOS!$A$4:A$801,0),4)))) -> 11.9808 | G49: =(IF($A49="SINAPI",INDEX(SINAPI_NOV2020_NDES!$A$7:$H$6703,MATCH($B49,SINAPI_NOV2020_NDES!$A$7:$A$6703,0),6),(INDEX(COMPOS!$A$4:$G$801,MATCH($B49,COMPOS!$A$4:A$801,0),5)))) -> 5.94 | H49: =(IF($A49="SINAPI",INDEX(SINAPI_NOV2020_NDES!$A$7:$H$6703,MATCH($B49,SINAPI_NOV2020_NDES!$A$7:$A$6703,0),7),(INDEX(COMPOS!$A$4:$G$801,MATCH($B49,COMPOS!$A$4:A$801,0),6)))) -> 0 | I49: =SUM(F49:H49) -> 17.9208 | J49: =+I49*E49 -> 35.8416
A50: COMPOS | B50: 324 | C50: =(IF($A50="SINAPI",INDEX(SINAPI_NOV2020_NDES!$A$7:$H$6703,MATCH($B50,SINAPI_NOV2020_NDES!$A$7:$A$6703,0),2),IF($A50="GOINFRA",INDEX(#REF!,MATCH($B50,#REF!,0),2),(INDEX(COMPOS!$A$4:$G$390,MATCH($B50,COMPOS!$A$4:A$390,0),2))))) -> TUBO DE LIGAÇÃO PVC CROMADO 1.1/2'' – ESPUDE (ENTRADA) | D50: =(IF($A50="SINAPI",INDEX(SINAPI_NOV2020_NDES!$A$7:$H$6790,MATCH($B50,SINAPI_NOV2020_NDES!$A$7:$A$6790,0),3),(INDEX(COMPOS!$A$4:$G$5000,MATCH($B50,COMPOS!$A$4:$A$5000,0),3)))) -> UN | E50: 2 | F50: =(IF($A50="SINAPI",INDEX(SINAPI_NOV2020_NDES!$A$7:$H$6703,MATCH($B50,SINAPI_NOV2020_NDES!$A$7:$A$6703,0),5),(INDEX(COMPOS!$A$4:$G$801,MATCH($B50,COMPOS!$A$4:A$801,0),4)))) -> 5.2416 | G50: =(IF($A50="SINAPI",INDEX(SINAPI_NOV2020_NDES!$A$7:$H$6703,MATCH($B50,SINAPI_NOV2020_NDES!$A$7:$A$6703,0),6),(INDEX(COMPOS!$A$4:$G$801,MATCH($B50,COMPOS!$A$4:A$801,0),5)))) -> 5.89 | H50: =(IF($A50="SINAPI",INDEX(SINAPI_NOV2020_NDES!$A$7:$H$6703,MATCH($B50,SINAPI_NOV2020_NDES!$A$7:$A$6703,0),7),(INDEX(COMPOS!$A$4:$G$801,MATCH($B50,COMPOS!$A$4:A$801,0),6)))) -> 0 | I50: =SUM(F50:H50) -> 11.1316 | J50: =+I50*E50 -> 22.2632
A51: SINAPI | B51: 86906 | C51: =(IF($A51="SINAPI",INDEX(SINAPI_NOV2020_NDES!$A$7:$H$6703,MATCH($B51,SINAPI_NOV2020_NDES!$A$7:$A$6703,0),2),IF($A51="GOINFRA",INDEX(#REF!,MATCH($B51,#REF!,0),2),(INDEX(COMPOS!$A$4:$G$390,MATCH($B51,COMPOS!$A$4:A$390,0),2))))) -> TORNEIRA CROMADA DE MESA, 1/2 OU 3/4, PARA LAVATÓRIO, PADRÃO POPULAR - FORNECIMENTO E INSTALAÇÃO. AF_01/2020 | D51: =(IF($A51="SINAPI",INDEX(SINAPI_NOV2020_NDES!$A$7:$H$6790,MATCH($B51,SINAPI_NOV2020_NDES!$A$7:$A$6790,0),3),(INDEX(COMPOS!$A$4:$G$5000,MATCH($B51,COMPOS!$A$4:$A$5000,0),3)))) -> UN | E51: 2 | F51: =(IF($A51="SINAPI",INDEX(SINAPI_NOV2020_NDES!$A$7:$H$6703,MATCH($B51,SINAPI_NOV2020_NDES!$A$7:$A$6703,0),5),(INDEX(COMPOS!$A$4:$G$801,MATCH($B51,COMPOS!$A$4:A$801,0),4)))) -> 1.94 | G51: =(IF($A51="SINAPI",INDEX(SINAPI_NOV2020_NDES!$A$7:$H$6703,MATCH($B51,SINAPI_NOV2020_NDES!$A$7:$A$6703,0),6),(INDEX(COMPOS!$A$4:$G$801,MATCH($B51,COMPOS!$A$4:A$801,0),5)))) -> 41.22 | H51: =(IF($A51="SINAPI",INDEX(SINAPI_NOV2020_NDES!$A$7:$H$6703,MATCH($B51,SINAPI_NOV2020_NDES!$A$7:$A$6703,0),7),(INDEX(COMPOS!$A$4:$G$801,MATCH($B51,COMPOS!$A$4:A$801,0),6)))) -> 0 | I51: =SUM(F51:H51) -> 43.16 | J51: =+I51*E51 -> 86.32
A52: SINAPI | B52: 86883 | C52: =(IF($A52="SINAPI",INDEX(SINAPI_NOV2020_NDES!$A$7:$H$6703,MATCH($B52,SINAPI_NOV2020_NDES!$A$7:$A$6703,0),2),IF($A52="GOINFRA",INDEX(#REF!,MATCH($B52,#REF!,0),2),(INDEX(COMPOS!$A$4:$G$390,MATCH($B52,COMPOS!$A$4:A$390,0),2))))) -> SIFÃO DO TIPO FLEXÍVEL EM PVC 1 X 1.1/2 - FORNECIMENTO E INSTALAÇÃO. AF_01/2020 | D52: =(IF($A52="SINAPI",INDEX(SINAPI_NOV2020_NDES!$A$7:$H$6790,MATCH($B52,SINAPI_NOV2020_NDES!$A$7:$A$6790,0),3),(INDEX(COMPOS!$A$4:$G$5000,MATCH($B52,COMPOS!$A$4:$A$5000,0),3)))) -> UN | E52: 2 | F52: =(IF($A52="SINAPI",INDEX(SINAPI_NOV2020_NDES!$A$7:$H$6703,MATCH($B52,SINAPI_NOV2020_NDES!$A$7:$A$6703,0),5),(INDEX(COMPOS!$A$4:$G$801,MATCH($B52,COMPOS!$A$4:A$801,0),4)))) -> 1.71 | G52: =(IF($A52="SINAPI",INDEX(SINAPI_NOV2020_NDES!$A$7:$H$6703,MATCH($B52,SINAPI_NOV2020_NDES!$A$7:$A$6703,0),6),(INDEX(COMPOS!$A$4:$G$801,MATCH($B52,COMPOS!$A$4:A$801,0),5)))) -> 7.6 | H52: =(IF($A52="SINAPI",INDEX(SINAPI_NOV2020_NDES!$A$7:$H$6703,MATCH($B52,SINAPI_NOV2020_NDES!$A$7:$A$6703,0),7),(INDEX(COMPOS!$A$4:$G$801,MATCH($B52,COMPOS!$A$4:A$801,0),6)))) -> 0 | I52: =SUM(F52:H52) -> 9.31 | J52: =+I52*E52 -> 18.62
A53: SINAPI | B53: 86877 | C53: =(IF($A53="SINAPI",INDEX(SINAPI_NOV2020_NDES!$A$7:$H$6703,MATCH($B53,SINAPI_NOV2020_NDES!$A$7:$A$6703,0),2),IF($A53="GOINFRA",INDEX(#REF!,MATCH($B53,#REF!,0),2),(INDEX(COMPOS!$A$4:$G$390,MATCH($B53,COMPOS!$A$4:A$390,0),2))))) -> VÁLVULA EM METAL CROMADO 1.1/2 X 1.1/2 PARA TANQUE OU LAVATÓRIO, COM OU SEM LADRÃO - FORNECIMENTO E INSTALAÇÃO. AF_01/2020 | D53: =(IF($A53="SINAPI",INDEX(SINAPI_NOV2020_NDES!$A$7:$H$6790,MATCH($B53,SINAPI_NOV2020_NDES!$A$7:$A$6790,0),3),(INDEX(COMPOS!$A$4:$G$5000,MATCH($B53,COMPOS!$A$4:$A$5000,0),3)))) -> UN | E53: 2 | F53: =(IF($A53="SINAPI",INDEX(SINAPI_NOV2020_NDES!$A$7:$H$6703,MATCH($B53,SINAPI_NOV2020_NDES!$A$7:$A$6703,0),5),(INDEX(COMPOS!$A$4:$G$801,MATCH($B53,COMPOS!$A$4:A$801,0),4)))) -> 3.54 | G53: =(IF($A53="SINAPI",INDEX(SINAPI_NOV2020_NDES!$A$7:$H$6703,MATCH($B53,SINAPI_NOV2020_NDES!$A$7:$A$6703,0),6),(INDEX(COMPOS!$A$4:$G$801,MATCH($B53,COMPOS!$A$4:A$801,0),5)))) -> 19.5 | H53: =(IF($A53="SINAPI",INDEX(SINAPI_NOV2020_NDES!$A$7:$H$6703,MATCH($B53,SINAPI_NOV2020_NDES!$A$7:$A$6703,0),7),(INDEX(COMPOS!$A$4:$G$801,MATCH($B53,COMPOS!$A$4:A$801,0),6)))) -> 0 | I53: =SUM(F53:H53) -> 23.04 | J53: =+I53*E53 -> 46.08
A54: SINAPI | B54: 89596 | C54: =(IF($A54="SINAPI",INDEX(SINAPI_NOV2020_NDES!$A$7:$H$6703,MATCH($B54,SINAPI_NOV2020_NDES!$A$7:$A$6703,0),2),IF($A54="GOINFRA",INDEX(#REF!,MATCH($B54,#REF!,0),2),(INDEX(COMPOS!$A$4:$G$390,MATCH($B54,COMPOS!$A$4:A$390,0),2))))) -> ADAPTADOR CURTO COM BOLSA E ROSCA PARA REGISTRO, PVC, SOLDÁVEL, DN 50MM X 1.1/2, INSTALADO EM PRUMADA DE ÁGUA - FORNECIMENTO E INSTALAÇÃO. AF_12/2014 | D54: =(IF($A54="SINAPI",INDEX(SINAPI_NOV2020_NDES!$A$7:$H$6790,MATCH($B54,SINAPI_NOV2020_NDES!$A$7:$A$6790,0),3),(INDEX(COMPOS!$A$4:$G$5000,MATCH($B54,COMPOS!$A$4:$A$5000,0),3)))) -> UN | E54: 2 | F54: =(IF($A54="SINAPI",INDEX(SINAPI_NOV2020_NDES!$A$7:$H$6703,MATCH($B54,SINAPI_NOV2020_NDES!$A$7:$A$6703,0),5),(INDEX(COMPOS!$A$4:$G$801,MATCH($B54,COMPOS!$A$4:A$801,0),4)))) -> 2.1 | G54: =(IF($A54="SINAPI",INDEX(SINAPI_NOV2020_NDES!$A$7:$H$6703,MATCH($B54,SINAPI_NOV2020_NDES!$A$7:$A$6703,0),6),(INDEX(COMPOS!$A$4:$G$801,MATCH($B54,COMPOS!$A$4:A$801,0),5)))) -> 6.46 | H54: =(IF($A54="SINAPI",INDEX(SINAPI_NOV2020_NDES!$A$7:$H$6703,MATCH($B54,SINAPI_NOV2020_NDES!$A$7:$A$6703,0),7),(INDEX(COMPOS!$A$4:$G$801,MATCH($B54,COMPOS!$A$4:A$801,0),6)))) -> 0 | I54: =SUM(F54:H54) -> 8.56 | J54: =+I54*E54 -> 17.12
A55: SINAPI | B55: 100860 | C55: =(IF($A55="SINAPI",INDEX(SINAPI_NOV2020_NDES!$A$7:$H$6703,MATCH($B55,SINAPI_NOV2020_NDES!$A$7:$A$6703,0),2),IF($A55="GOINFRA",INDEX(#REF!,MATCH($B55,#REF!,0),2),(INDEX(COMPOS!$A$4:$G$390,MATCH($B55,COMPOS!$A$4:A$390,0),2))))) -> CHUVEIRO ELÉTRICO COMUM CORPO PLÁSTICO, TIPO DUCHA  FORNECIMENTO E INSTALAÇÃO. AF_01/2020 | D55: =(IF($A55="SINAPI",INDEX(SINAPI_NOV2020_NDES!$A$7:$H$6790,MATCH($B55,SINAPI_NOV2020_NDES!$A$7:$A$6790,0),3),(INDEX(COMPOS!$A$4:$G$5000,MATCH($B55,COMPOS!$A$4:$A$5000,0),3)))) -> UN | E55: 2 | F55: =(IF($A55="SINAPI",INDEX(SINAPI_NOV2020_NDES!$A$7:$H$6703,MATCH($B55,SINAPI_NOV2020_NDES!$A$7:$A$6703,0),5),(INDEX(COMPOS!$A$4:$G$801,MATCH($B55,COMPOS!$A$4:A$801,0),4)))) -> 9.12 | G55: =(IF($A55="SINAPI",INDEX(SINAPI_NOV2020_NDES!$A$7:$H$6703,MATCH($B55,SINAPI_NOV2020_NDES!$A$7:$A$6703,0),6),(INDEX(COMPOS!$A$4:$G$801,MATCH($B55,COMPOS!$A$4:A$801,0),5)))) -> 57.45 | H55: =(IF($A55="SINAPI",INDEX(SINAPI_NOV2020_NDES!$A$7:$H$6703,MATCH($B55,SINAPI_NOV2020_NDES!$A$7:$A$6703,0),7),(INDEX(COMPOS!$A$4:$G$801,MATCH($B55,COMPOS!$A$4:A$801,0),6)))) -> 0 | I55: =SUM(F55:H55) -> 66.57 | J55: =+I55*E55 -> 133.14
A56: SINAPI | B56: 86885 | C56: =(IF($A56="SINAPI",INDEX(SINAPI_NOV2020_NDES!$A$7:$H$6703,MATCH($B56,SINAPI_NOV2020_NDES!$A$7:$A$6703,0),2),IF($A56="GOINFRA",INDEX(#REF!,MATCH($B56,#REF!,0),2),(INDEX(COMPOS!$A$4:$G$390,MATCH($B56,COMPOS!$A$4:A$390,0),2))))) -> ENGATE FLEXÍVEL EM PLÁSTICO BRANCO, 1/2 X 40CM - FORNECIMENTO E INSTALAÇÃO. AF_01/2020 | D56: =(IF($A56="SINAPI",INDEX(SINAPI_NOV2020_NDES!$A$7:$H$6790,MATCH($B56,SINAPI_NOV2020_NDES!$A$7:$A$6790,0),3),(INDEX(COMPOS!$A$4:$G$5000,MATCH($B56,COMPOS!$A$4:$A$5000,0),3)))) -> UN | E56: 2 | F56: =(IF($A56="SINAPI",INDEX(SINAPI_NOV2020_NDES!$A$7:$H$6703,MATCH($B56,SINAPI_NOV2020_NDES!$A$7:$A$6703,0),5),(INDEX(COMPOS!$A$4:$G$801,MATCH($B56,COMPOS!$A$4:A$801,0),4)))) -> 3.12 | G56: =(IF($A56="SINAPI",INDEX(SINAPI_NOV2020_NDES!$A$7:$H$6703,MATCH($B56,SINAPI_NOV2020_NDES!$A$7:$A$6703,0),6),(INDEX(COMPOS!$A$4:$G$801,MATCH($B56,COMPOS!$A$4:A$801,0),5)))) -> 6.03 | H56: =(IF($A56="SINAPI",INDEX(SINAPI_NOV2020_NDES!$A$7:$H$6703,MATCH($B56,SINAPI_NOV2020_NDES!$A$7:$A$6703,0),7),(INDEX(COMPOS!$A$4:$G$801,MATCH($B56,COMPOS!$A$4:A$801,0),6)))) -> 0 | I56: =SUM(F56:H56) -> 9.15 | J56: =+I56*E56 -> 18.3
... A93: SINAPI | B93: 89709 | C93: =(IF($A93="SINAPI",INDEX(SINAPI_NOV2020_NDES!$A$7:$H$6703,MATCH($B93,SINAPI_NOV2020_NDES!$A$7:$A$6703,0),2),IF($A93="GOINFRA",INDEX(#REF!,MATCH($B93,#REF!,0),2),(INDEX(COMPOS!$A$4:$G$390,MATCH($B93,COMPOS!$A$4:A$390,0),2))))) -> RALO SIFONADO, PVC, DN 100 X 40 MM, JUNTA SOLDÁVEL, FORNECIDO E INSTALADO EM RAMAL DE DESCARGA OU EM RAMAL DE ESGOTO SANITÁRIO. AF_12/2014 | D93: =(IF($A93="SINAPI",INDEX(SINAPI_NOV2020_NDES!$A$7:$H$6790,MATCH($B93,SINAPI_NOV2020_NDES!$A$7:$A$6790,0),3),(INDEX(COMPOS!$A$4:$G$5000,MATCH($B93,COMPOS!$A$4:$A$5000,0),3)))) -> UN | E93: 2 | F93: =(IF($A93="SINAPI",INDEX(SINAPI_NOV2020_NDES!$A$7:$H$6703,MATCH($B93,SINAPI_NOV2020_NDES!$A$7:$A$6703,0),5),(INDEX(COMPOS!$A$4:$G$801,MATCH($B93,COMPOS!$A$4:A$801,0),4)))) -> 2.04 | G93: =(IF($A93="SINAPI",INDEX(SINAPI_NOV2020_NDES!$A$7:$H$6703,MATCH($B93,SINAPI_NOV2020_NDES!$A$7:$A$6703,0),6),(INDEX(COMPOS!$A$4:$G$801,MATCH($B93,COMPOS!$A$4:A$801,0),5)))) -> 6.8 | H93: =(IF($A93="SINAPI",INDEX(SINAPI_NOV2020_NDES!$A$7:$H$6703,MATCH($B93,SINAPI_NOV2020_NDES!$A$7:$A$6703,0),7),(INDEX(COMPOS!$A$4:$G$801,MATCH($B93,COMPOS!$A$4:A$801,0),6)))) -> 0 | I93: =SUM(F93:H93) -> 8.84 | J93: =+I93*E93 -> 17.68
A94: SUB-TOTAL | J94: =SUM(J45:J93) -> 4411.4098
B95: 172 | C95: ALVENARIAS E DIVISÓRIAS
A96: SINAPI | B96: 87503 | C96: =(IF($A96="SINAPI",INDEX(SINAPI_NOV2020_NDES!$A$7:$H$6703,MATCH($B96,SINAPI_NOV2020_NDES!$A$7:$A$6703,0),2),IF($A96="GOINFRA",INDEX(#REF!,MATCH($B96,#REF!,0),2),(INDEX(COMPOS!$A$4:$G$390,MATCH($B96,COMPOS!$A$4:A$390,0),2))))) -> ALVENARIA DE VEDAÇÃO DE BLOCOS CERÂMICOS FURADOS NA HORIZONTAL DE 9X19X19CM (ESPESSURA 9CM) DE PAREDES COM ÁREA LÍQUIDA MAIOR OU IGUAL A 6M² SEM VÃOS E ARGAMASSA DE ASSENTAMENTO COM PREPARO EM BETONEIRA. AF_06/2014 | D96: =(IF($A96="SINAPI",INDEX(SINAPI_NOV2020_NDES!$A$7:$H$6790,MATCH($B96,SINAPI_NOV2020_NDES!$A$7:$A$6790,0),3),(INDEX(COMPOS!$A$4:$G$5000,MATCH($B96,COMPOS!$A$4:$A$5000,0),3)))) -> M2 | E96: =30.7*1 -> 30.7 | F96: =(IF($A96="SINAPI",INDEX(SINAPI_NOV2020_NDES!$A$7:$H$6703,MATCH($B96,SINAPI_NOV2020_NDES!$A$7:$A$6703,0),5),(INDEX(COMPOS!$A$4:$G$801,MATCH($B96,COMPOS!$A$4:A$801,0),4)))) -> 31.67 | G96: =(IF($A96="SINAPI",INDEX(SINAPI_NOV2020_NDES!$A$7:$H$6703,MATCH($B96,SINAPI_NOV2020_NDES!$A$7:$A$6703,0),6),(INDEX(COMPOS!$A$4:$G$801,MATCH($B96,COMPOS!$A$4:A$801,0),5)))) -> 32.13 | H96: =(IF($A96="SINAPI",INDEX(SINAPI_NOV2020_NDES!$A$7:$H$6703,MATCH($B96,SINAPI_NOV2020_NDES!$A$7:$A$6703,0),7),(INDEX(COMPOS!$A$4:$G$801,MATCH($B96,COMPOS!$A$4:A$801,0),6)))) -> 0 | I96: =SUM(F96:H96) -> 63.8 | J96: =+I96*E96 -> 1958.66
A97: SINAPI | B97: 101161 | C97: =(IF($A97="SINAPI",INDEX(SINAPI_NOV2020_NDES!$A$7:$H$6703,MATCH($B97,SINAPI_NOV2020_NDES!$A$7:$A$6703,0),2),IF($A97="GOINFRA",INDEX(#REF!,MATCH($B97,#REF!,0),2),(INDEX(COMPOS!$A$4:$G$390,MATCH($B97,COMPOS!$A$4:A$390,0),2))))) -> ALVENARIA DE VEDAÇÃO COM ELEMENTO VAZADO DE CONCRETO (COBOGÓ) DE 7X50X50CM E ARGAMASSA DE ASSENTAMENTO COM PREPARO EM BETONEIRA. AF_05/2020 | D97: =(IF($A97="SINAPI",INDEX(SINAPI_NOV2020_NDES!$A$7:$H$6790,MATCH($B97,SINAPI_NOV2020_NDES!$A$7:$A$6790,0),3),(INDEX(COMPOS!$A$4:$G$5000,MATCH($B97,COMPOS!$A$4:$A$5000,0),3)))) -> M2 | E97: 7.29 | F97: =(IF($A97="SINAPI",INDEX(SINAPI_NOV2020_NDES!$A$7:$H$6703,MATCH($B97,SINAPI_NOV2020_NDES!$A$7:$A$6703,0),5),(INDEX(COMPOS!$A$4:$G$801,MATCH($B97,COMPOS!$A$4:A$801,0),4)))) -> 46.7 | G97: =(IF($A97="SINAPI",INDEX(SINAPI_NOV2020_NDES!$A$7:$H$6703,MATCH($B97,SINAPI_NOV2020_NDES!$A$7:$A$6703,0),6),(INDEX(COMPOS!$A$4:$G$801,MATCH($B97,COMPOS!$A$4:A$801,0),5)))) -> 103.48 | H97: =(IF($A97="SINAPI",INDEX(SINAPI_NOV2020_NDES!$A$7:$H$6703,MATCH($B97,SINAPI_NOV2020_NDES!$A$7:$A$6703,0),7),(INDEX(COMPOS!$A$4:$G$801,MATCH($B97,COMPOS!$A$4:A$801,0),6)))) -> 0.01 | I97: =SUM(F97:H97) -> 150.19 | J97: =+I97*E97 -> 1094.8851
A98: SUB-TOTAL | J98: =SUM(J96:J97) -> 3053.5451
B99: 177 | C99: ESTRUTURAS METÁLICAS
A100: COMPOS | B100: 341 | C100: =(IF($A100="SINAPI",INDEX(SINAPI_NOV2020_NDES!$A$7:$H$6703,MATCH($B100,SINAPI_NOV2020_NDES!$A$7:$A$6703,0),2),IF($A100="GOINFRA",INDEX(#REF!,MATCH($B100,#REF!,0),2),(INDEX(COMPOS!$A$4:$G$390,MATCH($B100,COMPOS!$A$4:A$390,0),2))))) -> ESTRUTURA METÁLICA SAC 300 | D100: =(IF($A100="SINAPI",INDEX(SINAPI_NOV2020_NDES!$A$7:$H$6790,MATCH($B100,SINAPI_NOV2020_NDES!$A$7:$A$6790,0),3),(INDEX(COMPOS!$A$4:$G$5000,MATCH($B100,COMPOS!$A$4:$A$5000,0),3)))) -> KG | E100: 395.83 | F100: =(IF($A100="SINAPI",INDEX(SINAPI_NOV2020_NDES!$A$7:$H$6703,MATCH($B100,SINAPI_NOV2020_NDES!$A$7:$A$6703,0),5),(INDEX(COMPOS!$A$4:$G$801,MATCH($B100,COMPOS!$A$4:A$801,0),4)))) -> 0 | G100: =(IF($A100="SINAPI",INDEX(SINAPI_NOV2020_NDES!$A$7:$H$6703,MATCH($B100,SINAPI_NOV2020_NDES!$A$7:$A$6703,0),6),(INDEX(COMPOS!$A$4:$G$801,MATCH($B100,COMPOS!$A$4:A$801,0),5)))) -> 14.124 | H100: =(IF($A100="SINAPI",INDEX(SINAPI_NOV2020_NDES!$A$7:$H$6703,MATCH($B100,SINAPI_NOV2020_NDES!$A$7:$A$6703,0),7),(INDEX(COMPOS!$A$4:$G$801,MATCH($B100,COMPOS!$A$4:A$801,0),6)))) -> 0 | I100: =SUM(F100:H100) -> 14.124 | J100: =+I100*E100 -> 5590.7029
A101: SUB-TOTAL | J101: =SUM(J100) -> 5590.7029
B102: 179 | C102: ESQUADRIAS DE MADEIRAS
A103: SINAPI | B103: 90844 | C103: =(IF($A103="SINAPI",INDEX(SINAPI_NOV2020_NDES!$A$7:$H$6703,MATCH($B103,SINAPI_NOV2020_NDES!$A$7:$A$6703,0),2),IF($A103="GOINFRA",INDEX(#REF!,MATCH($B103,#REF!,0),2),(INDEX(COMPOS!$A$4:$G$390,MATCH($B103,COMPOS!$A$4:A$390,0),2))))) -> KIT DE PORTA DE MADEIRA PARA PINTURA, SEMI-OCA (LEVE OU MÉDIA), PADRÃO MÉDIO, 90X210CM, ESPESSURA DE 3,5CM, ITENS INCLUSOS: DOBRADIÇAS, MONTAGEM E INSTALAÇÃO DO BATENTE, FECHADURA COM EXECUÇÃO DO FURO - FORNECIMENTO E INSTALAÇÃO. AF_12/2019 | D103: =(IF($A103="SINAPI",INDEX(SINAPI_NOV2020_NDES!$A$7:$H$6790,MATCH($B103,SINAPI_NOV2020_NDES!$A$7:$A$6790,0),3),(INDEX(COMPOS!$A$4:$G$5000,MATCH($B103,COMPOS!$A$4:$A$5000,0),3)))) -> UN | E103: 2 | F103: =(IF($A103="SINAPI",INDEX(SINAPI_NOV2020_NDES!$A$7:$H$6703,MATCH($B103,SINAPI_NOV2020_NDES!$A$7:$A$6703,0),5),(INDEX(COMPOS!$A$4:$G$801,MATCH($B103,COMPOS!$A$4:A$801,0),4)))) -> 219.09 | G103: =(IF($A103="SINAPI",INDEX(SINAPI_NOV2020_NDES!$A$7:$H$6703,MATCH($B103,SINAPI_NOV2020_NDES!$A$7:$A$6703,0),6),(INDEX(COMPOS!$A$4:$G$801,MATCH($B103,COMPOS!$A$4:A$801,0),5)))) -> 545.33 | H103: =(IF($A103="SINAPI",INDEX(SINAPI_NOV2020_NDES!$A$7:$H$6703,MATCH($B103,SINAPI_NOV2020_NDES!$A$7:$A$6703,0),7),(INDEX(COMPOS!$A$4:$G$801,MATCH($B103,COMPOS!$A$4:A$801,0),6)))) -> 0 | I103: =SUM(F103:H103) -> 764.42 | J103: =+I103*E103 -> 1528.84
A104: SUB-TOTAL | J104: =SUM(J103) -> 1528.84
B105: 178 | C105: COBERTURAS
A106: SINAPI | B106: 94210 | C106: =(IF($A106="SINAPI",INDEX(SINAPI_NOV2020_NDES!$A$7:$H$6703,MATCH($B106,SINAPI_NOV2020_NDES!$A$7:$A$6703,0),2),IF($A106="GOINFRA",INDEX(#REF!,MATCH($B106,#REF!,0),2),(INDEX(COMPOS!$A$4:$G$390,MATCH($B106,COMPOS!$A$4:A$390,0),2))))) -> TELHAMENTO COM TELHA ONDULADA DE FIBROCIMENTO E = 6 MM, COM RECOBRIMENTO LATERAL DE 1 1/4 DE ONDA PARA TELHADO COM INCLINAÇÃO MÁXIMA DE 10°, COM ATÉ 2 ÁGUAS, INCLUSO IÇAMENTO. AF_07/2019 | D106: =(IF($A106="SINAPI",INDEX(SINAPI_NOV2020_NDES!$A$7:$H$6790,MATCH($B106,SINAPI_NOV2020_NDES!$A$7:$A$6790,0),3),(INDEX(COMPOS!$A$4:$G$5000,MATCH($B106,COMPOS!$A$4:$A$5000,0),3)))) -> M2 | E106: 36.56 | F106: =(IF($A106="SINAPI",INDEX(SINAPI_NOV2020_NDES!$A$7:$H$6703,MATCH($B106,SINAPI_NOV2020_NDES!$A$7:$A$6703,0),5),(INDEX(COMPOS!$A$4:$G$801,MATCH($B106,COMPOS!$A$4:A$801,0),4)))) -> 4.32 | G106: =(IF($A106="SINAPI",INDEX(SINAPI_NOV2020_NDES!$A$7:$H$6703,MATCH($B106,SINAPI_NOV2020_NDES!$A$7:$A$6703,0),6),(INDEX(COMPOS!$A$4:$G$801,MATCH($B106,COMPOS!$A$4:A$801,0),5)))) -> 37.48 | H106: =(IF($A106="SINAPI",INDEX(SINAPI_NOV2020_NDES!$A$7:$H$6703,MATCH($B106,SINAPI_NOV2020_NDES!$A$7:$A$6703,0),7),(INDEX(COMPOS!$A$4:$G$801,MATCH($B106,COMPOS!$A$4:A$801,0),6)))) -> 0 | I106: =SUM(F106:H106) -> 41.8 | J106: =+I106*E106 -> 1528.208
A107: COMPOS | B107: 342 | C107: =(IF($A107="SINAPI",INDEX(SINAPI_NOV2020_NDES!$A$7:$H$6703,MATCH($B107,SINAPI_NOV2020_NDES!$A$7:$A$6703,0),2),IF($A107="GOINFRA",INDEX(#REF!,MATCH($B107,#REF!,0),2),(INDEX(COMPOS!$A$4:$G$390,MATCH($B107,COMPOS!$A$4:A$390,0),2))))) -> CALHA DE CHAPA GALVANIZADA Nº 26, 60CM | D107: =(IF($A107="SINAPI",INDEX(SINAPI_NOV2020_NDES!$A$7:$H$6790,MATCH($B107,SINAPI_NOV2020_NDES!$A$7:$A$6790,0),3),(INDEX(COMPOS!$A$4:$G$5000,MATCH($B107,COMPOS!$A$4:$A$5000,0),3)))) -> M | E107: 7.3 | F107: =(IF($A107="SINAPI",INDEX(SINAPI_NOV2020_NDES!$A$7:$H$6703,MATCH($B107,SINAPI_NOV2020_NDES!$A$7:$A$6703,0),5),(INDEX(COMPOS!$A$4:$G$801,MATCH($B107,COMPOS!$A$4:A$801,0),4)))) -> 39.185 | G107: =(IF($A107="SINAPI",INDEX(SINAPI_NOV2020_NDES!$A$7:$H$6703,MATCH($B107,SINAPI_NOV2020_NDES!$A$7:$A$6703,0),6),(INDEX(COMPOS!$A$4:$G$801,MATCH($B107,COMPOS!$A$4:A$801,0),5)))) -> 20.28 | H107: =(IF($A107="SINAPI",INDEX(SINAPI_NOV2020_NDES!$A$7:$H$6703,MATCH($B107,SINAPI_NOV2020_NDES!$A$7:$A$6703,0),7),(INDEX(COMPOS!$A$4:$G$801,MATCH($B107,COMPOS!$A$4:A$801,0),6)))) -> 0 | I107: =SUM(F107:H107) -> 59.465 | J107: =+I107*E107 -> 434.0945
A108: COMPOS | B108: 343 | C108: =(IF($A108="SINAPI",INDEX(SINAPI_NOV2020_NDES!$A$7:$H$6703,MATCH($B108,SINAPI_NOV2020_NDES!$A$7:$A$6703,0),2),IF($A108="GOINFRA",INDEX(#REF!,MATCH($B108,#REF!,0),2),(INDEX(COMPOS!$A$4:$G$390,MATCH($B108,COMPOS!$A$4:A$390,0),2))))) -> RUFO DE CHAPA GALVANIZADA | D108: =(IF($A108="SINAPI",INDEX(SINAPI_NOV2020_NDES!$A$7:$H$6790,MATCH($B108,SINAPI_NOV2020_NDES!$A$7:$A$6790,0),3),(INDEX(COMPOS!$A$4:$G$5000,MATCH($B108,COMPOS!$A$4:$A$5000,0),3)))) -> M | E108: 20.6 | F108: =(IF($A108="SINAPI",INDEX(SINAPI_NOV2020_NDES!$A$7:$H$6703,MATCH($B108,SINAPI_NOV2020_NDES!$A$7:$A$6703,0),5),(INDEX(COMPOS!$A$4:$G$801,MATCH($B108,COMPOS!$A$4:A$801,0),4)))) -> 18.405 | G108: =(IF($A108="SINAPI",INDEX(SINAPI_NOV2020_NDES!$A$7:$H$6703,MATCH($B108,SINAPI_NOV2020_NDES!$A$7:$A$6703,0),6),(INDEX(COMPOS!$A$4:$G$801,MATCH($B108,COMPOS!$A$4:A$801,0),5)))) -> 15.03498 | H108: =(IF($A108="SINAPI",INDEX(SINAPI_NOV2020_NDES!$A$7:$H$6703,MATCH($B108,SINAPI_NOV2020_NDES!$A$7:$A$6703,0),7),(INDEX(COMPOS!$A$4:$G$801,MATCH($B108,COMPOS!$A$4:A$801,0),6)))) -> 0 | I108: =SUM(F108:H108) -> 33.43998 | J108: =+I108*E108 -> 688.86359
A109: COMPOS | B109: 344 | C109: =(IF($A109="SINAPI",INDEX(SINAPI_NOV2020_NDES!$A$7:$H$6703,MATCH($B109,SINAPI_NOV2020_NDES!$A$7:$A$6703,0),2),IF($A109="GOINFRA",INDEX(#REF!,MATCH($B109,#REF!,0),2),(INDEX(COMPOS!$A$4:$G$390,MATCH($B109,COMPOS!$A$4:A$390,0),2))))) -> CUMEEIRA PARA TELHA GALVANIZADA TRAPEZOIDAL, 0,5MM | D109: =(IF($A109="SINAPI",INDEX(SINAPI_NOV2020_NDES!$A$7:$H$6790,MATCH($B109,SINAPI_NOV2020_NDES!$A$7:$A$6790,0),3),(INDEX(COMPOS!$A$4:$G$5000,MATCH($B109,COMPOS!$A$4:$A$5000,0),3)))) -> M | E109: 21.6 | F109: =(IF($A109="SINAPI",INDEX(SINAPI_NOV2020_NDES!$A$7:$H$6703,MATCH($B109,SINAPI_NOV2020_NDES!$A$7:$A$6703,0),5),(INDEX(COMPOS!$A$4:$G$801,MATCH($B109,COMPOS!$A$4:A$801,0),4)))) -> 3.0528 | G109: =(IF($A109="SINAPI",INDEX(SINAPI_NOV2020_NDES!$A$7:$H$6703,MATCH($B109,SINAPI_NOV2020_NDES!$A$7:$A$6703,0),6),(INDEX(COMPOS!$A$4:$G$801,MATCH($B109,COMPOS!$A$4:A$801,0),5)))) -> 17.9172 | H109: =(IF($A109="SINAPI",INDEX(SINAPI_NOV2020_NDES!$A$7:$H$6703,MATCH($B109,SINAPI_NOV2020_NDES!$A$7:$A$6703,0),7),(INDEX(COMPOS!$A$4:$G$801,MATCH($B109,COMPOS!$A$4:A$801,0),6)))) -> 0 | I109: =SUM(F109:H109) -> 20.97 | J109: =+I109*E109 -> 452.952
A110: SUB-TOTAL | J110: =SUM(J106:J109) -> 3104.1181
B111: 180 | C111: ESQUADRIAS METÁLICAS
A112: COMPOS | B112: 144 | C112: =(IF($A112="SINAPI",INDEX(SINAPI_NOV2020_NDES!$A$7:$H$6703,MATCH($B112,SINAPI_NOV2020_NDES!$A$7:$A$6703,0),2),IF($A112="GOINFRA",INDEX(#REF!,MATCH($B112,#REF!,0),2),(INDEX(COMPOS!$A$4:$G$390,MATCH($B112,COMPOS!$A$4:A$390,0),2))))) -> PORTA METÁLICA CASE – PcD - 90X210 CM | D112: =(IF($A112="SINAPI",INDEX(SINAPI_NOV2020_NDES!$A$7:$H$6790,MATCH($B112,SINAPI_NOV2020_NDES!$A$7:$A$6790,0),3),(INDEX(COMPOS!$A$4:$G$5000,MATCH($B112,COMPOS!$A$4:$A$5000,0),3)))) -> M2 | E112: 3.78 | F112: =(IF($A112="SINAPI",INDEX(SINAPI_NOV2020_NDES!$A$7:$H$6703,MATCH($B112,SINAPI_NOV2020_NDES!$A$7:$A$6703,0),5),(INDEX(COMPOS!$A$4:$G$801,MATCH($B112,COMPOS!$A$4:A$801,0),4)))) -> 47.084743 | G112: =(IF($A112="SINAPI",INDEX(SINAPI_NOV2020_NDES!$A$7:$H$6703,MATCH($B112,SINAPI_NOV2020_NDES!$A$7:$A$6703,0),6),(INDEX(COMPOS!$A$4:$G$801,MATCH($B112,COMPOS!$A$4:A$801,0),5)))) -> 410.39035 | H112: =(IF($A112="SINAPI",INDEX(SINAPI_NOV2020_NDES!$A$7:$H$6703,MATCH($B112,SINAPI_NOV2020_NDES!$A$7:$A$6703,0),7),(INDEX(COMPOS!$A$4:$G$801,MATCH($B112,COMPOS!$A$4:A$801,0),6)))) -> 0 | I112: =SUM(F112:H112) -> 457.47509 | J112: =+I112*E112 -> 1729.2559
A113: COMPOS | B113: 146 | C113: =(IF($A113="SINAPI",INDEX(SINAPI_NOV2020_NDES!$A$7:$H$6703,MATCH($B113,SINAPI_NOV2020_NDES!$A$7:$A$6703,0),2),IF($A113="GOINFRA",INDEX(#REF!,MATCH($B113,#REF!,0),2),(INDEX(COMPOS!$A$4:$G$390,MATCH($B113,COMPOS!$A$4:A$390,0),2))))) -> PORTA METÁLICA CASE – PS - 1 FOLHA 80X210 CM | D113: =(IF($A113="SINAPI",INDEX(SINAPI_NOV2020_NDES!$A$7:$H$6790,MATCH($B113,SINAPI_NOV2020_NDES!$A$7:$A$6790,0),3),(INDEX(COMPOS!$A$4:$G$5000,MATCH($B113,COMPOS!$A$4:$A$5000,0),3)))) -> M2 | E113: =0.8*2.1 -> 1.68 | F113: =(IF($A113="SINAPI",INDEX(SINAPI_NOV2020_NDES!$A$7:$H$6703,MATCH($B113,SINAPI_NOV2020_NDES!$A$7:$A$6703,0),5),(INDEX(COMPOS!$A$4:$G$801,MATCH($B113,COMPOS!$A$4:A$801,0),4)))) -> 47.084743 | G113: =(IF($A113="SINAPI",INDEX(SINAPI_NOV2020_NDES!$A$7:$H$6703,MATCH($B113,SINAPI_NOV2020_NDES!$A$7:$A$6703,0),6),(INDEX(COMPOS!$A$4:$G$801,MATCH($B113,COMPOS!$A$4:A$801,0),5)))) -> 314.37936 | H113: =(IF($A113="SINAPI",INDEX(SINAPI_NOV2020_NDES!$A$7:$H$6703,MATCH($B113,SINAPI_NOV2020_NDES!$A$7:$A$6703,0),7),(INDEX(COMPOS!$A$4:$G$801,MATCH($B113,COMPOS!$A$4:A$801,0),6)))) -> 0 | I113: =SUM(F113:H113) -> 361.4641 | J113: =+I113*E113 -> 607.25969
A114: SINAPI | B114: 90789 | C114: =(IF($A114="SINAPI",INDEX(SINAPI_NOV2020_NDES!$A$7:$H$6703,MATCH($B114,SINAPI_NOV2020_NDES!$A$7:$A$6703,0),2),IF($A114="GOINFRA",INDEX(#REF!,MATCH($B114,#REF!,0),2),(INDEX(COMPOS!$A$4:$G$390,MATCH($B114,COMPOS!$A$4:A$390,0),2))))) -> KIT DE PORTA-PRONTA DE MADEIRA EM ACABAMENTO MELAMÍNICO BRANCO, FOLHA LEVE OU MÉDIA, 70X210CM, EXCLUSIVE FECHADURA, FIXAÇÃO COM PREENCHIMENTO PARCIAL DE ESPUMA EXPANSIVA - FORNECIMENTO E INSTALAÇÃO. AF_12/2019 | D114: =(IF($A114="SINAPI",INDEX(SINAPI_NOV2020_NDES!$A$7:$H$6790,MATCH($B114,SINAPI_NOV2020_NDES!$A$7:$A$6790,0),3),(INDEX(COMPOS!$A$4:$G$5000,MATCH($B114,COMPOS!$A$4:$A$5000,0),3)))) -> UN | E114: 1.47 | F114: =(IF($A114="SINAPI",INDEX(SINAPI_NOV2020_NDES!$A$7:$H$6703,MATCH($B114,SINAPI_NOV2020_NDES!$A$7:$A$6703,0),5),(INDEX(COMPOS!$A$4:$G$801,MATCH($B114,COMPOS!$A$4:A$801,0),4)))) -> 14.2 | G114: =(IF($A114="SINAPI",INDEX(SINAPI_NOV2020_NDES!$A$7:$H$6703,MATCH($B114,SINAPI_NOV2020_NDES!$A$7:$A$6703,0),6),(INDEX(COMPOS!$A$4:$G$801,MATCH($B114,COMPOS!$A$4:A$801,0),5)))) -> 491.49 | H114: =(IF($A114="SINAPI",INDEX(SINAPI_NOV2020_NDES!$A$7:$H$6703,MATCH($B114,SINAPI_NOV2020_NDES!$A$7:$A$6703,0),7),(INDEX(COMPOS!$A$4:$G$801,MATCH($B114,COMPOS!$A$4:A$801,0),6)))) -> 0 | I114: =SUM(F114:H114) -> 505.69 | J114: =+I114*E114 -> 743.3643
A115: SINAPI | B115: 94559 | C115: =(IF($A115="SINAPI",INDEX(SINAPI_NOV2020_NDES!$A$7:$H$6703,MATCH($B115,SINAPI_NOV2020_NDES!$A$7:$A$6703,0),2),IF($A115="GOINFRA",INDEX(#REF!,MATCH($B115,#REF!,0),2),(INDEX(COMPOS!$A$4:$G$390,MATCH($B115,COMPOS!$A$4:A$390,0),2))))) -> JANELA DE AÇO TIPO BASCULANTE PARA VIDROS, COM BATENTE, FERRAGENS E PINTURA ANTICORROSIVA. EXCLUSIVE VIDROS, ACABAMENTO, ALIZAR E CONTRAMARCO. FORNECIMENTO E INSTALAÇÃO. AF_12/2019 | D115: =(IF($A115="SINAPI",INDEX(SINAPI_NOV2020_NDES!$A$7:$H$6790,MATCH($B115,SINAPI_NOV2020_NDES!$A$7:$A$6790,0),3),(INDEX(COMPOS!$A$4:$G$5000,MATCH($B115,COMPOS!$A$4:$A$5000,0),3)))) -> M2 | E115: =0.7*0.7*2 -> 0.98 | F115: =(IF($A115="SINAPI",INDEX(SINAPI_NOV2020_NDES!$A$7:$H$6703,MATCH($B115,SINAPI_NOV2020_NDES!$A$7:$A$6703,0),5),(INDEX(COMPOS!$A$4:$G$801,MATCH($B115,COMPOS!$A$4:A$801,0),4)))) -> 104.7 | G115: =(IF($A115="SINAPI",INDEX(SINAPI_NOV2020_NDES!$A$7:$H$6703,MATCH($B115,SINAPI_NOV2020_NDES!$A$7:$A$6703,0),6),(INDEX(COMPOS!$A$4:$G$801,MATCH($B115,COMPOS!$A$4:A$801,0),5)))) -> 494.8 | H115: =(IF($A115="SINAPI",INDEX(SINAPI_NOV2020_NDES!$A$7:$H$6703,MATCH($B115,SINAPI_NOV2020_NDES!$A$7:$A$6703,0),7),(INDEX(COMPOS!$A$4:$G$801,MATCH($B115,COMPOS!$A$4:A$801,0),6)))) -> 0 | I115: =SUM(F115:H115) -> 599.5 | J115: =+I115*E115 -> 587.51
A116: SINAPI | B116: 94559 | C116: =(IF($A116="SINAPI",INDEX(SINAPI_NOV2020_NDES!$A$7:$H$6703,MATCH($B116,SINAPI_NOV2020_NDES!$A$7:$A$6703,0),2),IF($A116="GOINFRA",INDEX(#REF!,MATCH($B116,#REF!,0),2),(INDEX(COMPOS!$A$4:$G$390,MATCH($B116,COMPOS!$A$4:A$390,0),2))))) -> JANELA DE AÇO TIPO BASCULANTE PARA VIDROS, COM BATENTE, FERRAGENS E PINTURA ANTICORROSIVA. EXCLUSIVE VIDROS, ACABAMENTO, ALIZAR E CONTRAMARCO. FORNECIMENTO E INSTALAÇÃO. AF_12/2019 | D116: =(IF($A116="SINAPI",INDEX(SINAPI_NOV2020_NDES!$A$7:$H$6790,MATCH($B116,SINAPI_NOV2020_NDES!$A$7:$A$6790,0),3),(INDEX(COMPOS!$A$4:$G$5000,MATCH($B116,COMPOS!$A$4:$A$5000,0),3)))) -> M2 | E116: =1.8*0.7*4 -> 5.04 | F116: =(IF($A116="SINAPI",INDEX(SINAPI_NOV2020_NDES!$A$7:$H$6703,MATCH($B116,SINAPI_NOV2020_NDES!$A$7:$A$6703,0),5),(INDEX(COMPOS!$A$4:$G$801,MATCH($B116,COMPOS!$A$4:A$801,0),4)))) -> 104.7 | G116: =(IF($A116="SINAPI",INDEX(SINAPI_NOV2020_NDES!$A$7:$H$6703,MATCH($B116,SINAPI_NOV2020_NDES!$A$7:$A$6703,0),6),(INDEX(COMPOS!$A$4:$G$801,MATCH($B116,COMPOS!$A$4:A$801,0),5)))) -> 494.8 | H116: =(IF($A116="SINAPI",INDEX(SINAPI_NOV2020_NDES!$A$7:$H$6703,MATCH($B116,SINAPI_NOV2020_NDES!$A$7:$A$6703,0),7),(INDEX(COMPOS!$A$4:$G$801,MATCH($B116,COMPOS!$A$4:A$801,0),6)))) -> 0 | I116: =SUM(F116:H116) -> 599.5 | J116: =+I116*E116 -> 3021.48
A117: SUB-TOTAL | J117: =SUM(J112:J116) -> 6688.8698
B118: 181 | C118: VIDROS
A119: SINAPI | B119: 72117 | C119: =(IF($A119="SINAPI",INDEX(SINAPI_NOV2020_NDES!$A$7:$H$6703,MATCH($B119,SINAPI_NOV2020_NDES!$A$7:$A$6703,0),2),IF($A119="GOINFRA",INDEX(#REF!,MATCH($B119,#REF!,0),2),(INDEX(COMPOS!$A$4:$G$390,MATCH($B119,COMPOS!$A$4:A$390,0),2))))) -> VIDRO LISO COMUM TRANSPARENTE, ESPESSURA 4MM | D119: =(IF($A119="SINAPI",INDEX(SINAPI_NOV2020_NDES!$A$7:$H$6790,MATCH($B119,SINAPI_NOV2020_NDES!$A$7:$A$6790,0),3),(INDEX(COMPOS!$A$4:$G$5000,MATCH($B119,COMPOS!$A$4:$A$5000,0),3)))) -> M2 | E119: 4.82 | F119: =(IF($A119="SINAPI",INDEX(SINAPI_NOV2020_NDES!$A$7:$H$6703,MATCH($B119,SINAPI_NOV2020_NDES!$A$7:$A$6703,0),5),(INDEX(COMPOS!$A$4:$G$801,MATCH($B119,COMPOS!$A$4:A$801,0),4)))) -> 11.8 | G119: =(IF($A119="SINAPI",INDEX(SINAPI_NOV2020_NDES!$A$7:$H$6703,MATCH($B119,SINAPI_NOV2020_NDES!$A$7:$A$6703,0),6),(INDEX(COMPOS!$A$4:$G$801,MATCH($B119,COMPOS!$A$4:A$801,0),5)))) -> 171.51 | H119: =(IF($A119="SINAPI",INDEX(SINAPI_NOV2020_NDES!$A$7:$H$6703,MATCH($B119,SINAPI_NOV2020_NDES!$A$7:$A$6703,0),7),(INDEX(COMPOS!$A$4:$G$801,MATCH($B119,COMPOS!$A$4:A$801,0),6)))) -> 0 | I119: =SUM(F119:H119) -> 183.31 | J119: =+I119*E119 -> 883.5542
A120: SUB-TOTAL | J120: =SUM(J119) -> 883.5542
B121: 182 | C121: REVESTIMENTO DE PAREDES
A122: SINAPI | B122: 87879 | C122: =(IF($A122="SINAPI",INDEX(SINAPI_NOV2020_NDES!$A$7:$H$6703,MATCH($B122,SINAPI_NOV2020_NDES!$A$7:$A$6703,0),2),IF($A122="GOINFRA",INDEX(#REF!,MATCH($B122,#REF!,0),2),(INDEX(COMPOS!$A$4:$G$390,MATCH($B122,COMPOS!$A$4:A$390,0),2))))) -> CHAPISCO APLICADO EM ALVENARIAS E ESTRUTURAS DE CONCRETO INTERNAS, COM COLHER DE PEDREIRO. ARGAMASSA TRAÇO 1:3 COM PREPARO EM BETONEIRA 400L. AF_06/2014 | D122: =(IF($A122="SINAPI",INDEX(SINAPI_NOV2020_NDES!$A$7:$H$6790,MATCH($B122,SINAPI_NOV2020_NDES!$A$7:$A$6790,0),3),(INDEX(COMPOS!$A$4:$G$5000,MATCH($B122,COMPOS!$A$4:$A$5000,0),3)))) -> M2 | E122: =250.78-(30.7*4.16-4*1.8*0.7-2*0.7*0.7-0.8*2.1-0.9*2.1) -> 132.658 | F122: =(IF($A122="SINAPI",INDEX(SINAPI_NOV2020_NDES!$A$7:$H$6703,MATCH($B122,SINAPI_NOV2020_NDES!$A$7:$A$6703,0),5),(INDEX(COMPOS!$A$4:$G$801,MATCH($B122,COMPOS!$A$4:A$801,0),4)))) -> 1.67 | G122: =(IF($A122="SINAPI",INDEX(SINAPI_NOV2020_NDES!$A$7:$H$6703,MATCH($B122,SINAPI_NOV2020_NDES!$A$7:$A$6703,0),6),(INDEX(COMPOS!$A$4:$G$801,MATCH($B122,COMPOS!$A$4:A$801,0),5)))) -> 1.74 | H122: =(IF($A122="SINAPI",INDEX(SINAPI_NOV2020_NDES!$A$7:$H$6703,MATCH($B122,SINAPI_NOV2020_NDES!$A$7:$A$6703,0),7),(INDEX(COMPOS!$A$4:$G$801,MATCH($B122,COMPOS!$A$4:A$801,0),6)))) -> 0 | I122: =SUM(F122:H122) -> 3.41 | J122: =+I122*E122 -> 452.36378
A123: SINAPI | B123: 87894 | C123: =(IF($A123="SINAPI",INDEX(SINAPI_NOV2020_NDES!$A$7:$H$6703,MATCH($B123,SINAPI_NOV2020_NDES!$A$7:$A$6703,0),2),IF($A123="GOINFRA",INDEX(#REF!,MATCH($B123,#REF!,0),2),(INDEX(COMPOS!$A$4:$G$390,MATCH($B123,COMPOS!$A$4:A$390,0),2))))) -> CHAPISCO APLICADO EM ALVENARIA (SEM PRESENÇA DE VÃOS) E ESTRUTURAS DE CONCRETO DE FACHADA, COM COLHER DE PEDREIRO. ARGAMASSA TRAÇO 1:3 COM PREPARO EM BETONEIRA 400L. AF_06/2014 | D123: =(IF($A123="SINAPI",INDEX(SINAPI_NOV2020_NDES!$A$7:$H$6790,MATCH($B123,SINAPI_NOV2020_NDES!$A$7:$A$6790,0),3),(INDEX(COMPOS!$A$4:$G$5000,MATCH($B123,COMPOS!$A$4:$A$5000,0),3)))) -> M2 | E123: =(30.7*4.16-4*1.8*0.7-2*0.7*0.7-0.8*2.1-0.9*2.1)+109.71 -> 227.832 | F123: =(IF($A123="SINAPI",INDEX(SINAPI_NOV2020_NDES!$A$7:$H$6703,MATCH($B123,SINAPI_NOV2020_NDES!$A$7:$A$6703,0),5),(INDEX(COMPOS!$A$4:$G$801,MATCH($B123,COMPOS!$A$4:A$801,0),4)))) -> 3.2 | G123: =(IF($A123="SINAPI",INDEX(SINAPI_NOV2020_NDES!$A$7:$H$6703,MATCH($B123,SINAPI_NOV2020_NDES!$A$7:$A$6703,0),6),(INDEX(COMPOS!$A$4:$G$801,MATCH($B123,COMPOS!$A$4:A$801,0),5)))) -> 2.22 | H123: =(IF($A123="SINAPI",INDEX(SINAPI_NOV2020_NDES!$A$7:$H$6703,MATCH($B123,SINAPI_NOV2020_NDES!$A$7:$A$6703,0),7),(INDEX(COMPOS!$A$4:$G$801,MATCH($B123,COMPOS!$A$4:A$801,0),6)))) -> 0 | I123: =SUM(F123:H123) -> 5.42 | J123: =+I123*E123 -> 1234.8494
A124: SINAPI | B124: 87529 | C124: =(IF($A124="SINAPI",INDEX(SINAPI_NOV2020_NDES!$A$7:$H$6703,MATCH($B124,SINAPI_NOV2020_NDES!$A$7:$A$6703,0),2),IF($A124="GOINFRA",INDEX(#REF!,MATCH($B124,#REF!,0),2),(INDEX(COMPOS!$A$4:$G$390,MATCH($B124,COMPOS!$A$4:A$390,0),2))))) -> MASSA ÚNICA, PARA RECEBIMENTO DE PINTURA, EM ARGAMASSA TRAÇO 1:2:8, PREPARO MECÂNICO COM BETONEIRA 400L, APLICADA MANUALMENTE EM FACES INTERNAS DE PAREDES, ESPESSURA DE 20MM, COM EXECUÇÃO DE TALISCAS. AF_06/2014 | D124: =(IF($A124="SINAPI",INDEX(SINAPI_NOV2020_NDES!$A$7:$H$6790,MATCH($B124,SINAPI_NOV2020_NDES!$A$7:$A$6790,0),3),(INDEX(COMPOS!$A$4:$G$5000,MATCH($B124,COMPOS!$A$4:$A$5000,0),3)))) -> M2 | E124: 321.8 | F124: =(IF($A124="SINAPI",INDEX(SINAPI_NOV2020_NDES!$A$7:$H$6703,MATCH($B124,SINAPI_NOV2020_NDES!$A$7:$A$6703,0),5),(INDEX(COMPOS!$A$4:$G$801,MATCH($B124,COMPOS!$A$4:A$801,0),4)))) -> 13.35 | G124: =(IF($A124="SINAPI",INDEX(SINAPI_NOV2020_NDES!$A$7:$H$6703,MATCH($B124,SINAPI_NOV2020_NDES!$A$7:$A$6703,0),6),(INDEX(COMPOS!$A$4:$G$801,MATCH($B124,COMPOS!$A$4:A$801,0),5)))) -> 17.5 | H124: =(IF($A124="SINAPI",INDEX(SINAPI_NOV2020_NDES!$A$7:$H$6703,MATCH($B124,SINAPI_NOV2020_NDES!$A$7:$A$6703,0),7),(INDEX(COMPOS!$A$4:$G$801,MATCH($B124,COMPOS!$A$4:A$801,0),6)))) -> 0.03 | I124: =SUM(F124:H124) -> 30.88 | J124: =+I124*E124 -> 9937.184
A125: SINAPI | B125: 87531 | C125: =(IF($A125="SINAPI",INDEX(SINAPI_NOV2020_NDES!$A$7:$H$6703,MATCH($B125,SINAPI_NOV2020_NDES!$A$7:$A$6703,0),2),IF($A125="GOINFRA",INDEX(#REF!,MATCH($B125,#REF!,0),2),(INDEX(COMPOS!$A$4:$G$390,MATCH($B125,COMPOS!$A$4:A$390,0),2))))) -> EMBOÇO, PARA RECEBIMENTO DE CERÂMICA, EM ARGAMASSA TRAÇO 1:2:8, PREPARO MECÂNICO COM BETONEIRA 400L, APLICADO MANUALMENTE EM FACES INTERNAS DE PAREDES, PARA AMBIENTE COM ÁREA ENTRE 5M2 E 10M2, ESPESSURA DE 20MM, COM EXECUÇÃO DE TALISCAS. AF_06/2014 | D125: =(IF($A125="SINAPI",INDEX(SINAPI_NOV2020_NDES!$A$7:$H$6790,MATCH($B125,SINAPI_NOV2020_NDES!$A$7:$A$6790,0),3),(INDEX(COMPOS!$A$4:$G$5000,MATCH($B125,COMPOS!$A$4:$A$5000,0),3)))) -> M2 | E125: 38.7 | F125: =(IF($A125="SINAPI",INDEX(SINAPI_NOV2020_NDES!$A$7:$H$6703,MATCH($B125,SINAPI_NOV2020_NDES!$A$7:$A$6703,0),5),(INDEX(COMPOS!$A$4:$G$801,MATCH($B125,COMPOS!$A$4:A$801,0),4)))) -> 12.55 | G125: =(IF($A125="SINAPI",INDEX(SINAPI_NOV2020_NDES!$A$7:$H$6703,MATCH($B125,SINAPI_NOV2020_NDES!$A$7:$A$6703,0),6),(INDEX(COMPOS!$A$4:$G$801,MATCH($B125,COMPOS!$A$4:A$801,0),5)))) -> 17.24 | H125: =(IF($A125="SINAPI",INDEX(SINAPI_NOV2020_NDES!$A$7:$H$6703,MATCH($B125,SINAPI_NOV2020_NDES!$A$7:$A$6703,0),7),(INDEX(COMPOS!$A$4:$G$801,MATCH($B125,COMPOS!$A$4:A$801,0),6)))) -> 0.03 | I125: =SUM(F125:H125) -> 29.82 | J125: =+I125*E125 -> 1154.034
A126: SINAPI | B126: 87267 | C126: =(IF($A126="SINAPI",INDEX(SINAPI_NOV2020_NDES!$A$7:$H$6703,MATCH($B126,SINAPI_NOV2020_NDES!$A$7:$A$6703,0),2),IF($A126="GOINFRA",INDEX(#REF!,MATCH($B126,#REF!,0),2),(INDEX(COMPOS!$A$4:$G$390,MATCH($B126,COMPOS!$A$4:A$390,0),2))))) -> REVESTIMENTO CERÂMICO PARA PAREDES INTERNAS COM PLACAS TIPO ESMALTADA EXTRA DE DIMENSÕES 20X20 CM APLICADAS EM AMBIENTES DE ÁREA MAIOR QUE 5 M² A MEIA ALTURA DAS PAREDES. AF_06/2014 | D126: =(IF($A126="SINAPI",INDEX(SINAPI_NOV2020_NDES!$A$7:$H$6790,MATCH($B126,SINAPI_NOV2020_NDES!$A$7:$A$6790,0),3),(INDEX(COMPOS!$A$4:$G$5000,MATCH($B126,COMPOS!$A$4:$A$5000,0),3)))) -> M2 | E126: 38.7 | F126: =(IF($A126="SINAPI",INDEX(SINAPI_NOV2020_NDES!$A$7:$H$6703,MATCH($B126,SINAPI_NOV2020_NDES!$A$7:$A$6703,0),5),(INDEX(COMPOS!$A$4:$G$801,MATCH($B126,COMPOS!$A$4:A$801,0),4)))) -> 15.86 | G126: =(IF($A126="SINAPI",INDEX(SINAPI_NOV2020_NDES!$A$7:$H$6703,MATCH($B126,SINAPI_NOV2020_NDES!$A$7:$A$6703,0),6),(INDEX(COMPOS!$A$4:$G$801,MATCH($B126,COMPOS!$A$4:A$801,0),5)))) -> 27.49 | H126: =(IF($A126="SINAPI",INDEX(SINAPI_NOV2020_NDES!$A$7:$H$6703,MATCH($B126,SINAPI_NOV2020_NDES!$A$7:$A$6703,0),7),(INDEX(COMPOS!$A$4:$G$801,MATCH($B126,COMPOS!$A$4:A$801,0),6)))) -> 0 | I126: =SUM(F126:H126) -> 43.35 | J126: =+I126*E126 -> 1677.645
A127: COMPOS | B127: 347 | C127: =(IF($A127="SINAPI",INDEX(SINAPI_NOV2020_NDES!$A$7:$H$6703,MATCH($B127,SINAPI_NOV2020_NDES!$A$7:$A$6703,0),2),IF($A127="GOINFRA",INDEX(#REF!,MATCH($B127,#REF!,0),2),(INDEX(COMPOS!$A$4:$G$390,MATCH($B127,COMPOS!$A$4:A$390,0),2))))) -> MOLDURA TIPO “U” INVERTIDO EM ARGAMASSA COM 2CM DE ESPESSURA TIPO PINGADEIRA EM MURO/PLATIBANDA (A PARTE VETICAL DESCE 2,5CM) | D127: =(IF($A127="SINAPI",INDEX(SINAPI_NOV2020_NDES!$A$7:$H$6790,MATCH($B127,SINAPI_NOV2020_NDES!$A$7:$A$6790,0),3),(INDEX(COMPOS!$A$4:$G$5000,MATCH($B127,COMPOS!$A$4:$A$5000,0),3)))) -> M2 | E127: 5.22 | F127: =(IF($A127="SINAPI",INDEX(SINAPI_NOV2020_NDES!$A$7:$H$6703,MATCH($B127,SINAPI_NOV2020_NDES!$A$7:$A$6703,0),5),(INDEX(COMPOS!$A$4:$G$801,MATCH($B127,COMPOS!$A$4:A$801,0),4)))) -> 48.24633 | G127: =(IF($A127="SINAPI",INDEX(SINAPI_NOV2020_NDES!$A$7:$H$6703,MATCH($B127,SINAPI_NOV2020_NDES!$A$7:$A$6703,0),6),(INDEX(COMPOS!$A$4:$G$801,MATCH($B127,COMPOS!$A$4:A$801,0),5)))) -> 15.81208 | H127: =(IF($A127="SINAPI",INDEX(SINAPI_NOV2020_NDES!$A$7:$H$6703,MATCH($B127,SINAPI_NOV2020_NDES!$A$7:$A$6703,0),7),(INDEX(COMPOS!$A$4:$G$801,MATCH($B127,COMPOS!$A$4:A$801,0),6)))) -> 0 | I127: =SUM(F127:H127) -> 64.05841 | J127: =+I127*E127 -> 334.3849
A128: SUB-TOTAL | J128: =SUM(J122:J127) -> 14790.461
B129: 183 | C129: FORROS
A130: SINAPI | B130: 87882 | C130: =(IF($A130="SINAPI",INDEX(SINAPI_NOV2020_NDES!$A$7:$H$6703,MATCH($B130,SINAPI_NOV2020_NDES!$A$7:$A$6703,0),2),IF($A130="GOINFRA",INDEX(#REF!,MATCH($B130,#REF!,0),2),(INDEX(COMPOS!$A$4:$G$390,MATCH($B130,COMPOS!$A$4:A$390,0),3))))) -> CHAPISCO APLICADO NO TETO, COM ROLO PARA TEXTURA ACRÍLICA. ARGAMASSA TRAÇO 1:4 E EMULSÃO POLIMÉRICA (ADESIVO) COM PREPARO EM BETONEIRA 400L. AF_06/2014 | D130: =(IF($A130="SINAPI",INDEX(SINAPI_NOV2020_NDES!$A$7:$H$6790,MATCH($B130,SINAPI_NOV2020_NDES!$A$7:$A$6790,0),3),(INDEX(COMPOS!$A$4:$G$5000,MATCH($B130,COMPOS!$A$4:$A$5000,0),3)))) -> M2 | E130: 38.76 | F130: =(IF($A130="SINAPI",INDEX(SINAPI_NOV2020_NDES!$A$7:$H$6703,MATCH($B130,SINAPI_NOV2020_NDES!$A$7:$A$6703,0),5),IF($A130="GOINFRA",INDEX(#REF!,MATCH($B130,#REF!,0),5),(INDEX(COMPOS!$A$4:$G$801,MATCH($B130,COMPOS!$A$4:A$801,0),4))))) -> 0.82 | G130: =(IF($A130="SINAPI",INDEX(SINAPI_NOV2020_NDES!$A$7:$H$6703,MATCH($B130,SINAPI_NOV2020_NDES!$A$7:$A$6703,0),6),IF($A130="GOINFRA",INDEX(#REF!,MATCH($B130,#REF!,0),4),(INDEX(COMPOS!$A$4:$G$801,MATCH($B130,COMPOS!$A$4:A$801,0),5))))) -> 3.11 | H130: =(IF($A130="SINAPI",INDEX(SINAPI_NOV2020_NDES!$A$7:$H$6703,MATCH($B130,SINAPI_NOV2020_NDES!$A$7:$A$6703,0),7),IF($A130="GOINFRA",0,(INDEX(COMPOS!$A$4:$G$801,MATCH($B130,COMPOS!$A$4:A$801,0),6))))) -> 0 | I130: =SUM(F130:H130) -> 3.93 | J130: =+I130*E130 -> 152.3268
A131: SINAPI | B131: 90406 | C131: =(IF($A131="SINAPI",INDEX(SINAPI_NOV2020_NDES!$A$7:$H$6703,MATCH($B131,SINAPI_NOV2020_NDES!$A$7:$A$6703,0),2),IF($A131="GOINFRA",INDEX(#REF!,MATCH($B131,#REF!,0),2),(INDEX(COMPOS!$A$4:$G$390,MATCH($B131,COMPOS!$A$4:A$390,0),3))))) -> MASSA ÚNICA, PARA RECEBIMENTO DE PINTURA, EM ARGAMASSA TRAÇO 1:2:8, PREPARO MECÂNICO COM BETONEIRA 400L, APLICADA MANUALMENTE EM TETO, ESPESSURA DE 20MM, COM EXECUÇÃO DE TALISCAS. AF_03/2015 | D131: =(IF($A131="SINAPI",INDEX(SINAPI_NOV2020_NDES!$A$7:$H$6790,MATCH($B131,SINAPI_NOV2020_NDES!$A$7:$A$6790,0),3),(INDEX(COMPOS!$A$4:$G$5000,MATCH($B131,COMPOS!$A$4:$A$5000,0),3)))) -> M2 | E131: 38.76 | F131: =(IF($A131="SINAPI",INDEX(SINAPI_NOV2020_NDES!$A$7:$H$6703,MATCH($B131,SINAPI_NOV2020_NDES!$A$7:$A$6703,0),5),IF($A131="GOINFRA",INDEX(#REF!,MATCH($B131,#REF!,0),5),(INDEX(COMPOS!$A$4:$G$801,MATCH($B131,COMPOS!$A$4:A$801,0),4))))) -> 20.13 | G131: =(IF($A131="SINAPI",INDEX(SINAPI_NOV2020_NDES!$A$7:$H$6703,MATCH($B131,SINAPI_NOV2020_NDES!$A$7:$A$6703,0),6),IF($A131="GOINFRA",INDEX(#REF!,MATCH($B131,#REF!,0),4),(INDEX(COMPOS!$A$4:$G$801,MATCH($B131,COMPOS!$A$4:A$801,0),5))))) -> 19.45 | H131: =(IF($A131="SINAPI",INDEX(SINAPI_NOV2020_NDES!$A$7:$H$6703,MATCH($B131,SINAPI_NOV2020_NDES!$A$7:$A$6703,0),7),IF($A131="GOINFRA",0,(INDEX(COMPOS!$A$4:$G$801,MATCH($B131,COMPOS!$A$4:A$801,0),6))))) -> 0.03 | I131: =SUM(F131:H131) -> 39.61 | J131: =+I131*E131 -> 1535.2836
A132: SUB-TOTAL | J132: =SUM(J130:J131) -> 1687.6104
B133: 184 | C133: REVESTIMENTO DE PISO
A134: SINAPI | B134: 95241 | C134: =(IF($A134="SINAPI",INDEX(SINAPI_NOV2020_NDES!$A$7:$H$6703,MATCH($B134,SINAPI_NOV2020_NDES!$A$7:$A$6703,0),2),IF($A134="GOINFRA",INDEX(#REF!,MATCH($B134,#REF!,0),2),(INDEX(COMPOS!$A$4:$G$390,MATCH($B134,COMPOS!$A$4:A$390,0),3))))) -> LASTRO DE CONCRETO MAGRO, APLICADO EM PISOS OU RADIERS, ESPESSURA DE 5 CM. AF_07/2016 | D134: =(IF($A134="SINAPI",INDEX(SINAPI_NOV2020_NDES!$A$7:$H$6790,MATCH($B134,SINAPI_NOV2020_NDES!$A$7:$A$6790,0),3),(INDEX(COMPOS!$A$4:$G$5000,MATCH($B134,COMPOS!$A$4:$A$5000,0),3)))) -> M2 | E134: 38.76 | F134: =(IF($A134="SINAPI",INDEX(SINAPI_NOV2020_NDES!$A$7:$H$6703,MATCH($B134,SINAPI_NOV2020_NDES!$A$7:$A$6703,0),5),(INDEX(COMPOS!$A$4:$G$801,MATCH($B134,COMPOS!$A$4:A$801,0),4)))) -> 8.26 | G134: =(IF($A134="SINAPI",INDEX(SINAPI_NOV2020_NDES!$A$7:$H$6703,MATCH($B134,SINAPI_NOV2020_NDES!$A$7:$A$6703,0),6),(INDEX(COMPOS!$A$4:$G$801,MATCH($B134,COMPOS!$A$4:A$801,0),5)))) -> 16.48 | H134: =(IF($A134="SINAPI",INDEX(SINAPI_NOV2020_NDES!$A$7:$H$6703,MATCH($B134,SINAPI_NOV2020_NDES!$A$7:$A$6703,0),7),(INDEX(COMPOS!$A$4:$G$801,MATCH($B134,COMPOS!$A$4:A$801,0),6)))) -> 0.09 | I134: =SUM(F134:H134) -> 24.83 | J134: =+I134*E134 -> 962.4108
A135: COMPOS | B135: 348 | C135: =(IF($A135="SINAPI",INDEX(SINAPI_NOV2020_NDES!$A$7:$H$6703,MATCH($B135,SINAPI_NOV2020_NDES!$A$7:$A$6703,0),2),IF($A135="GOINFRA",INDEX(#REF!,MATCH($B135,#REF!,0),2),(INDEX(COMPOS!$A$4:$G$390,MATCH($B135,COMPOS!$A$4:A$390,0),2))))) -> PASSEIO DE PROTEÇÃO EM CONCRETO DESEMPENADO 5CM (1:2,5:3,5) (INCLUSO ESPELHO DE 30CM/ESCAVAÇÃO/REATERRO/APILOAMENTO/ATERRO INTERNO) | D135: =(IF($A135="SINAPI",INDEX(SINAPI_NOV2020_NDES!$A$7:$H$6790,MATCH($B135,SINAPI_NOV2020_NDES!$A$7:$A$6790,0),3),(INDEX(COMPOS!$A$4:$G$5000,MATCH($B135,COMPOS!$A$4:$A$5000,0),3)))) -> M2 | E135: 41.4 | F135: =(IF($A135="SINAPI",INDEX(SINAPI_NOV2020_NDES!$A$7:$H$6703,MATCH($B135,SINAPI_NOV2020_NDES!$A$7:$A$6703,0),5),(INDEX(COMPOS!$A$4:$G$801,MATCH($B135,COMPOS!$A$4:A$801,0),4)))) -> 43.421984 | G135: =(IF($A135="SINAPI",INDEX(SINAPI_NOV2020_NDES!$A$7:$H$6703,MATCH($B135,SINAPI_NOV2020_NDES!$A$7:$A$6703,0),6),(INDEX(COMPOS!$A$4:$G$801,MATCH($B135,COMPOS!$A$4:A$801,0),5)))) -> 31.570293 | H135: =(IF($A135="SINAPI",INDEX(SINAPI_NOV2020_NDES!$A$7:$H$6703,MATCH($B135,SINAPI_NOV2020_NDES!$A$7:$A$6703,0),7),(INDEX(COMPOS!$A$4:$G$801,MATCH($B135,COMPOS!$A$4:A$801,0),6)))) -> 0 | I135: =SUM(F135:H135) -> 74.992277 | J135: =+I135*E135 -> 3104.6803
A136: COMPOS | B136: 350 | C136: =(IF($A136="SINAPI",INDEX(SINAPI_NOV2020_NDES!$A$7:$H$6703,MATCH($B136,SINAPI_NOV2020_NDES!$A$7:$A$6703,0),2),IF($A136="GOINFRA",INDEX(#REF!,MATCH($B136,#REF!,0),2),(INDEX(COMPOS!$A$4:$G$390,MATCH($B136,COMPOS!$A$4:A$390,0),2))))) -> GRANITINA 8MM FUNDIDA COM CONTRAPISO, ESP. 2CM E JUNTA PLÁSTICA 27MM | D136: =(IF($A136="SINAPI",INDEX(SINAPI_NOV2020_NDES!$A$7:$H$6790,MATCH($B136,SINAPI_NOV2020_NDES!$A$7:$A$6790,0),3),(INDEX(COMPOS!$A$4:$G$5000,MATCH($B136,COMPOS!$A$4:$A$5000,0),3)))) -> M2 | E136: 38.76 | F136: =(IF($A136="SINAPI",INDEX(SINAPI_NOV2020_NDES!$A$7:$H$6703,MATCH($B136,SINAPI_NOV2020_NDES!$A$7:$A$6703,0),5),(INDEX(COMPOS!$A$4:$G$801,MATCH($B136,COMPOS!$A$4:A$801,0),4)))) -> 19.118231 | G136: =(IF($A136="SINAPI",INDEX(SINAPI_NOV2020_NDES!$A$7:$H$6703,MATCH($B136,SINAPI_NOV2020_NDES!$A$7:$A$6703,0),6),(INDEX(COMPOS!$A$4:$G$801,MATCH($B136,COMPOS!$A$4:A$801,0),5)))) -> 97.53805 | H136: =(IF($A136="SINAPI",INDEX(SINAPI_NOV2020_NDES!$A$7:$H$6703,MATCH($B136,SINAPI_NOV2020_NDES!$A$7:$A$6703,0),7),(INDEX(COMPOS!$A$4:$G$801,MATCH($B136,COMPOS!$A$4:A$801,0),6)))) -> 0 | I136: =SUM(F136:H136) -> 116.65628 | J136: =+I136*E136 -> 4521.5975
A137: COMPOS | B137: 351 | C137: =(IF($A137="SINAPI",INDEX(SINAPI_NOV2020_NDES!$A$7:$H$6703,MATCH($B137,SINAPI_NOV2020_NDES!$A$7:$A$6703,0),2),IF($A137="GOINFRA",INDEX(#REF!,MATCH($B137,#REF!,0),2),(INDEX(COMPOS!$A$4:$G$390,MATCH($B137,COMPOS!$A$4:A$390,0),2))))) -> RODAPÉ FUNDIDO DE GRANITINA 7CM | D137: =(IF($A137="SINAPI",INDEX(SINAPI_NOV2020_NDES!$A$7:$H$6790,MATCH($B137,SINAPI_NOV2020_NDES!$A$7:$A$6790,0),3),(INDEX(COMPOS!$A$4:$G$5000,MATCH($B137,COMPOS!$A$4:$A$5000,0),3)))) -> M | E137: 44.22 | F137: =(IF($A137="SINAPI",INDEX(SINAPI_NOV2020_NDES!$A$7:$H$6703,MATCH($B137,SINAPI_NOV2020_NDES!$A$7:$A$6703,0),5),(INDEX(COMPOS!$A$4:$G$801,MATCH($B137,COMPOS!$A$4:A$801,0),4)))) -> 0 | G137: =(IF($A137="SINAPI",INDEX(SINAPI_NOV2020_NDES!$A$7:$H$6703,MATCH($B137,SINAPI_NOV2020_NDES!$A$7:$A$6703,0),6),(INDEX(COMPOS!$A$4:$G$801,MATCH($B137,COMPOS!$A$4:A$801,0),5)))) -> 20.94 | H137: =(IF($A137="SINAPI",INDEX(SINAPI_NOV2020_NDES!$A$7:$H$6703,MATCH($B137,SINAPI_NOV2020_NDES!$A$7:$A$6703,0),7),(INDEX(COMPOS!$A$4:$G$801,MATCH($B137,COMPOS!$A$4:A$801,0),6)))) -> 0 | I137: =SUM(F137:H137) -> 20.94 | J137: =+I137*E137 -> 925.9668
A138: SUB-TOTAL | J138: =SUM(J134:J137) -> 9514.6553
B139: 188 | C139: PINTURA
A140: SINAPI | B140: 84645 | C140: =(IF($A140="SINAPI",INDEX(SINAPI_NOV2020_NDES!$A$7:$H$6703,MATCH($B140,SINAPI_NOV2020_NDES!$A$7:$A$6703,0),2),IF($A140="GOINFRA",INDEX(#REF!,MATCH($B140,#REF!,0),2),(INDEX(COMPOS!$A$4:$G$390,MATCH($B140,COMPOS!$A$4:A$390,0),2))))) -> VERNIZ SINTETICO BRILHANTE, 2 DEMAOS | D140: =(IF($A140="SINAPI",INDEX(SINAPI_NOV2020_NDES!$A$7:$H$6790,MATCH($B140,SINAPI_NOV2020_NDES!$A$7:$A$6790,0),3),(INDEX(COMPOS!$A$4:$G$5000,MATCH($B140,COMPOS!$A$4:$A$5000,0),3)))) -> M2 | E140: =5.25*3 -> 15.75 | F140: =(IF($A140="SINAPI",INDEX(SINAPI_NOV2020_NDES!$A$7:$H$6703,MATCH($B140,SINAPI_NOV2020_NDES!$A$7:$A$6703,0),5),(INDEX(COMPOS!$A$4:$G$801,MATCH($B140,COMPOS!$A$4:A$801,0),4)))) -> 8.63 | G140: =(IF($A140="SINAPI",INDEX(SINAPI_NOV2020_NDES!$A$7:$H$6703,MATCH($B140,SINAPI_NOV2020_NDES!$A$7:$A$6703,0),6),(INDEX(COMPOS!$A$4:$G$801,MATCH($B140,COMPOS!$A$4:A$801,0),5)))) -> 9.29 | H140: =(IF($A140="SINAPI",INDEX(SINAPI_NOV2020_NDES!$A$7:$H$6703,MATCH($B140,SINAPI_NOV2020_NDES!$A$7:$A$6703,0),7),(INDEX(COMPOS!$A$4:$G$801,MATCH($B140,COMPOS!$A$4:A$801,0),6)))) -> 0 | I140: =SUM(F140:H140) -> 17.92 | J140: =+I140*E140 -> 282.24
A141: SINAPI | B141: 88486 | C141: =(IF($A141="SINAPI",INDEX(SINAPI_NOV2020_NDES!$A$7:$H$6703,MATCH($B141,SINAPI_NOV2020_NDES!$A$7:$A$6703,0),2),IF($A141="GOINFRA",INDEX(#REF!,MATCH($B141,#REF!,0),2),(INDEX(COMPOS!$A$4:$G$390,MATCH($B141,COMPOS!$A$4:A$390,0),2))))) -> APLICAÇÃO MANUAL DE PINTURA COM TINTA LÁTEX PVA EM TETO, DUAS DEMÃOS. AF_06/2014 | D141: =(IF($A141="SINAPI",INDEX(SINAPI_NOV2020_NDES!$A$7:$H$6790,MATCH($B141,SINAPI_NOV2020_NDES!$A$7:$A$6790,0),3),(INDEX(COMPOS!$A$4:$G$5000,MATCH($B141,COMPOS!$A$4:$A$5000,0),3)))) -> M2 | E141: 45.03 | F141: =(IF($A141="SINAPI",INDEX(SINAPI_NOV2020_NDES!$A$7:$H$6703,MATCH($B141,SINAPI_NOV2020_NDES!$A$7:$A$6703,0),5),(INDEX(COMPOS!$A$4:$G$801,MATCH($B141,COMPOS!$A$4:A$801,0),4)))) -> 3.54 | G141: =(IF($A141="SINAPI",INDEX(SINAPI_NOV2020_NDES!$A$7:$H$6703,MATCH($B141,SINAPI_NOV2020_NDES!$A$7:$A$6703,0),6),(INDEX(COMPOS!$A$4:$G$801,MATCH($B141,COMPOS!$A$4:A$801,0),5)))) -> 7.47 | H141: =(IF($A141="SINAPI",INDEX(SINAPI_NOV2020_NDES!$A$7:$H$6703,MATCH($B141,SINAPI_NOV2020_NDES!$A$7:$A$6703,0),7),(INDEX(COMPOS!$A$4:$G$801,MATCH($B141,COMPOS!$A$4:A$801,0),6)))) -> 0 | I141: =SUM(F141:H141) -> 11.01 | J141: =+I141*E141 -> 495.7803
A142: SINAPI | B142: 88485 | C142: =(IF($A142="SINAPI",INDEX(SINAPI_NOV2020_NDES!$A$7:$H$6703,MATCH($B142,SINAPI_NOV2020_NDES!$A$7:$A$6703,0),2),IF($A142="GOINFRA",INDEX(#REF!,MATCH($B142,#REF!,0),2),(INDEX(COMPOS!$A$4:$G$390,MATCH($B142,COMPOS!$A$4:A$390,0),2))))) -> APLICAÇÃO DE FUNDO SELADOR ACRÍLICO EM PAREDES, UMA DEMÃO. AF_06/2014 | D142: =(IF($A142="SINAPI",INDEX(SINAPI_NOV2020_NDES!$A$7:$H$6790,MATCH($B142,SINAPI_NOV2020_NDES!$A$7:$A$6790,0),3),(INDEX(COMPOS!$A$4:$G$5000,MATCH($B142,COMPOS!$A$4:$A$5000,0),3)))) -> M2 | E142: 284.25 | F142: =(IF($A142="SINAPI",INDEX(SINAPI_NOV2020_NDES!$A$7:$H$6703,MATCH($B142,SINAPI_NOV2020_NDES!$A$7:$A$6703,0),5),(INDEX(COMPOS!$A$4:$G$801,MATCH($B142,COMPOS!$A$4:A$801,0),4)))) -> 0.81 | G142: =(IF($A142="SINAPI",INDEX(SINAPI_NOV2020_NDES!$A$7:$H$6703,MATCH($B142,SINAPI_NOV2020_NDES!$A$7:$A$6703,0),6),(INDEX(COMPOS!$A$4:$G$801,MATCH($B142,COMPOS!$A$4:A$801,0),5)))) -> 1.43 | H142: =(IF($A142="SINAPI",INDEX(SINAPI_NOV2020_NDES!$A$7:$H$6703,MATCH($B142,SINAPI_NOV2020_NDES!$A$7:$A$6703,0),7),(INDEX(COMPOS!$A$4:$G$801,MATCH($B142,COMPOS!$A$4:A$801,0),6)))) -> 0 | I142: =SUM(F142:H142) -> 2.24 | J142: =+I142*E142 -> 636.72
...

Sheet UNID_CONTROLE
A4: OBRA: | C4: =+RESUMO!B5 -> CONCLUSÃO DA CONSTRUÇÃO DO CENTRO DE ATENDIMENTO SÓCIO EDUCATIVO - CASE ITUMBIARA
A5: TABELA: | C5: =+RESUMO!B6 -> SINAPI – NOVEMBRO/2020 (ONERADA)
A6: DATA: | C6: =+RESUMO!B7 -> MAIO / 2021
A7: PROCESSO: | C7: 2.0200004e+18
A8: BLOCO: | C8: UNIDADE DE CONTROLE
A9: ÁREA: | C9: 233,62 m²
A11: TABELA | B11: CÓDIGO | C11: SERVIÇO | D11: UND | E11: QTDE | F11: M.OBRA | G11: MATERIAL | H11: EQUIP | I11: C. UNITÁRIO (R$) | J11: C. TOTAL (R$)
B13: 165 | C13: TRANSPORTES
A14: COMPOS | B14: 450 | C14: =(IF($A14="SINAPI",INDEX(SINAPI_NOV2020_NDES!$A$7:$H$6703,MATCH($B14,SINAPI_NOV2020_NDES!$A$7:$A$6703,0),2),IF($A14="GOINFRA",INDEX(#REF!,MATCH($B14,#REF!,0),2),(INDEX(COMPOS!$A$4:$G$3900,MATCH($B14,COMPOS!$A$4:A$3900,0),2))))) -> TRANSPORTE DE ENTULHO EM CAÇAMBA ESTACIONÁRIA INCLUSO A CARGA MANUAL | D14: =(IF($A14="SINAPI",INDEX(SINAPI_NOV2020_NDES!$A$7:$H$6790,MATCH($B14,SINAPI_NOV2020_NDES!$A$7:$A$6790,0),3),(INDEX(COMPOS!$A$4:$G$5000,MATCH($B14,COMPOS!$A$4:$A$5000,0),3)))) -> M3 | E14: =233.72*0.07*0.5 -> 8.1802 | F14: =(IF($A14="SINAPI",INDEX(SINAPI_NOV2020_NDES!$A$7:$H$6703,MATCH($B14,SINAPI_NOV2020_NDES!$A$7:$A$6703,0),5),(INDEX(COMPOS!$A$4:$G$801,MATCH($B14,COMPOS!$A$4:A$801,0),4)))) -> 10.8792 | G14: =(IF($A14="SINAPI",INDEX(SINAPI_NOV2020_NDES!$A$7:$H$6703,MATCH($B14,SINAPI_NOV2020_NDES!$A$7:$A$6703,0),6),(INDEX(COMPOS!$A$4:$G$801,MATCH($B14,COMPOS!$A$4:A$801,0),5)))) -> 50.39 | H14: =(IF($A14="SINAPI",INDEX(SINAPI_NOV2020_NDES!$A$7:$H$6703,MATCH($B14,SINAPI_NOV2020_NDES!$A$7:$A$6703,0),7),(INDEX(COMPOS!$A$4:$G$801,MATCH($B14,COMPOS!$A$4:A$801,0),6)))) -> 0 | I14: =SUM(F14:H14) -> 61.2692 | J14: =+I14*E14 -> 501.19431
A15: SUB-TOTAL | J15: =SUM(J14) -> 501.19431
B16: 166 | C16: SERVIÇO EM TERRA
A17: COMPOS | B17: 305 | C17: =(IF($A17="SINAPI",INDEX(SINAPI_NOV2020_NDES!$A$7:$H$6703,MATCH($B17,SINAPI_NOV2020_NDES!$A$7:$A$6703,0),2),IF($A17="GOINFRA",INDEX(#REF!,MATCH($B17,#REF!,0),2),(INDEX(COMPOS!$A$4:$G$390,MATCH($B17,COMPOS!$A$4:A$390,0),2))))) -> REGULARIZAÇÃO DO TERRENO SEM APILOAMENTO COM TRANSPORTE MANUAL DE TERRA ESCAVADA | D17: =(IF($A17="SINAPI",INDEX(SINAPI_NOV2020_NDES!$A$7:$H$6790,MATCH($B17,SINAPI_NOV2020_NDES!$A$7:$A$6790,0),3),(INDEX(COMPOS!$A$4:$G$5000,MATCH($B17,COMPOS!$A$4:$A$5000,0),3)))) -> M2 | E17: =57.82+19.1+8.19+26.44+1.2 -> 112.75 | F17: =(IF($A17="SINAPI",INDEX(SINAPI_NOV2020_NDES!$A$7:$H$6703,MATCH($B17,SINAPI_NOV2020_NDES!$A$7:$A$6703,0),5),(INDEX(COMPOS!$A$4:$G$801,MATCH($B17,COMPOS!$A$4:A$801,0),4)))) -> 2.842123 | G17: =(IF($A17="SINAPI",INDEX(SINAPI_NOV2020_NDES!$A$7:$H$6703,MATCH($B17,SINAPI_NOV2020_NDES!$A$7:$A$6703,0),6),(INDEX(COMPOS!$A$4:$G$801,MATCH($B17,COMPOS!$A$4:A$801,0),5)))) -> 0 | H17: =(IF($A17="SINAPI",INDEX(SINAPI_NOV2020_NDES!$A$7:$H$6703,MATCH($B17,SINAPI_NOV2020_NDES!$A$7:$A$6703,0),7),(INDEX(COMPOS!$A$4:$G$801,MATCH($B17,COMPOS!$A$4:A$801,0),6)))) -> 0 | I17: =SUM(F17:H17) -> 2.842123 | J17: =+I17*E17 -> 320.44937
A18: COMPOS | B18: 302 | C18: =(IF($A18="SINAPI",INDEX(SINAPI_NOV2020_NDES!$A$7:$H$6703,MATCH($B18,SINAPI_NOV2020_NDES!$A$7:$A$6703,0),2),IF($A18="GOINFRA",INDEX(#REF!,MATCH($B18,#REF!,0),2),(INDEX(COMPOS!$A$4:$G$390,MATCH($B18,COMPOS!$A$4:A$390,0),2))))) -> APILOAMENTO | D18: =(IF($A18="SINAPI",INDEX(SINAPI_NOV2020_NDES!$A$7:$H$6790,MATCH($B18,SINAPI_NOV2020_NDES!$A$7:$A$6790,0),3),(INDEX(COMPOS!$A$4:$G$5000,MATCH($B18,COMPOS!$A$4:$A$5000,0),3)))) -> M2 | E18: 112.75 | F18: =(IF($A18="SINAPI",INDEX(SINAPI_NOV2020_NDES!$A$7:$H$6703,MATCH($B18,SINAPI_NOV2020_NDES!$A$7:$A$6703,0),5),(INDEX(COMPOS!$A$4:$G$801,MATCH($B18,COMPOS!$A$4:A$801,0),4)))) -> 6.044 | G18: =(IF($A18="SINAPI",INDEX(SINAPI_NOV2020_NDES!$A$7:$H$6703,MATCH($B18,SINAPI_NOV2020_NDES!$A$7:$A$6703,0),6),(INDEX(COMPOS!$A$4:$G$801,MATCH($B18,COMPOS!$A$4:A$801,0),5)))) -> 0 | H18: =(IF($A18="SINAPI",INDEX(SINAPI_NOV2020_NDES!$A$7:$H$6703,MATCH($B18,SINAPI_NOV2020_NDES!$A$7:$A$6703,0),7),(INDEX(COMPOS!$A$4:$G$801,MATCH($B18,COMPOS!$A$4:A$801,0),6)))) -> 0 | I18: =SUM(F18:H18) -> 6.044 | J18: =+I18*E18 -> 681.461
A19: SUB-TOTAL | J19: =SUM(J17:J18) -> 1001.9104
B20: 169 | C20: INST. ELÉT./TELEFÔNICA/CABEAMENTO ESTRUTURADO
A21: SINAPI | B21: 91927 | C21: =(IF($A21="SINAPI",INDEX(SINAPI_NOV2020_NDES!$A$7:$H$6703,MATCH($B21,SINAPI_NOV2020_NDES!$A$7:$A$6703,0),2),IF($A21="GOINFRA",INDEX(#REF!,MATCH($B21,#REF!,0),2),(INDEX(COMPOS!$A$4:$G$390,MATCH($B21,COMPOS!$A$4:A$390,0),2))))) -> CABO DE COBRE FLEXÍVEL ISOLADO, 2,5 MM², ANTI-CHAMA 0,6/1,0 KV, PARA CIRCUITOS TERMINAIS - FORNECIMENTO E INSTALAÇÃO. AF_12/2015 | D21: =(IF($A21="SINAPI",INDEX(SINAPI_NOV2020_NDES!$A$7:$H$6790,MATCH($B21,SINAPI_NOV2020_NDES!$A$7:$A$6790,0),3),(INDEX(COMPOS!$A$4:$G$5000,MATCH($B21,COMPOS!$A$4:$A$5000,0),3)))) -> M | E21: 787.18 | F21: =(IF($A21="SINAPI",INDEX(SINAPI_NOV2020_NDES!$A$7:$H$6703,MATCH($B21,SINAPI_NOV2020_NDES!$A$7:$A$6703,0),5),(INDEX(COMPOS!$A$4:$G$801,MATCH($B21,COMPOS!$A$4:A$801,0),4)))) -> 0.88 | G21: =(IF($A21="SINAPI",INDEX(SINAPI_NOV2020_NDES!$A$7:$H$6703,MATCH($B21,SINAPI_NOV2020_NDES!$A$7:$A$6703,0),6),(INDEX(COMPOS!$A$4:$G$801,MATCH($B21,COMPOS!$A$4:A$801,0),5)))) -> 2.68 | H21: =(IF($A21="SINAPI",INDEX(SINAPI_NOV2020_NDES!$A$7:$H$6703,MATCH($B21,SINAPI_NOV2020_NDES!$A$7:$A$6703,0),7),(INDEX(COMPOS!$A$4:$G$801,MATCH($B21,COMPOS!$A$4:A$801,0),6)))) -> 0 | I21: =SUM(F21:H21) -> 3.56 | J21: =+I21*E21 -> 2802.3608
A22: SINAPI | B22: 91929 | C22: =(IF($A22="SINAPI",INDEX(SINAPI_NOV2020_NDES!$A$7:$H$6703,MATCH($B22,SINAPI_NOV2020_NDES!$A$7:$A$6703,0),2),IF($A22="GOINFRA",INDEX(#REF!,MATCH($B22,#REF!,0),2),(INDEX(COMPOS!$A$4:$G$390,MATCH($B22,COMPOS!$A$4:A$390,0),2))))) -> CABO DE COBRE FLEXÍVEL ISOLADO, 4 MM², ANTI-CHAMA 0,6/1,0 KV, PARA CIRCUITOS TERMINAIS - FORNECIMENTO E INSTALAÇÃO. AF_12/2015 | D22: =(IF($A22="SINAPI",INDEX(SINAPI_NOV2020_NDES!$A$7:$H$6790,MATCH($B22,SINAPI_NOV2020_NDES!$A$7:$A$6790,0),3),(INDEX(COMPOS!$A$4:$G$5000,MATCH($B22,COMPOS!$A$4:$A$5000,0),3)))) -> M | E22: 57.23 | F22: =(IF($A22="SINAPI",INDEX(SINAPI_NOV2020_NDES!$A$7:$H$6703,MATCH($B22,SINAPI_NOV2020_NDES!$A$7:$A$6703,0),5),(INDEX(COMPOS!$A$4:$G$801,MATCH($B22,COMPOS!$A$4:A$801,0),4)))) -> 1.17 | G22: =(IF($A22="SINAPI",INDEX(SINAPI_NOV2020_NDES!$A$7:$H$6703,MATCH($B22,SINAPI_NOV2020_NDES!$A$7:$A$6703,0),6),(INDEX(COMPOS!$A$4:$G$801,MATCH($B22,COMPOS!$A$4:A$801,0),5)))) -> 3.8 | H22: =(IF($A22="SINAPI",INDEX(SINAPI_NOV2020_NDES!$A$7:$H$6703,MATCH($B22,SINAPI_NOV2020_NDES!$A$7:$A$6703,0),7),(INDEX(COMPOS!$A$4:$G$801,MATCH($B22,COMPOS!$A$4:A$801,0),6)))) -> 0 | I22: =SUM(F22:H22) -> 4.97 | J22: =+I22*E22 -> 284.4331
A23: SINAPI | B23: 92871 | C23: =(IF($A23="SINAPI",INDEX(SINAPI_NOV2020_NDES!$A$7:$H$6703,MATCH($B23,SINAPI_NOV2020_NDES!$A$7:$A$6703,0),2),IF($A23="GOINFRA",INDEX(#REF!,MATCH($B23,#REF!,0),2),(INDEX(COMPOS!$A$4:$G$390,MATCH($B23,COMPOS!$A$4:A$390,0),2))))) -> CAIXA RETANGULAR 4" X 4" MÉDIA (1,30 M DO PISO), METÁLICA, INSTALADA EM PAREDE - FORNECIMENTO E INSTALAÇÃO. AF_12/2015 | D23: =(IF($A23="SINAPI",INDEX(SINAPI_NOV2020_NDES!$A$7:$H$6790,MATCH($B23,SINAPI_NOV2020_NDES!$A$7:$A$6790,0),3),(INDEX(COMPOS!$A$4:$G$5000,MATCH($B23,COMPOS!$A$4:$A$5000,0),3)))) -> UN | E23: 2 | F23: =(IF($A23="SINAPI",INDEX(SINAPI_NOV2020_NDES!$A$7:$H$6703,MATCH($B23,SINAPI_NOV2020_NDES!$A$7:$A$6703,0),5),(INDEX(COMPOS!$A$4:$G$801,MATCH($B23,COMPOS!$A$4:A$801,0),4)))) -> 8.5 | G23: =(IF($A23="SINAPI",INDEX(SINAPI_NOV2020_NDES!$A$7:$H$6703,MATCH($B23,SINAPI_NOV2020_NDES!$A$7:$A$6703,0),6),(INDEX(COMPOS!$A$4:$G$801,MATCH($B23,COMPOS!$A$4:A$801,0),5)))) -> 5.87 | H23: =(IF($A23="SINAPI",INDEX(SINAPI_NOV2020_NDES!$A$7:$H$6703,MATCH($B23,SINAPI_NOV2020_NDES!$A$7:$A$6703,0),7),(INDEX(COMPOS!$A$4:$G$801,MATCH($B23,COMPOS!$A$4:A$801,0),6)))) -> 0 | I23: =SUM(F23:H23) -> 14.37 | J23: =+I23*E23 -> 28.74
A24: SINAPI | B24: 93657 | C24: =(IF($A24="SINAPI",INDEX(SINAPI_NOV2020_NDES!$A$7:$H$6703,MATCH($B24,SINAPI_NOV2020_NDES!$A$7:$A$6703,0),2),IF($A24="GOINFRA",INDEX(#REF!,MATCH($B24,#REF!,0),2),(INDEX(COMPOS!$A$4:$G$390,MATCH($B24,COMPOS!$A$4:A$390,0),2))))) -> DISJUNTOR MONOPOLAR TIPO DIN, CORRENTE NOMINAL DE 32A - FORNECIMENTO E INSTALAÇÃO. AF_10/2020 | D24: =(IF($A24="SINAPI",INDEX(SINAPI_NOV2020_NDES!$A$7:$H$6790,MATCH($B24,SINAPI_NOV2020_NDES!$A$7:$A$6790,0),3),(INDEX(COMPOS!$A$4:$G$5000,MATCH($B24,COMPOS!$A$4:$A$5000,0),3)))) -> UN | E24: 38 | F24: =(IF($A24="SINAPI",INDEX(SINAPI_NOV2020_NDES!$A$7:$H$6703,MATCH($B24,SINAPI_NOV2020_NDES!$A$7:$A$6703,0),5),(INDEX(COMPOS!$A$4:$G$801,MATCH($B24,COMPOS!$A$4:A$801,0),4)))) -> 2.67 | G24: =(IF($A24="SINAPI",INDEX(SINAPI_NOV2020_NDES!$A$7:$H$6703,MATCH($B24,SINAPI_NOV2020_NDES!$A$7:$A$6703,0),6),(INDEX(COMPOS!$A$4:$G$801,MATCH($B24,COMPOS!$A$4:A$801,0),5)))) -> 10.13 | H24: =(IF($A24="SINAPI",INDEX(SINAPI_NOV2020_NDES!$A$7:$H$6703,MATCH($B24,SINAPI_NOV2020_NDES!$A$7:$A$6703,0),7),(INDEX(COMPOS!$A$4:$G$801,MATCH($B24,COMPOS!$A$4:A$801,0),6)))) -> 0 | I24: =SUM(F24:H24) -> 12.8 | J24: =+I24*E24 -> 486.4
A25: SINAPI | B25: 101894 | C25: =(IF($A25="SINAPI",INDEX(SINAPI_NOV2020_NDES!$A$7:$H$6703,MATCH($B25,SINAPI_NOV2020_NDES!$A$7:$A$6703,0),2),IF($A25="GOINFRA",INDEX(#REF!,MATCH($B25,#REF!,0),2),(INDEX(COMPOS!$A$4:$G$390,MATCH($B25,COMPOS!$A$4:A$390,0),2))))) -> DISJUNTOR TRIPOLAR TIPO NEMA, CORRENTE NOMINAL DE 60 ATÉ 100A - FORNECIMENTO E INSTALAÇÃO. AF_10/2020 | D25: =(IF($A25="SINAPI",INDEX(SINAPI_NOV2020_NDES!$A$7:$H$6790,MATCH($B25,SINAPI_NOV2020_NDES!$A$7:$A$6790,0),3),(INDEX(COMPOS!$A$4:$G$5000,MATCH($B25,COMPOS!$A$4:$A$5000,0),3)))) -> UN | E25: 1 | F25: =(IF($A25="SINAPI",INDEX(SINAPI_NOV2020_NDES!$A$7:$H$6703,MATCH($B25,SINAPI_NOV2020_NDES!$A$7:$A$6703,0),5),(INDEX(COMPOS!$A$4:$G$801,MATCH($B25,COMPOS!$A$4:A$801,0),4)))) -> 23.06 | G25: =(IF($A25="SINAPI",INDEX(SINAPI_NOV2020_NDES!$A$7:$H$6703,MATCH($B25,SINAPI_NOV2020_NDES!$A$7:$A$6703,0),6),(INDEX(COMPOS!$A$4:$G$801,MATCH($B25,COMPOS!$A$4:A$801,0),5)))) -> 114.94 | H25: =(IF($A25="SINAPI",INDEX(SINAPI_NOV2020_NDES!$A$7:$H$6703,MATCH($B25,SINAPI_NOV2020_NDES!$A$7:$A$6703,0),7),(INDEX(COMPOS!$A$4:$G$801,MATCH($B25,COMPOS!$A$4:A$801,0),6)))) -> 0 | I25: =SUM(F25:H25) -> 138 | J25: =+I25*E25 -> 138
A26: SINAPI | B26: 91955 | C26: =(IF($A26="SINAPI",INDEX(SINAPI_NOV2020_NDES!$A$7:$H$6703,MATCH($B26,SINAPI_NOV2020_NDES!$A$7:$A$6703,0),2),IF($A26="GOINFRA",INDEX(#REF!,MATCH($B26,#REF!,0),2),(INDEX(COMPOS!$A$4:$G$390,MATCH($B26,COMPOS!$A$4:A$390,0),2))))) -> INTERRUPTOR PARALELO (1 MÓDULO), 10A/250V, INCLUINDO SUPORTE E PLACA - FORNECIMENTO E INSTALAÇÃO. AF_12/2015 | D26: =(IF($A26="SINAPI",INDEX(SINAPI_NOV2020_NDES!$A$7:$H$6790,MATCH($B26,SINAPI_NOV2020_NDES!$A$7:$A$6790,0),3),(INDEX(COMPOS!$A$4:$G$5000,MATCH($B26,COMPOS!$A$4:$A$5000,0),3)))) -> UN | E26: 4 | F26: =(IF($A26="SINAPI",INDEX(SINAPI_NOV2020_NDES!$A$7:$H$6703,MATCH($B26,SINAPI_NOV2020_NDES!$A$7:$A$6703,0),5),(INDEX(COMPOS!$A$4:$G$801,MATCH($B26,COMPOS!$A$4:A$801,0),4)))) -> 11.24 | G26: =(IF($A26="SINAPI",INDEX(SINAPI_NOV2020_NDES!$A$7:$H$6703,MATCH($B26,SINAPI_NOV2020_NDES!$A$7:$A$6703,0),6),(INDEX(COMPOS!$A$4:$G$801,MATCH($B26,COMPOS!$A$4:A$801,0),5)))) -> 11.47 | H26: =(IF($A26="SINAPI",INDEX(SINAPI_NOV2020_NDES!$A$7:$H$6703,MATCH($B26,SINAPI_NOV2020_NDES!$A$7:$A$6703,0),7),(INDEX(COMPOS!$A$4:$G$801,MATCH($B26,COMPOS!$A$4:A$801,0),6)))) -> 0 | I26: =SUM(F26:H26) -> 22.71 | J26: =+I26*E26 -> 90.84
A27: SINAPI | B27: 91953 | C27: =(IF($A27="SINAPI",INDEX(SINAPI_NOV2020_NDES!$A$7:$H$6703,MATCH($B27,SINAPI_NOV2020_NDES!$A$7:$A$6703,0),2),IF($A27="GOINFRA",INDEX(#REF!,MATCH($B27,#REF!,0),2),(INDEX(COMPOS!$A$4:$G$390,MATCH($B27,COMPOS!$A$4:A$390,0),2))))) -> INTERRUPTOR SIMPLES (1 MÓDULO), 10A/250V, INCLUINDO SUPORTE E PLACA - FORNECIMENTO E INSTALAÇÃO. AF_12/2015 | D27: =(IF($A27="SINAPI",INDEX(SINAPI_NOV2020_NDES!$A$7:$H$6790,MATCH($B27,SINAPI_NOV2020_NDES!$A$7:$A$6790,0),3),(INDEX(COMPOS!$A$4:$G$5000,MATCH($B27,COMPOS!$A$4:$A$5000,0),3)))) -> UN | E27: 9 | F27: =(IF($A27="SINAPI",INDEX(SINAPI_NOV2020_NDES!$A$7:$H$6703,MATCH($B27,SINAPI_NOV2020_NDES!$A$7:$A$6703,0),5),(INDEX(COMPOS!$A$4:$G$801,MATCH($B27,COMPOS!$A$4:A$801,0),4)))) -> 8.79 | G27: =(IF($A27="SINAPI",INDEX(SINAPI_NOV2020_NDES!$A$7:$H$6703,MATCH($B27,SINAPI_NOV2020_NDES!$A$7:$A$6703,0),6),(INDEX(COMPOS!$A$4:$G$801,MATCH($B27,COMPOS!$A$4:A$801,0),5)))) -> 9.45 | H27: =(IF($A27="SINAPI",INDEX(SINAPI_NOV2020_NDES!$A$7:$H$6703,MATCH($B27,SINAPI_NOV2020_NDES!$A$7:$A$6703,0),7),(INDEX(COMPOS!$A$4:$G$801,MATCH($B27,COMPOS!$A$4:A$801,0),6)))) -> 0 | I27: =SUM(F27:H27) -> 18.24 | J27: =+I27*E27 -> 164.16
A28: SINAPI | B28: 91959 | C28: =(IF($A28="SINAPI",INDEX(SINAPI_NOV2020_NDES!$A$7:$H$6703,MATCH($B28,SINAPI_NOV2020_NDES!$A$7:$A$6703,0),2),IF($A28="GOINFRA",INDEX(#REF!,MATCH($B28,#REF!,0),2),(INDEX(COMPOS!$A$4:$G$390,MATCH($B28,COMPOS!$A$4:A$390,0),2))))) -> INTERRUPTOR SIMPLES (2 MÓDULOS), 10A/250V, INCLUINDO SUPORTE E PLACA - FORNECIMENTO E INSTALAÇÃO. AF_12/2015 | D28: =(IF($A28="SINAPI",INDEX(SINAPI_NOV2020_NDES!$A$7:$H$6790,MATCH($B28,SINAPI_NOV2020_NDES!$A$7:$A$6790,0),3),(INDEX(COMPOS!$A$4:$G$5000,MATCH($B28,COMPOS!$A$4:$A$5000,0),3)))) -> UN | E28: 5 | F28: =(IF($A28="SINAPI",INDEX(SINAPI_NOV2020_NDES!$A$7:$H$6703,MATCH($B28,SINAPI_NOV2020_NDES!$A$7:$A$6703,0),5),(INDEX(COMPOS!$A$4:$G$801,MATCH($B28,COMPOS!$A$4:A$801,0),4)))) -> 13.65 | G28: =(IF($A28="SINAPI",INDEX(SINAPI_NOV2020_NDES!$A$7:$H$6703,MATCH($B28,SINAPI_NOV2020_NDES!$A$7:$A$6703,0),6),(INDEX(COMPOS!$A$4:$G$801,MATCH($B28,COMPOS!$A$4:A$801,0),5)))) -> 15.13 | H28: =(IF($A28="SINAPI",INDEX(SINAPI_NOV2020_NDES!$A$7:$H$6703,MATCH($B28,SINAPI_NOV2020_NDES!$A$7:$A$6703,0),7),(INDEX(COMPOS!$A$4:$G$801,MATCH($B28,COMPOS!$A$4:A$801,0),6)))) -> 0 | I28: =SUM(F28:H28) -> 28.78 | J28: =+I28*E28 -> 143.9
A29: COMPOS | B29: 724 | C29: =(IF($A29="SINAPI",INDEX(SINAPI_NOV2020_NDES!$A$7:$H$6703,MATCH($B29,SINAPI_NOV2020_NDES!$A$7:$A$6703,0),2),IF($A29="GOINFRA",INDEX(#REF!,MATCH($B29,#REF!,0),2),(INDEX(COMPOS!$A$4:$G$390,MATCH($B29,COMPOS!$A$4:A$390,0),2))))) -> INTERRUPTOR DIFERENCIAL RESIDUAL (D.R.) TETRAPOLAR DE 40A-30mA | D29: =(IF($A29="SINAPI",INDEX(SINAPI_NOV2020_NDES!$A$7:$H$6790,MATCH($B29,SINAPI_NOV2020_NDES!$A$7:$A$6790,0),3),(INDEX(COMPOS!$A$4:$G$5000,MATCH($B29,COMPOS!$A$4:$A$5000,0),3)))) -> UN | E29: 3 | F29: =(IF($A29="SINAPI",INDEX(SINAPI_NOV2020_NDES!$A$7:$H$6703,MATCH($B29,SINAPI_NOV2020_NDES!$A$7:$A$6703,0),5),(INDEX(COMPOS!$A$4:$G$801,MATCH($B29,COMPOS!$A$4:A$801,0),4)))) -> 38.63 | G29: =(IF($A29="SINAPI",INDEX(SINAPI_NOV2020_NDES!$A$7:$H$6703,MATCH($B29,SINAPI_NOV2020_NDES!$A$7:$A$6703,0),6),(INDEX(COMPOS!$A$4:$G$801,MATCH($B29,COMPOS!$A$4:A$801,0),5)))) -> 147.75 | H29: =(IF($A29="SINAPI",INDEX(SINAPI_NOV2020_NDES!$A$7:$H$6703,MATCH($B29,SINAPI_NOV2020_NDES!$A$7:$A$6703,0),7),(INDEX(COMPOS!$A$4:$G$801,MATCH($B29,COMPOS!$A$4:A$801,0),6)))) -> 0 | I29: =SUM(F29:H29) -> 186.38 | J29: =+I29*E29 -> 559.14
